Workbook

Sheet COUT GLOBAL
A1: N° Programme | B1: Libellé Programme | C1: Année mise en location | D1: Nb lgts Total | E1: Surface Habitable | F1: Surface Utile | G1: Type | H1: Agence | I1: Type opération | J1: Libellé Compte | K1: Nature dépenses | L1: Coût global | M1: Prix de revient actualisé | N1: Montant de subvention | O1: Montant emprunt + FP
A2: 784 | B2: CONNERRE RUE BEAUFILS | C2: 2010 | D2: 3 | E2: 221.68 | F2: 246.5 | G2: I/C | H2: 3 | I2: Acquisition | J2: TERRAINS | K2: ACQUISITIONS FONCIERES | L2: 26000 | M2: 512084.19 | N2: Sévrine BLOT | O2: Sévrine BLOT
A3: 784 | B3: CONNERRE RUE BEAUFILS | C3: 2010 | G3: I/C | H3: 3 | I3: Acquisition | J3: IMMEUB.DE RAPP. | K3: CONSTRUCTION | L3: 440450.67
A4: 800 | B4: SAINT GERVAIS EN BELIN | C4: 2010 | D4: 6 | E4: 479 | F4: 508.61 | G4: IND | H4: 3 | I4: Locatif | J4: TERRAINS | K4: ACQUISITIONS FONCIERES | L4: 37 | M4: 696749.3
A5: 800 | B5: SAINT GERVAIS EN BELIN | C5: 2010 | G5: IND | H5: 3 | I5: Locatif | J5: IMMEUB.DE RAPP. | K5: CONSTRUCTION | L5: 628017.19
A6: 803 | B6: NOYEN SUR SARTHE LES JARDINS D | C6: 2010 | D6: 14 | E6: 921.39 | F6: 964.27 | G6: I/INT | H6: 6 | I6: Locatif | J6: TERRAINS | K6: ACQUISITIONS FONCIERES | L6: 1280 | M6: 1358820.9
A7: 803 | B7: NOYEN SUR SARTHE LES JARDINS D | C7: 2010 | G7: I/INT | H7: 6 | I7: Locatif | J7: IMMEUB.DE RAPP. | K7: CONSTRUCTION | L7: 1242725.9
A8: 804 | B8: LHOMME LOT.L'AIGUILLE | C8: 2010 | D8: 7 | E8: 525.02 | F8: 550.6 | G8: IND | H8: 3 | I8: Locatif | J8: TERRAINS | K8: ACQUISITIONS FONCIERES | L8: 786.66 | M8: 759142.1
A9: 804 | B9: LHOMME LOT.L'AIGUILLE | C9: 2010 | G9: IND | H9: 3 | I9: Locatif | J9: IMMEUB.DE RAPP. | K9: CONSTRUCTION | L9: 708052.75
A10: 855 | B10: SILLE LE GUILLAUME ROUTE DE PA | C10: 2010 | D10: 1 | E10: 129.53 | F10: 161.34 | G10: IND | H10: 2 | I10: Acquisition | J10: TERRAINS | K10: ACQUISITIONS FONCIERES | L10: 14400 | M10: 207296
A11: 855 | B11: SILLE LE GUILLAUME ROUTE DE PA | C11: 2010 | G11: IND | H11: 2 | I11: Acquisition | J11: IMMEUB.DE RAPP. | K11: CONSTRUCTION | L11: 192894.58
A12: 2502 | B12: MONTFORT LE GESNOIS RES DE LA | C12: 2010 | D12: 20 | E12: 1342.13 | F12: 1426.67 | G12: I/INT | H12: 1 | I12: Locatif | J12: TERRAINS | K12: ACQUISITIONS FONCIERES | L12: 650 | M12: 2133171.9
A13: 2502 | B13: MONTFORT LE GESNOIS RES DE LA | C13: 2010 | G13: I/INT | H13: 1 | I13: Locatif | J13: IMMEUB.DE RAPP. | K13: CONSTRUCTION | L13: 1938114.6
A14: 4112 | B14: BRULON RUES MORSE, GRAHAM BELL | C14: 2010 | D14: 5 | E14: 418.63 | F14: 433.96 | G14: IND | H14: 5 | I14: Locatif | J14: TERR OP/GR | K14: ACQUISITIONS FONCIERES | L14: 29460.59 | M14: 841750.72
A15: 4112 | B15: BRULON RUES MORSE, GRAHAM BELL | C15: 2010 | G15: IND | H15: 5 | I15: Locatif | J15: CONSTR.OP/GR | K15: CONSTRUCTION | L15: 601866.26
A16: 4112 | B16: BRULON RUES MORSE, GRAHAM BELL | C16: 2010 | G16: IND | H16: 5 | I16: Locatif | J16: HONOR.OP/GR | K16: CONSTRUCTION | L16: 46813.17
A17: 4112 | B17: BRULON RUES MORSE, GRAHAM BELL | C17: 2010 | G17: IND | H17: 5 | I17: Locatif | J17: FRAIS FINANC | K17: CONSTRUCTION | L17: 0
A18: 4112 | B18: BRULON RUES MORSE, GRAHAM BELL | C18: 2010 | G18: IND | H18: 5 | I18: Locatif | J18: FRAIS ANNEXES | K18: CONSTRUCTION | L18: 19659.21
A19: 4112 | B19: BRULON RUES MORSE, GRAHAM BELL | C19: 2010 | G19: IND | H19: 5 | I19: Locatif | J19: C.I. OP/GR | K19: CONSTRUCTION | L19: 25332.98
A20: 9792 | B20: ALLONNES LA BUJERIE | C20: 2010 | D20: 18 | E20: 1244.27 | F20: 1320.64 | G20: I/INT | H20: 4 | I20: Locatif | J20: TERRAINS | K20: ACQUISITIONS FONCIERES | L20: 115822.46 | M20: 1852855.2
A21: 9792 | B21: ALLONNES LA BUJERIE | C21: 2010 | G21: I/INT | H21: 4 | I21: Locatif | J21: IMMEUB.DE RAPP. | K21: CONSTRUCTION | L21: 1564166.2
A22: 802 | B22: BAZOUGES SUR LE LOIR RUE DU RU | C22: 2011 | D22: 8 | E22: 601.2 | F22: 626.93 | G22: IND | H22: 6 | I22: Locatif | J22: TERRAINS | K22: ACQUISITIONS FONCIERES | L22: 2508.09 | M22: 957600.2
A23: 802 | B23: BAZOUGES SUR LE LOIR RUE DU RU | C23: 2011 | G23: IND | H23: 6 | I23: Locatif | J23: IMMEUB.DE RAPP. | K23: CONSTRUCTION | L23: 788708.81
A24: 810 | B24: MONTBIZOT LES HOTELLERIES | C24: 2011 | D24: 11 | E24: 811.02 | F24: 855 | G24: IND | H24: 2 | I24: Locatif | J24: TERRAINS | K24: ACQUISITIONS FONCIERES | L24: 553 | M24: 1213168.2
A25: 810 | B25: MONTBIZOT LES HOTELLERIES | C25: 2011 | G25: IND | H25: 2 | I25: Locatif | J25: IMMEUB.DE RAPP. | K25: CONSTRUCTION | L25: 1120231.3
A26: 812 | B26: LA FRESNAYE SUR CHEDOUET RESID | C26: 2011 | D26: 4 | E26: 296.4 | F26: 323.88 | G26: IND | H26: 2 | I26: Locatif | J26: TERRAINS | K26: ACQUISITIONS FONCIERES | L26: 1188.04 | M26: 436672.95
A27: 812 | B27: LA FRESNAYE SUR CHEDOUET RESID | C27: 2011 | G27: IND | H27: 2 | I27: Locatif | J27: IMMEUB.DE RAPP. | K27: CONSTRUCTION | L27: 407948.2
A28: 814 | B28: SAINT GEORGES DU BOIS ALLEE DE | C28: 2011 | D28: 20 | E28: 1588.17 | F28: 1664 | G28: IND | H28: 4 | I28: Accession | J28: TERR OP/GR | K28: ACQUISITIONS FONCIERES | L28: 355569.08 | M28: 3107478.3
A29: 814 | B29: SAINT GEORGES DU BOIS ALLEE DE | C29: 2011 | G29: IND | H29: 4 | I29: Accession | J29: CONSTR.OP/GR | K29: CONSTRUCTION | L29: 1738454.8
A30: 814 | B30: SAINT GEORGES DU BOIS ALLEE DE | C30: 2011 | G30: IND | H30: 4 | I30: Accession | J30: HONOR.OP/GR | K30: CONSTRUCTION | L30: 157375.01
A31: 814 | B31: SAINT GEORGES DU BOIS ALLEE DE | C31: 2011 | G31: IND | H31: 4 | I31: Accession | J31: FRAIS FINANC | K31: CONSTRUCTION | L31: 97693.26
A32: 814 | B32: SAINT GEORGES DU BOIS ALLEE DE | C32: 2011 | G32: IND | H32: 4 | I32: Accession | J32: IMPOTS TAXES | K32: CONSTRUCTION | L32: 5281
A33: 814 | B33: SAINT GEORGES DU BOIS ALLEE DE | C33: 2011 | G33: IND | H33: 4 | I33: Accession | J33: FRAIS PUB. | K33: CONSTRUCTION | L33: 0
A34: 814 | B34: SAINT GEORGES DU BOIS ALLEE DE | C34: 2011 | G34: IND | H34: 4 | I34: Accession | J34: FRAIS ANNEXES | K34: CONSTRUCTION | L34: 34403.89
A35: 814 | B35: SAINT GEORGES DU BOIS ALLEE DE | C35: 2011 | G35: IND | H35: 4 | I35: Accession | J35: C.I. OP/GR | K35: CONSTRUCTION | L35: 142241.5
A36: 819 | B36: CONNERRE COUR LYAUTEY | C36: 2011 | D36: 12 | E36: 932.53 | F36: 957.48 | G36: I/INT | H36: 3 | I36: Locatif | J36: TERRAINS | K36: ACQUISITIONS FONCIERES | L36: 1800 | M36: 1358495
A37: 819 | B37: CONNERRE COUR LYAUTEY | C37: 2011 | G37: I/INT | H37: 3 | I37: Locatif | J37: IMMEUB.DE RAPP. | K37: CONSTRUCTION | L37: 1214651.6
A38: 833 | B38: ROUILLON RUE DES VAUGEONNIERES | C38: 2011 | D38: 8 | E38: 575.82 | F38: 618.36 | G38: IND | H38: 4 | I38: Locatif | J38: TERRAINS | K38: ACQUISITIONS FONCIERES | L38: 93102.02 | M38: 984078.36
A39: 833 | B39: ROUILLON RUE DES VAUGEONNIERES | C39: 2011 | G39: IND | H39: 4 | I39: Locatif | J39: IMMEUB.DE RAPP. | K39: CONSTRUCTION | L39: 839768.82
A40: 873 | B40: LA FLECHE (ST GERMAIN DU VAL) | C40: 2011 | D40: 1 | E40: 114.92 | F40: 126.86 | G40: IND | H40: 6 | I40: Acquisition | J40: TERRAINS | K40: ACQUISITIONS FONCIERES | L40: 30000 | M40: 148570.32
A41: 873 | B41: LA FLECHE (ST GERMAIN DU VAL) | C41: 2011 | G41: IND | H41: 6 | I41: Acquisition | J41: IMMEUB.DE RAPP. | K41: CONSTRUCTION | L41: 116529.26
A42: 4109 | B42: YVRE LE POLIN RUE DES POMMIERS | C42: 2011 | D42: 6 | E42: 474.32 | F42: 523.52 | G42: IND | H42: 6 | I42: Locatif | J42: TERR OP/GR | K42: ACQUISITIONS FONCIERES | L42: 96435.06 | M42: 832728.98
A43: 4109 | B43: YVRE LE POLIN RUE DES POMMIERS | C43: 2011 | G43: IND | H43: 6 | I43: Locatif | J43: CONSTR.OP/GR | K43: CONSTRUCTION | L43: 595390.52
A44: 4109 | B44: YVRE LE POLIN RUE DES POMMIERS | C44: 2011 | G44: IND | H44: 6 | I44: Locatif | J44: HONOR.OP/GR | K44: CONSTRUCTION | L44: 45734.59
A45: 4109 | B45: YVRE LE POLIN RUE DES POMMIERS | C45: 2011 | G45: IND | H45: 6 | I45: Locatif | J45: FRAIS FINANC | K45: CONSTRUCTION | L45: 0
A46: 4109 | B46: YVRE LE POLIN RUE DES POMMIERS | C46: 2011 | G46: IND | H46: 6 | I46: Locatif | J46: IMPOTS TAXES | K46: CONSTRUCTION | L46: 2003
A47: 4109 | B47: YVRE LE POLIN RUE DES POMMIERS | C47: 2011 | G47: IND | H47: 6 | I47: Locatif | J47: FRAIS PUB. | K47: CONSTRUCTION | L47: 0
A48: 4109 | B48: YVRE LE POLIN RUE DES POMMIERS | C48: 2011 | G48: IND | H48: 6 | I48: Locatif | J48: FRAIS ANNEXES | K48: CONSTRUCTION | L48: 13353.41
A49: 4109 | B49: YVRE LE POLIN RUE DES POMMIERS | C49: 2011 | G49: IND | H49: 6 | I49: Locatif | J49: C.I. OP/GR | K49: CONSTRUCTION | L49: 21359.63
A50: 4111 | B50: MARIGNE LAILLE ALLEE DES PIERR | C50: 2011 | D50: 4 | E50: 319.91 | F50: 332.23 | G50: IND | H50: 3 | I50: Locatif | J50: TERRAINS | K50: ACQUISITIONS FONCIERES | L50: 22039.69 | M50: 525464.18
A51: 4111 | B51: MARIGNE LAILLE ALLEE DES PIERR | C51: 2011 | G51: IND | H51: 3 | I51: Locatif | J51: IMMEUB.DE RAPP. | K51: CONSTRUCTION | L51: 458152.35
A52: 768 | B52: CHAMPAGNE RUE DES MARAICHERS | C52: 2012 | D52: 14 | E52: 1174.27 | F52: 1225.98 | G52: IND | H52: 1 | I52: Locatif | J52: TERRAINS | K52: ACQUISITIONS FONCIERES | L52: 45500 | M52: 1794019
A53: 768 | B53: CHAMPAGNE RUE DES MARAICHERS | C53: 2012 | G53: IND | H53: 1 | I53: Locatif | J53: IMMEUB,DE RAPP, | K53: CONSTRUCTION | L53: 1746461.9
A54: 828 | B54: SARGE LES LE MANS RUE PUITS LA | C54: 2012 | D54: 11 | E54: 864.07 | F54: 904.66 | G54: IND | H54: 1 | I54: Locatif | J54: TERRAINS | K54: ACQUISITIONS FONCIERES | L54: 103116.59 | M54: 1671409.8
A55: 828 | B55: SARGE LES LE MANS RUE PUITS LA | C55: 2012 | G55: IND | H55: 1 | I55: Locatif | J55: IMMEUB.DE RAPP. | K55: CONSTRUCTION | L55: 1329421.6
A56: 831 | B56: LA CHAPELLE SAINT AUBIN PLACE | C56: 2012 | D56: 7 | E56: 556.13 | F56: 600.79 | G56: IND | H56: 1 | I56: Locatif | J56: TERRAINS | K56: ACQUISITIONS FONCIERES | L56: 114300.23 | M56: 1003530.6
A57: 831 | B57: LA CHAPELLE SAINT AUBIN PLACE | C57: 2012 | G57: IND | H57: 1 | I57: Locatif | J57: IMMEUB.DE RAPP. | K57: CONSTRUCTION | L57: 813177.95
A58: 832 | B58: LA CHAPELLE ST AUBIN | C58: 2012 | D58: 6 | E58: 499.87 | F58: 538.15 | G58: IND | H58: 1 | I58: Locatif | J58: TERRAINS | K58: ACQUISITIONS FONCIERES | L58: 86705.22 | M58: 843291.88
A59: 832 | B59: LA CHAPELLE ST AUBIN | C59: 2012 | G59: IND | H59: 1 | I59: Locatif | J59: IMMEUB.DE RAPP. | K59: CONSTRUCTION | L59: 745476.57
A60: 834 | B60: PREVAL ALLEE DU PRESBYTERE | C60: 2012 | D60: 2 | E60: 120.57 | F60: 132.27 | G60: IND | H60: 3 | I60: Locatif | J60: TERRAINS | K60: ACQUISITIONS FONCIERES | L60: 0 | M60: 211313.78
A61: 834 | B61: PREVAL ALLEE DU PRESBYTERE | C61: 2012 | G61: IND | H61: 3 | I61: Locatif | J61: IMMEUB.DE RAPP. | K61: CONSTRUCTION | L61: 170764.25
A62: 834 | B62: PREVAL ALLEE DU PRESBYTERE | C62: 2012 | G62: IND | H62: 3 | I62: Locatif | J62: BAIL EMPHYT. | K62: ACQUISITIONS FONCIERES | L62: 4313.15
A63: 835 | B63: PREVAL RUE DU PERCHE | C63: 2012 | D63: 5 | E63: 359.46 | F63: 377.08 | G63: IND | H63: 3 | I63: Locatif | J63: TERRAINS | K63: ACQUISITIONS FONCIERES | L63: 4124.28 | M63: 570223.39
A64: 835 | B64: PREVAL RUE DU PERCHE | C64: 2012 | G64: IND | H64: 3 | I64: Locatif | J64: IMMEUB.DE RAPP. | K64: CONSTRUCTION | L64: 516189.74
A65: 839 | B65: SAINT PAVACE | C65: 2012 | D65: 14 | E65: 1103.84 | F65: 1164.08 | G65: IND | H65: 2 | I65: Locatif | J65: TERRAINS | K65: ACQUISITIONS FONCIERES | L65: 107947.13 | M65: 1894233.2
A66: 839 | B66: SAINT PAVACE | C66: 2012 | G66: IND | H66: 2 | I66: Locatif | J66: IMMEUB.DE RAPP. | K66: CONSTRUCTION | L66: 1534023.5
A67: 861 | B67: SAVIGNE L'EVEQUE LE BEGUINAGE | C67: 2012 | D67: 12 | E67: 951.94 | F67: 984.34 | G67: IND | H67: 1 | I67: Acquisition VEFA | J67: TERRAINS | K67: ACQUISITIONS FONCIERES | L67: 123770 | M67: 1888400.8
A68: 861 | B68: SAVIGNE L'EVEQUE LE BEGUINAGE | C68: 2012 | G68: IND | H68: 1 | I68: Acquisition VEFA | J68: IMMEUB.DE RAPP. | K68: CONSTRUCTION | L68: 1764391.2
A69: 868 | B69: LA CHAPELLE SAINT AUBIN RUE DE | C69: 2012 | D69: 8 | E69: 454.12 | F69: 467.87 | G69: COLL | H69: 1 | I69: Acquisition VEFA | J69: TERRAINS | K69: ACQUISITIONS FONCIERES | L69: 30000 | M69: 857864.22
A70: 868 | B70: LA CHAPELLE SAINT AUBIN RUE DE | C70: 2012 | G70: COLL | H70: 1 | I70: Acquisition VEFA | J70: IMMEUB.DE RAPP. | K70: CONSTRUCTION | L70: 834068.37
A71: 871 | B71: SAVIGNE L'EVEQUE LE BEGUINAGE | C71: 2012 | D71: 16 | E71: 953.93 | F71: 986.09 | G71: IND | H71: 1 | I71: Acquisition VEFA | J71: TERRAINS | K71: ACQUISITIONS FONCIERES | L71: 180800 | M71: 1960978.6
A72: 871 | B72: SAVIGNE L'EVEQUE LE BEGUINAGE | C72: 2012 | G72: IND | H72: 1 | I72: Acquisition VEFA | J72: IMMEUB.DE RAPP. | K72: CONSTRUCTION | L72: 1779865.1
A73: 880 | B73: LE MANS DOMAINE DE LA VALLEE S | C73: 2012 | D73: 38 | E73: 2640.49 | F73: 2754.13 | G73: COLL | H73: 1 | I73: Acquisition VEFA | J73: 2312B | K73: ACQUISITIONS FONCIERES | L73: 388000 | M73: 5388000
A74: 880 | B74: LE MANS DOMAINE DE LA VALLEE S | C74: 2012 | G74: COLL | H74: 1 | I74: Acquisition VEFA | J74: 23131B | K74: CONSTRUCTION | L74: 4525349.1
A75: 895 | B75: ALLONNES RUE PIERRE CURIE | C75: 2012 | D75: 1 | E75: 135.44 | F75: 170.04 | G75: IND | H75: 4 | I75: Acquisition | J75: TERRAINS | K75: ACQUISITIONS FONCIERES | L75: 32957 | M75: 234770
A76: 895 | B76: ALLONNES RUE PIERRE CURIE | C76: 2012 | G76: IND | H76: 4 | I76: Acquisition | J76: IMMEUB.DE RAPP. | K76: CONSTRUCTION | L76: 201274.56
A77: 4108 | B77: ALLONNES LA BUJERIE | C77: 2012 | D77: 10 | E77: 841.24 | F77: 0 | G77: IND | H77: 4 | I77: Accession | J77: TERR. OP/GR | K77: ACQUISITIONS FONCIERES | L77: 294422.67 | M77: 1303190.2
A78: 4108 | B78: ALLONNES LA BUJERIE | C78: 2012 | G78: IND | H78: 4 | I78: Accession | J78: CONSTR.OP/GR | K78: CONSTRUCTION | L78: 865270.62
A79: 4108 | B79: ALLONNES LA BUJERIE | C79: 2012 | G79: IND | H79: 4 | I79: Accession | J79: HONOR.OP/GR | K79: CONSTRUCTION | L79: 59977.95
A80: 4108 | B80: ALLONNES LA BUJERIE | C80: 2012 | G80: IND | H80: 4 | I80: Accession | J80: IMPOTS TAXES | K80: CONSTRUCTION | L80: 330.46
A81: 4108 | B81: ALLONNES LA BUJERIE | C81: 2012 | G81: IND | H81: 4 | I81: Accession | J81: FRAIS PUB. | K81: CONSTRUCTION | L81: 0
A82: 4108 | B82: ALLONNES LA BUJERIE | C82: 2012 | G82: IND | H82: 4 | I82: Accession | J82: FRAIS ANNEXES | K82: CONSTRUCTION | L82: 20056.09
A83: 4108 | B83: ALLONNES LA BUJERIE | C83: 2012 | G83: IND | H83: 4 | I83: Accession | J83: C.I. OP/GR | K83: CONSTRUCTION | L83: 63079.7
A84: 830 | B84: LA CHAPELLE SAINT AUBIN RUE DE | C84: 2013 | D84: 8 | E84: 698.13 | F84: 747.72 | G84: IND | H84: 1 | I84: Accession | J84: TERR OP/GR | K84: ACQUISITIONS FONCIERES | L84: 192538.05 | M84: 1465060.9
A85: 830 | B85: LA CHAPELLE SAINT AUBIN RUE DE | C85: 2013 | G85: IND | H85: 1 | I85: Accession | J85: CONSTR.OP/GR | K85: CONSTRUCTION | L85: 832715.52
A86: 830 | B86: LA CHAPELLE SAINT AUBIN RUE DE | C86: 2013 | G86: IND | H86: 1 | I86: Accession | J86: HONOR.OP/GR | K86: CONSTRUCTION | L86: 60508.94
A87: 830 | B87: LA CHAPELLE SAINT AUBIN RUE DE | C87: 2013 | G87: IND | H87: 1 | I87: Accession | J87: FRAIS FINANC | K87: CONSTRUCTION | L87: 58669.37
A88: 830 | B88: LA CHAPELLE SAINT AUBIN RUE DE | C88: 2013 | G88: IND | H88: 1 | I88: Accession | J88: IMPOTS TAXES | K88: CONSTRUCTION | L88: 3342.39
A89: 830 | B89: LA CHAPELLE SAINT AUBIN RUE DE | C89: 2013 | G89: IND | H89: 1 | I89: Accession | J89: FRAIS PUB. | K89: CONSTRUCTION | L89: 0
A90: 830 | B90: LA CHAPELLE SAINT AUBIN RUE DE | C90: 2013 | G90: IND | H90: 1 | I90: Accession | J90: FRAIS ANNEXES | K90: CONSTRUCTION | L90: 15888.9
A91: 830 | B91: LA CHAPELLE SAINT AUBIN RUE DE | C91: 2013 | G91: IND | H91: 1 | I91: Accession | J91: C.I. OP/GR | K91: CONSTRUCTION | L91: 58988.38
A92: 836 | B92: LA FLECHE CONST 29 LOGTS | C92: 2013 | D92: 29 | E92: 1949.36 | F92: 2076.85 | G92: INT | I92: Locatif | J92: TERRAINS | K92: ACQUISITIONS FONCIERES | L92: 1200 | M92: 3009208.4
A93: 836 | B93: LA FLECHE CONST 29 LOGTS | C93: 2013 | G93: INT | I93: Locatif | J93: IMMEUB.DE RAPP. | K93: CONSTRUCTION | L93: 2971523.2
A94: 838 | B94: SAINT SATURNIN | C94: 2013 | D94: 12 | E94: 916.61 | F94: 953.73 | G94: INT | I94: Locatif | J94: TERRAINS | K94: ACQUISITIONS FONCIERES | L94: 87894.71 | M94: 1437088.1
A95: 838 | B95: SAINT SATURNIN | C95: 2013 | G95: INT | I95: Locatif | J95: IMMEUB.DE RAPP. | K95: CONSTRUCTION | L95: 1268170.6
A96: 841 | B96: SAINT MARS LA BRIERE ALLEE DES | C96: 2013 | D96: 13 | E96: 869.19 | F96: 900.07 | G96: I/INT | H96: 1 | I96: Locatif | J96: TERRAINS | K96: ACQUISITIONS FONCIERES | L96: 27426.31 | M96: 1396208.4
A97: 841 | B97: SAINT MARS LA BRIERE ALLEE DES | C97: 2013 | G97: I/INT | H97: 1 | I97: Locatif | J97: IMMEUB.DE RAPP. | K97: CONSTRUCTION | L97: 1368782.1
A98: 849 | B98: ETIVAL LES LE MANS CONST. 9 LOGTS | C98: 2013 | D98: 10 | E98: 827 | F98: 879 | G98: IND | I98: Locatif | J98: TERRAINS | K98: ACQUISITIONS FONCIERES | L98: 2550 | M98: 2133169.6
A99: 849 | B99: ETIVAL LES LE MANS CONST. 9 LOGTS | C99: 2013 | G99: IND | I99: Locatif | J99: IMMEUB.DE RAPP. | K99: CONSTRUCTION | L99: 2158831.6
A100: 859 | B100: BALLON CONST 13 LOGTS | C100: 2013 | D100: 13 | E100: 875 | F100: 938 | G100: IND | I100: Locatif | J100: TERRAINS | K100: ACQUISITIONS FONCIERES | L100: 8530 | M100: 1494656.3
...

Sheet COUT TVX
A1: N° Programme | B1: Libellé Programme | C1: Année AO | D1: Année mise en location | E1: Nb lgts Total | F1: Surface Habitable | G1: Surface Utile | H1: Type | I1: Agence | J1: Type opération | K1: Marché/Lot | L1: Type travaux | M1: Montant lot | N1: Coût par lot par m2 SH | O1: Coût par lot par m2 SU | P1: Coût par lot par logement | Q1: Taux TVA | R1: Zone
A2: 800 | B2: SAINT GERVAIS EN BELIN | C2: 2009 | D2: 2010 | E2: 6 | F2: 479 | G2: 508.61 | H2: IND | I2: 3 | J2: Locatif | K2: LOT 01 - GROS OEUVRE RAVALEMEN | L2: GROS ŒUVRE | M2: 199499.41 | N2: 416.49146 | O2: 392.24437 | P2: 33249.902 | Q2: 0.055 | R2: Z3
A3: 800 | B3: SAINT GERVAIS EN BELIN | C3: 2009 | D3: 2010 | H3: IND | I3: 3 | J3: Locatif | K3: LOT 02 - CHARPENTE COUVERTURE | L3: CHARPENTE / COUVERTURE | M3: 76026.39 | N3: 158.71898 | O3: 149.47876 | P3: 12671.065 | R3: Z3
A4: 800 | B4: SAINT GERVAIS EN BELIN | C4: 2009 | D4: 2010 | H4: IND | I4: 3 | J4: Locatif | K4: LOT 03 - MENUISERIES EXT. PVC | L4: SECOND ŒUVRE | M4: 17996.09 | N4: 37.570125 | O4: 35.382887 | P4: 2999.3483 | R4: Z3
A5: 800 | B5: SAINT GERVAIS EN BELIN | C5: 2009 | D5: 2010 | H5: IND | I5: 3 | J5: Locatif | K5: LOT 04 - PLATRERIE - FAUX PLAF | L5: SECOND ŒUVRE | M5: 56433.49 | N5: 117.81522 | O5: 110.95631 | P5: 9405.5817 | R5: Z3
A6: 800 | B6: SAINT GERVAIS EN BELIN | C6: 2009 | D6: 2010 | H6: IND | I6: 3 | J6: Locatif | K6: LOT 06 - CARRELAGE - FAIENCE | L6: SECOND ŒUVRE | M6: 17930.69 | N6: 37.433591 | O6: 35.254301 | P6: 2988.4483 | R6: Z3
A7: 800 | B7: SAINT GERVAIS EN BELIN | C7: 2009 | D7: 2010 | H7: IND | I7: 3 | J7: Locatif | K7: LOT 07 - ELECTRICITE | L7: ELECTRICITE / CHAUFFAGE/PLOMBERIE/VMC | M7: 26329.71 | N7: 54.968079 | O7: 51.767975 | P7: 4388.285 | R7: Z3
A8: 800 | B8: SAINT GERVAIS EN BELIN | C8: 2009 | D8: 2010 | H8: IND | I8: 3 | J8: Locatif | K8: LOT 08 - PLOMB. SAN. CHAUF. VM | L8: ELECTRICITE / CHAUFFAGE/PLOMBERIE/VMC | M8: 50066.82 | N8: 104.52363 | O8: 98.438529 | P8: 8344.47 | R8: Z3
A9: 800 | B9: SAINT GERVAIS EN BELIN | C9: 2009 | D9: 2010 | H9: IND | I9: 3 | J9: Locatif | K9: LOT 09 - PEINTURE - REVTS MURA | L9: SECOND ŒUVRE | M9: 26152.7 | N9: 54.598539 | O9: 51.419948 | P9: 4358.7833 | R9: Z3
A10: 800 | B10: SAINT GERVAIS EN BELIN | C10: 2009 | D10: 2010 | H10: IND | I10: 3 | J10: Locatif | K10: LOT 10 - REVETS SOLS SOUPLES | L10: SECOND ŒUVRE | M10: 5823.2 | N10: 12.156994 | O10: 11.449244 | P10: 970.53333 | R10: Z3
A11: 800 | B11: SAINT GERVAIS EN BELIN | C11: 2009 | D11: 2010 | H11: IND | I11: 3 | J11: Locatif | K11: LOT 11 - ESPACES VERTS | L11: ESPACES VERTS | M11: 9607.82 | N11: 20.058079 | O11: 18.890348 | P11: 1601.3033 | R11: Z3
A12: 800 | B12: SAINT GERVAIS EN BELIN | C12: 2009 | D12: 2010 | H12: IND | I12: 3 | J12: Locatif | K12: LOT 05 - MENUISERIES INT. BOIS | L12: SECOND ŒUVRE | M12: 27118.19 | N12: 56.614175 | O12: 53.31824 | P12: 4519.6983 | R12: Z3
A13: 803 | B13: NOYEN SUR SARTHE LES JARDINS D | C13: 2009 | D13: 2010 | E13: 14 | F13: 921.39 | G13: 964.27 | H13: I/INT | I13: 6 | J13: Locatif | K13: LOT 02 - G.O - FONDAT° DALLAGE | L13: GROS ŒUVRE | M13: 128122.06 | N13: 139.05302 | O13: 132.86949 | P13: 9151.5757 | Q13: 0.055 | R13: Z3
A14: 803 | B14: NOYEN SUR SARTHE LES JARDINS D | C14: 2009 | D14: 2010 | H14: I/INT | I14: 6 | J14: Locatif | K14: LOT 01 - ESPACES VERTS - CLOT. | L14: ESPACES VERTS | M14: 9544.48 | N14: 10.358784 | O14: 9.8981406 | P14: 681.74857 | R14: Z3
A15: 803 | B15: NOYEN SUR SARTHE LES JARDINS D | C15: 2009 | D15: 2010 | H15: I/INT | I15: 6 | J15: Locatif | K15: LOT 03 - CHARP. OSSAT. BARDAGE | L15: CHARPENTE / COUVERTURE | M15: 352660.43 | N15: 382.74827 | O15: 365.72789 | P15: 25190.031 | R15: Z3
A16: 803 | B16: NOYEN SUR SARTHE LES JARDINS D | C16: 2009 | D16: 2010 | H16: I/INT | I16: 6 | J16: Locatif | K16: LOT 04 - COUV. TUILES BACS ACI | L16: CHARPENTE / COUVERTURE | M16: 116902.32 | N16: 126.87605 | O16: 121.23401 | P16: 8350.1657 | R16: Z3
A17: 803 | B17: NOYEN SUR SARTHE LES JARDINS D | C17: 2009 | D17: 2010 | H17: I/INT | I17: 6 | J17: Locatif | K17: LOT 05 - MEN. EXT PVC & METAL | L17: SECOND ŒUVRE | M17: 49116.96 | N17: 53.307459 | O17: 50.936937 | P17: 3508.3543 | R17: Z3
A18: 803 | B18: NOYEN SUR SARTHE LES JARDINS D | C18: 2009 | D18: 2010 | H18: I/INT | I18: 6 | J18: Locatif | K18: LOT 06 - SERRURERIE - MEN. BOI | L18: SECOND ŒUVRE | M18: 45983.85 | N18: 49.907043 | O18: 47.687733 | P18: 3284.5607 | R18: Z3
A19: 803 | B19: NOYEN SUR SARTHE LES JARDINS D | C19: 2009 | D19: 2010 | H19: I/INT | I19: 6 | J19: Locatif | K19: LOT 07 - PLATRERIE SECHE | L19: SECOND ŒUVRE | M19: 102769.42 | N19: 111.53737 | O19: 106.57743 | P19: 7340.6729 | R19: Z3
A20: 803 | B20: NOYEN SUR SARTHE LES JARDINS D | C20: 2009 | D20: 2010 | H20: I/INT | I20: 6 | J20: Locatif | K20: LOT 08 - CARRELAGE - FAIENCE | L20: SECOND ŒUVRE | M20: 33630.28 | N20: 36.499506 | O20: 34.876414 | P20: 2402.1629 | R20: Z3
A21: 803 | B21: NOYEN SUR SARTHE LES JARDINS D | C21: 2009 | D21: 2010 | H21: I/INT | I21: 6 | J21: Locatif | K21: LOT 9 - SOLS SOUPLES / PEINT. | L21: SECOND ŒUVRE | M21: 57158.15 | N21: 62.034698 | O21: 59.276084 | P21: 4082.725 | R21: Z3
A22: 803 | B22: NOYEN SUR SARTHE LES JARDINS D | C22: 2009 | D22: 2010 | H22: I/INT | I22: 6 | J22: Locatif | K22: LOT 10 - PLOMBERIE SANITAIRES | L22: ELECTRICITE / CHAUFFAGE/PLOMBERIE/VMC | M22: 48768 | N22: 52.928727 | O22: 50.575046 | P22: 3483.4286 | R22: Z3
A23: 803 | B23: NOYEN SUR SARTHE LES JARDINS D | C23: 2009 | D23: 2010 | H23: I/INT | I23: 6 | J23: Locatif | K23: LOT 11 - ELEC- CHAUFFAGE - VMC | L23: ELECTRICITE / CHAUFFAGE/PLOMBERIE/VMC | M23: 71779.28 | N23: 77.903255 | O23: 74.438985 | P23: 5127.0914 | R23: Z3
A24: 804 | B24: LHOMME LOT.L'AIGUILLE | C24: 2009 | D24: 2010 | E24: 7 | F24: 525.02 | G24: 550.6 | H24: IND | I24: 3 | J24: Locatif | K24: LOT 01 - GROS-OEUVRE | L24: GROS ŒUVRE | M24: 223377.5 | N24: 425.46474 | O24: 405.69833 | P24: 31911.071 | Q24: 0.055 | R24: Z3
A25: 804 | B25: LHOMME LOT.L'AIGUILLE | C25: 2009 | D25: 2010 | H25: IND | I25: 3 | J25: Locatif | K25: LOT 02 - CHARPENTE COUVERTURE | L25: CHARPENTE / COUVERTURE | M25: 103584.28 | N25: 197.29587 | O25: 188.12982 | P25: 14797.754 | R25: Z3
A26: 804 | B26: LHOMME LOT.L'AIGUILLE | C26: 2009 | D26: 2010 | H26: IND | I26: 3 | J26: Locatif | K26: LOT 03 - ETANCHEITE | L26: CHARPENTE / COUVERTURE | M26: 8878.05 | N26: 16.909927 | O26: 16.124319 | P26: 1268.2929 | R26: Z3
A27: 804 | B27: LHOMME LOT.L'AIGUILLE | C27: 2009 | D27: 2010 | H27: IND | I27: 3 | J27: Locatif | K27: LOT 04 - MENUISERIES PVC - ALU | L27: SECOND ŒUVRE | M27: 29403.78 | N27: 56.005066 | O27: 53.40316 | P27: 4200.54 | R27: Z3
A28: 804 | B28: LHOMME LOT.L'AIGUILLE | C28: 2009 | D28: 2010 | H28: IND | I28: 3 | J28: Locatif | K28: LOT 05 - MENUISERIES BOIS | L28: SECOND ŒUVRE | M28: 20237.23 | N28: 38.545636 | O28: 36.754867 | P28: 2891.0329 | R28: Z3
A29: 804 | B29: LHOMME LOT.L'AIGUILLE | C29: 2009 | D29: 2010 | H29: IND | I29: 3 | J29: Locatif | K29: LOT 06 - PLATRERIE SECHE - ISO | L29: SECOND ŒUVRE | M29: 66629.68 | N29: 126.90884 | O29: 121.01286 | P29: 9518.5257 | R29: Z3
A30: 804 | B30: LHOMME LOT.L'AIGUILLE | C30: 2009 | D30: 2010 | H30: IND | I30: 3 | J30: Locatif | K30: LOT 07 - ELEC. -CHAUF. ELEC - | L30: ELECTRICITE / CHAUFFAGE/PLOMBERIE/VMC | M30: 41434.06 | N30: 78.919013 | O30: 75.252561 | P30: 5919.1514 | R30: Z3
A31: 804 | B31: LHOMME LOT.L'AIGUILLE | C31: 2009 | D31: 2010 | H31: IND | I31: 3 | J31: Locatif | K31: LOT 08 - PLOMBERIE SANITAIRES | L31: ELECTRICITE / CHAUFFAGE/PLOMBERIE/VMC | M31: 32227.47 | N31: 61.383319 | O31: 58.531547 | P31: 4603.9243 | R31: Z3
A32: 804 | B32: LHOMME LOT.L'AIGUILLE | C32: 2009 | D32: 2010 | H32: IND | I32: 3 | J32: Locatif | K32: LOT 09 - CARRELAGE FAIENCE | L32: SECOND ŒUVRE | M32: 27350.19 | N32: 52.093615 | O32: 49.673429 | P32: 3907.17 | R32: Z3
A33: 804 | B33: LHOMME LOT.L'AIGUILLE | C33: 2009 | D33: 2010 | H33: IND | I33: 3 | J33: Locatif | K33: LOT 10 - SOLS MINCES - PEINTUR | L33: SECOND ŒUVRE | M33: 29397.45 | N33: 55.99301 | O33: 53.391664 | P33: 4199.6357 | R33: Z3
A34: 2502 | B34: MONTFORT LE GESNOIS RES DE LA | C34: 2009 | D34: 2010 | E34: 20 | F34: 1342.13 | G34: 1426.67 | H34: I/INT | I34: 1 | J34: Locatif | K34: LOT 01 - TERRAS. - G.O. - RAVA | L34: GROS ŒUVRE | M34: 713312.16 | N34: 531.4777 | O34: 499.98399 | P34: 35665.608 | Q34: 0.055 | R34: Z3
A35: 2502 | B35: MONTFORT LE GESNOIS RES DE LA | C35: 2009 | D35: 2010 | H35: I/INT | I35: 1 | J35: Locatif | K35: LOT 02 - CHARPENTE BOIS | L35: CHARPENTE / COUVERTURE | M35: 48779.88 | N35: 36.345123 | O35: 34.191425 | P35: 2438.994 | R35: Z3
A36: 2502 | B36: MONTFORT LE GESNOIS RES DE LA | C36: 2009 | D36: 2010 | H36: I/INT | I36: 1 | J36: Locatif | K36: LOT 03 - COUVERTURE TUILES | L36: CHARPENTE / COUVERTURE | M36: 119238.6 | N36: 88.84281 | O36: 83.578263 | P36: 5961.93 | R36: Z3
A37: 2502 | B37: MONTFORT LE GESNOIS RES DE LA | C37: 2009 | D37: 2010 | H37: I/INT | I37: 1 | J37: Locatif | K37: LOT 04 - MENUISERIES EXT. PVC | L37: SECOND ŒUVRE | M37: 89192.64 | N37: 66.456036 | O37: 62.51806 | P37: 4459.632 | R37: Z3
A38: 2502 | B38: MONTFORT LE GESNOIS RES DE LA | C38: 2009 | D38: 2010 | H38: I/INT | I38: 1 | J38: Locatif | K38: LOT 05 - SERRURERIE | L38: SECOND ŒUVRE | M38: 50699.36 | N38: 37.775297 | O38: 35.536852 | P38: 2534.968 | R38: Z3
A39: 2502 | B39: MONTFORT LE GESNOIS RES DE LA | C39: 2009 | D39: 2010 | H39: I/INT | I39: 1 | J39: Locatif | K39: LOT 06 - PLATRERIE - DOUBLAGES | L39: SECOND ŒUVRE | M39: 190535.36 | N39: 141.96491 | O39: 133.55251 | P39: 9526.768 | R39: Z3
A40: 2502 | B40: MONTFORT LE GESNOIS RES DE LA | C40: 2009 | D40: 2010 | H40: I/INT | I40: 1 | J40: Locatif | K40: LOT 07 - CARRELAGES FAIENCE | L40: SECOND ŒUVRE | M40: 41907.28 | N40: 31.224457 | O40: 29.374193 | P40: 2095.364 | R40: Z3
A41: 2502 | B41: MONTFORT LE GESNOIS RES DE LA | C41: 2009 | D41: 2010 | H41: I/INT | I41: 1 | J41: Locatif | K41: LOT 08 - PEINTURE SOLS SOUPLES | L41: SECOND ŒUVRE | M41: 82588.61 | N41: 61.535477 | O41: 57.889077 | P41: 4129.4305 | R41: Z3
A42: 2502 | B42: MONTFORT LE GESNOIS RES DE LA | C42: 2009 | D42: 2010 | H42: I/INT | I42: 1 | J42: Locatif | K42: LOT 09 - PLOMBERIE SANITAIRES | L42: ELECTRICITE / CHAUFFAGE/PLOMBERIE/VMC | M42: 154166.58 | N42: 114.8671 | O42: 108.06043 | P42: 7708.329 | R42: Z3
A43: 2502 | B43: MONTFORT LE GESNOIS RES DE LA | C43: 2009 | D43: 2010 | H43: I/INT | I43: 1 | J43: Locatif | K43: LOT 10 - ELECTRICITE COURANTS | L43: ELECTRICITE / CHAUFFAGE/PLOMBERIE/VMC | M43: 87384.76 | N43: 65.109013 | O43: 61.250857 | P43: 4369.238 | R43: Z3
A44: 4112 | B44: BRULON RUES MORSE, GRAHAM BELL | C44: 2009 | D44: 2010 | E44: 5 | F44: 418.63 | G44: 433.96 | H44: IND | I44: 5 | J44: Locatif | K44: LOT 1 - GROS OEUVRE - RAVALT | L44: GROS ŒUVRE | M44: 239655.64 | N44: 572.47603 | O44: 552.25283 | P44: 47931.128 | Q44: 0.055 | R44: Z3
A45: 4112 | B45: BRULON RUES MORSE, GRAHAM BELL | C45: 2009 | D45: 2010 | H45: IND | I45: 5 | J45: Locatif | K45: LOT 2 - CHARPENTE - COUVERTURE | L45: CHARPENTE / COUVERTURE | M45: 88020.54 | N45: 210.25856 | O45: 202.831 | P45: 17604.108 | R45: Z3
A46: 4112 | B46: BRULON RUES MORSE, GRAHAM BELL | C46: 2009 | D46: 2010 | H46: IND | I46: 5 | J46: Locatif | K46: LOT 3 - MENUISERIES EXT. PVC | L46: SECOND ŒUVRE | M46: 31685.27 | N46: 75.688006 | O46: 73.014264 | P46: 6337.054 | R46: Z3
A47: 4112 | B47: BRULON RUES MORSE, GRAHAM BELL | C47: 2009 | D47: 2010 | H47: IND | I47: 5 | J47: Locatif | K47: LOT 4 - PLATRERIE | L47: SECOND ŒUVRE | M47: 53688.25 | N47: 128.2475 | O47: 123.71705 | P47: 10737.65 | R47: Z3
A48: 4112 | B48: BRULON RUES MORSE, GRAHAM BELL | C48: 2009 | D48: 2010 | H48: IND | I48: 5 | J48: Locatif | K48: LOT 5 - MENUISERIES INT. BOIS | L48: SECOND ŒUVRE | M48: 18619.83 | N48: 44.478012 | O48: 42.906789 | P48: 3723.966 | R48: Z3
A49: 4112 | B49: BRULON RUES MORSE, GRAHAM BELL | C49: 2009 | D49: 2010 | H49: IND | I49: 5 | J49: Locatif | K49: LOT 7 ELECTRICITE | L49: ELECTRICITE / CHAUFFAGE/PLOMBERIE/VMC | M49: 27928.2 | N49: 66.713327 | O49: 64.356623 | P49: 5585.64 | R49: Z3
A50: 4112 | B50: BRULON RUES MORSE, GRAHAM BELL | C50: 2009 | D50: 2010 | H50: IND | I50: 5 | J50: Locatif | K50: LOT 6 - CARRELAGE - FAIENCE | L50: SECOND ŒUVRE | M50: 24035.04 | N50: 57.413563 | O50: 55.385381 | P50: 4807.008 | R50: Z3
A51: 4112 | B51: BRULON RUES MORSE, GRAHAM BELL | C51: 2009 | D51: 2010 | H51: IND | I51: 5 | J51: Locatif | K51: LOT 8 - PLOMBERIE/CHAUFFAGE/VM | L51: ELECTRICITE / CHAUFFAGE/PLOMBERIE/VMC | M51: 55338.49 | N51: 132.1895 | O51: 127.51979 | P51: 11067.698 | R51: Z3
A52: 4112 | B52: BRULON RUES MORSE, GRAHAM BELL | C52: 2009 | D52: 2010 | H52: IND | I52: 5 | J52: Locatif | K52: LOT 9 - PEINT - REVET. MURAUX | L52: SECOND ŒUVRE | M52: 20604.43 | N52: 49.218713 | O52: 47.480021 | P52: 4120.886 | R52: Z3
A53: 4112 | B53: BRULON RUES MORSE, GRAHAM BELL | C53: 2009 | D53: 2010 | H53: IND | I53: 5 | J53: Locatif | K53: LOT 10 - REVTS SOLS SOUPLES | L53: SECOND ŒUVRE | M53: 4747 | N53: 11.339369 | O53: 10.938796 | P53: 949.4 | R53: Z3
A54: 9792 | B54: ALLONNES LA BUJERIE | C54: 2009 | D54: 2010 | E54: 18 | F54: 1244.27 | G54: 1320.64 | H54: I/INT | I54: 4 | J54: Locatif | K54: LOT 1 - TERRASSEMENT VOIRIES | L54: GROS ŒUVRE | M54: 85908.71 | N54: 69.043463 | O54: 65.050816 | P54: 4772.7061 | Q54: 0.055 | R54: Z2
A55: 9792 | B55: ALLONNES LA BUJERIE | C55: 2009 | D55: 2010 | H55: I/INT | I55: 4 | J55: Locatif | K55: LOT 2 - RESEAUX DIVERS | L55: VRD | M55: 34174.83 | N55: 27.465767 | O55: 25.877476 | P55: 1898.6017 | R55: Z2
A56: 9792 | B56: ALLONNES LA BUJERIE | C56: 2009 | D56: 2010 | H56: I/INT | I56: 4 | J56: Locatif | K56: LOT 3 -GROS OEUVRE- RAVALEMENT | L56: GROS ŒUVRE | M56: 457012.1 | N56: 367.29335 | O56: 346.0535 | P56: 25389.561 | R56: Z2
A57: 9792 | B57: ALLONNES LA BUJERIE | C57: 2009 | D57: 2010 | H57: I/INT | I57: 4 | J57: Locatif | K57: LOT 4 - CHARPENTE BOIS | L57: CHARPENTE / COUVERTURE | M57: 29568.59 | N57: 23.763805 | O57: 22.389591 | P57: 1642.6994 | R57: Z2
A58: 9792 | B58: ALLONNES LA BUJERIE | C58: 2009 | D58: 2010 | H58: I/INT | I58: 4 | J58: Locatif | K58: LOT 5 - COUVERTURE TUILES | L58: CHARPENTE / COUVERTURE | M58: 108972.11 | N58: 87.579151 | O58: 82.514622 | P58: 6054.0061 | R58: Z2
A59: 9792 | B59: ALLONNES LA BUJERIE | C59: 2009 | D59: 2010 | H59: I/INT | I59: 4 | J59: Locatif | K59: LOT 6 - ETANCHEITE-DALLAGE | L59: CHARPENTE / COUVERTURE | M59: 12202.27 | N59: 9.8067702 | O59: 9.2396641 | P59: 677.90389 | R59: Z2
A60: 9792 | B60: ALLONNES LA BUJERIE | C60: 2009 | D60: 2010 | H60: I/INT | I60: 4 | J60: Locatif | K60: LOT 7 - MENUISERIES EXT. PVC | L60: SECOND ŒUVRE | M60: 31123.52 | N60: 25.013478 | O60: 23.566998 | P60: 1729.0844 | R60: Z2
A61: 9792 | B61: ALLONNES LA BUJERIE | C61: 2009 | D61: 2010 | H61: I/INT | I61: 4 | J61: Locatif | K61: LOT 8 - MEN. EXT. METALLIQUES | L61: SECOND ŒUVRE | M61: 44718.88 | N61: 35.939852 | O61: 33.861522 | P61: 2484.3822 | R61: Z2
A62: 9792 | B62: ALLONNES LA BUJERIE | C62: 2009 | D62: 2010 | H62: I/INT | I62: 4 | J62: Locatif | K62: LOT 9 - MEN. INT. BOIS | L62: SECOND ŒUVRE | M62: 41015.09 | N62: 32.963175 | O62: 31.05698 | P62: 2278.6161 | R62: Z2
A63: 9792 | B63: ALLONNES LA BUJERIE | C63: 2009 | D63: 2010 | H63: I/INT | I63: 4 | J63: Locatif | K63: LOT 10 - PLATRERIE SECHE | L63: SECOND ŒUVRE | M63: 100249.4 | N63: 80.568848 | O63: 75.90971 | P63: 5569.4111 | R63: Z2
A64: 9792 | B64: ALLONNES LA BUJERIE | C64: 2009 | D64: 2010 | H64: I/INT | I64: 4 | J64: Locatif | K64: LOT 11 - CARRELAGE, FAIENCE | L64: SECOND ŒUVRE | M64: 49593.78 | N64: 39.857732 | O64: 37.552838 | P64: 2755.21 | R64: Z2
A65: 9792 | B65: ALLONNES LA BUJERIE | C65: 2009 | D65: 2010 | H65: I/INT | I65: 4 | J65: Locatif | K65: LOT 12 - SOLS SOUPLES | L65: SECOND ŒUVRE | M65: 14320.03 | N65: 11.50878 | O65: 10.84325 | P65: 795.55722 | R65: Z2
A66: 9792 | B66: ALLONNES LA BUJERIE | C66: 2009 | D66: 2010 | H66: I/INT | I66: 4 | J66: Locatif | K66: LOT 13 - PEINTURES, REVT MURAL | L66: SECOND ŒUVRE | M66: 55279.69 | N66: 44.427407 | O66: 41.858258 | P66: 3071.0939 | R66: Z2
... A70: 9792 | B70: ALLONNES LA BUJERIE | C70: 2009 | D70: 2010 | H70: I/INT | I70: 4 | J70: Locatif | K70: LOT 17 - CLOTURES, EV | L70: ESPACES VERTS | M70: 14722.55 | N70: 11.832279 | O70: 11.148042 | P70: 817.91944 | R70: Z2
A71: 802 | B71: BAZOUGES SUR LE LOIR RUE DU RU | C71: 2009 | D71: 2011 | E71: 8 | F71: 601.2 | G71: 626.93 | H71: IND | I71: 6 | J71: Locatif | K71: LOT 1 - GROS OEUVRE | L71: GROS ŒUVRE | M71: 199013.18 | N71: 331.02658 | O71: 317.44083 | P71: 24876.647 | Q71: 0.055 | R71: Z3
A72: 802 | B72: BAZOUGES SUR LE LOIR RUE DU RU | C72: 2009 | D72: 2011 | H72: IND | I72: 6 | J72: Locatif | K72: LOT 2 - ENDUITS GRATTES | L72: GROS ŒUVRE | M72: 17136 | N72: 28.502994 | O72: 27.333195 | P72: 2142 | R72: Z3
A73: 802 | B73: BAZOUGES SUR LE LOIR RUE DU RU | C73: 2009 | D73: 2011 | H73: IND | I73: 6 | J73: Locatif | K73: LOT 3 - CHARPENTE BOIS | L73: CHARPENTE / COUVERTURE | M73: 30690.7 | N73: 51.049069 | O73: 48.95395 | P73: 3836.3375 | R73: Z3
A74: 802 | B74: BAZOUGES SUR LE LOIR RUE DU RU | C74: 2009 | D74: 2011 | H74: IND | I74: 6 | J74: Locatif | K74: LOT 4 - COUVERTURE ARDOISES | L74: CHARPENTE / COUVERTURE | M74: 73578.44 | N74: 122.38596 | O74: 117.36309 | P74: 9197.305 | R74: Z3
A75: 802 | B75: BAZOUGES SUR LE LOIR RUE DU RU | C75: 2009 | D75: 2011 | H75: IND | I75: 6 | J75: Locatif | K75: LOT 5 - MENUIS.EXT.PVC | L75: SECOND ŒUVRE | M75: 23069 | N75: 38.37159 | O75: 36.796772 | P75: 2883.625 | R75: Z3
A76: 802 | B76: BAZOUGES SUR LE LOIR RUE DU RU | C76: 2009 | D76: 2011 | H76: IND | I76: 6 | J76: Locatif | K76: LOT 6 - MENUIS.BOIS ET METALL. | L76: SECOND ŒUVRE | M76: 28200 | N76: 46.906188 | O76: 44.981098 | P76: 3525 | R76: Z3
A77: 802 | B77: BAZOUGES SUR LE LOIR RUE DU RU | C77: 2009 | D77: 2011 | H77: IND | I77: 6 | J77: Locatif | K77: LOT N° 7 - PLATRERIE | L77: SECOND ŒUVRE | M77: 65311.54 | N77: 108.6353 | O77: 104.17677 | P77: 8163.9425 | R77: Z3
A78: 802 | B78: BAZOUGES SUR LE LOIR RUE DU RU | C78: 2009 | D78: 2011 | H78: IND | I78: 6 | J78: Locatif | K78: LOT 8 - CARRELAGE-FAIENCE | L78: SECOND ŒUVRE | M78: 28140 | N78: 46.806387 | O78: 44.885394 | P78: 3517.5 | R78: Z3
A79: 802 | B79: BAZOUGES SUR LE LOIR RUE DU RU | C79: 2009 | D79: 2011 | H79: IND | I79: 6 | J79: Locatif | K79: LOT 9 - PEINTURE-REVT SOLS | L79: SECOND ŒUVRE | M79: 33713.07 | N79: 56.076297 | O79: 53.774855 | P79: 4214.1337 | R79: Z3
A80: 802 | B80: BAZOUGES SUR LE LOIR RUE DU RU | C80: 2009 | D80: 2011 | H80: IND | I80: 6 | J80: Locatif | K80: LOT 10 - CLOTURES-ESP. VERTS | L80: ESPACES VERTS | M80: 10979.45 | N80: 18.262558 | O80: 17.51304 | P80: 1372.4313 | R80: Z3
A81: 802 | B81: BAZOUGES SUR LE LOIR RUE DU RU | C81: 2009 | D81: 2011 | H81: IND | I81: 6 | J81: Locatif | K81: LOT 11 - PLOMB-CH.EAU SOL.-VMC | L81: ELECTRICITE / CHAUFFAGE/PLOMBERIE/VMC | M81: 47615.99 | N81: 79.20158 | O81: 75.951047 | P81: 5951.9987 | R81: Z3
A82: 802 | B82: BAZOUGES SUR LE LOIR RUE DU RU | C82: 2009 | D82: 2011 | H82: IND | I82: 6 | J82: Locatif | K82: LOT 12 - ELECTR-CHAUF.ELEC. | L82: ELECTRICITE / CHAUFFAGE/PLOMBERIE/VMC | M82: 51894.62 | N82: 86.318397 | O82: 82.77578 | P82: 6486.8275 | R82: Z3
A83: 810 | B83: MONTBIZOT LES HOTELLERIES | C83: 2010 | D83: 2011 | E83: 11 | F83: 811.02 | G83: 855 | H83: IND | I83: 2 | J83: Locatif | K83: LOT 1 - MACONNERIE-GO-ENDUITS | L83: GROS ŒUVRE | M83: 357159.21 | N83: 440.38274 | O83: 417.73007 | P83: 32469.019 | Q83: 0.055 | R83: Z3
A84: 810 | B84: MONTBIZOT LES HOTELLERIES | C84: 2010 | D84: 2011 | H84: IND | I84: 2 | J84: Locatif | K84: LOT 2 - CARRELAGE-FAIENCE | L84: SECOND ŒUVRE | M84: 28784.83 | N84: 35.492133 | O84: 33.666468 | P84: 2616.8027 | R84: Z3
A85: 810 | B85: MONTBIZOT LES HOTELLERIES | C85: 2010 | D85: 2011 | H85: IND | I85: 2 | J85: Locatif | K85: LOT 3 - CLOISONS-DOUBL-ISOL. | L85: SECOND ŒUVRE | M85: 90365.69 | N85: 111.42227 | O85: 105.69087 | P85: 8215.0627 | R85: Z3
A86: 810 | B86: MONTBIZOT LES HOTELLERIES | C86: 2010 | D86: 2011 | H86: IND | I86: 2 | J86: Locatif | K86: LOT N° 4 - CHARPENTE | L86: CHARPENTE / COUVERTURE | M86: 58737.3 | N86: 72.423985 | O86: 68.698596 | P86: 5339.7545 | R86: Z3
A87: 810 | B87: MONTBIZOT LES HOTELLERIES | C87: 2010 | D87: 2011 | H87: IND | I87: 2 | J87: Locatif | K87: LOT N° 5 - COUV-ETANCH-ZING. | L87: CHARPENTE / COUVERTURE | M87: 85606.63 | N87: 105.55428 | O87: 100.12471 | P87: 7782.4209 | R87: Z3
A88: 810 | B88: MONTBIZOT LES HOTELLERIES | C88: 2010 | D88: 2011 | H88: IND | I88: 2 | J88: Locatif | K88: LOT N° 6 - MEN.EXT.PVC-SERRUR. | L88: SECOND ŒUVRE | M88: 48624.91 | N88: 59.955254 | O88: 56.87124 | P88: 4420.4464 | R88: Z3
A89: 810 | B89: MONTBIZOT LES HOTELLERIES | C89: 2010 | D89: 2011 | H89: IND | I89: 2 | J89: Locatif | K89: LOT N° 7 - MENUISERIES BOIS | L89: SECOND ŒUVRE | M89: 36224.36 | N89: 44.665187 | O89: 42.367673 | P89: 3293.1236 | R89: Z3
A90: 810 | B90: MONTBIZOT LES HOTELLERIES | C90: 2010 | D90: 2011 | H90: IND | I90: 2 | J90: Locatif | K90: LOT N° 8-PLOMBERIE-SANITAIRES | L90: ELECTRICITE / CHAUFFAGE/PLOMBERIE/VMC | M90: 28632.67 | N90: 35.304518 | O90: 33.488503 | P90: 2602.97 | R90: Z3
A91: 810 | B91: MONTBIZOT LES HOTELLERIES | C91: 2010 | D91: 2011 | H91: IND | I91: 2 | J91: Locatif | K91: LOT N° 9 - CHAUFFAGE GAZ-VMC | L91: ELECTRICITE / CHAUFFAGE/PLOMBERIE/VMC | M91: 77082.46 | N91: 95.043846 | O91: 90.154924 | P91: 7007.4964 | R91: Z3
A92: 810 | B92: MONTBIZOT LES HOTELLERIES | C92: 2010 | D92: 2011 | H92: IND | I92: 2 | J92: Locatif | K92: LOT N° 10 - ELECTRICITE | L92: ELECTRICITE / CHAUFFAGE/PLOMBERIE/VMC | M92: 55611.83 | N92: 68.570233 | O92: 65.043076 | P92: 5055.6209 | R92: Z3
A93: 810 | B93: MONTBIZOT LES HOTELLERIES | C93: 2010 | D93: 2011 | H93: IND | I93: 2 | J93: Locatif | K93: LOT N° 11 - PEINT-P.PEINT-SOLS | L93: SECOND ŒUVRE | M93: 49611.17 | N93: 61.171327 | O93: 58.02476 | P93: 4510.1064 | R93: Z3
A94: 812 | B94: LA FRESNAYE SUR CHEDOUET RESID | C94: 2010 | D94: 2011 | E94: 4 | F94: 296.4 | G94: 323.88 | H94: IND | I94: 2 | J94: Locatif | K94: LOT N°1 : TERRASSEMENT - | L94: GROS ŒUVRE | M94: 149079.53 | N94: 502.96738 | O94: 460.29248 | P94: 37269.882 | Q94: 0.055 | R94: Z3
A95: 812 | B95: LA FRESNAYE SUR CHEDOUET RESID | C95: 2010 | D95: 2011 | H95: IND | I95: 2 | J95: Locatif | K95: LOT N° 2 : CHARPENTES BOIS | L95: CHARPENTE / COUVERTURE | M95: 52285.51 | N95: 176.40186 | O95: 161.43482 | P95: 13071.378 | R95: Z3
A96: 812 | B96: LA FRESNAYE SUR CHEDOUET RESID | C96: 2010 | D96: 2011 | H96: IND | I96: 2 | J96: Locatif | K96: LOT N°3 : MENUISERIES EXT PVC | L96: SECOND ŒUVRE | M96: 15995.98 | N96: 53.967544 | O96: 49.388601 | P96: 3998.995 | R96: Z3
A97: 812 | B97: LA FRESNAYE SUR CHEDOUET RESID | C97: 2010 | D97: 2011 | H97: IND | I97: 2 | J97: Locatif | K97: LOT N°4 : MEN. INTERIEURE BOIS | L97: SECOND ŒUVRE | M97: 7280.71 | N97: 24.563799 | O97: 22.479653 | P97: 1820.1775 | R97: Z3
A98: 812 | B98: LA FRESNAYE SUR CHEDOUET RESID | C98: 2010 | D98: 2011 | H98: IND | I98: 2 | J98: Locatif | K98: LOT N°5:CLOISON ISOLATION | L98: SECOND ŒUVRE | M98: 25514.47 | N98: 86.081208 | O98: 78.777541 | P98: 6378.6175 | R98: Z3
A99: 812 | B99: LA FRESNAYE SUR CHEDOUET RESID | C99: 2010 | D99: 2011 | H99: IND | I99: 2 | J99: Locatif | K99: LOT N°6: ELEC-CHAUFF. VMC | L99: ELECTRICITE / CHAUFFAGE/PLOMBERIE/VMC | M99: 19306.33 | N99: 65.136066 | O99: 59.609516 | P99: 4826.5825 | R99: Z3
A100: 812 | B100: LA FRESNAYE SUR CHEDOUET RESID | C100: 2010 | D100: 2011 | H100: IND | I100: 2 | J100: Locatif | K100: LOT N°7 : PLOMBERIE-SANITAIRES | L100: ELECTRICITE / CHAUFFAGE/PLOMBERIE/VMC | M100: 9436.47 | N100: 31.836943 | O100: 29.135698 | P100: 2359.1175 | R100: Z3
A101: 812 | B101: LA FRESNAYE SUR CHEDOUET RESID | C101: 2010 | D101: 2011 | H101: IND | I101: 2 | J101: Locatif | K101: LOT N°8 : CARRELAGE-FAIENCE | L101: SECOND ŒUVRE | M101: 13574.4 | N101: 45.797571 | O101: 41.911819 | P101: 3393.6 | R101: Z3
A102: 812 | B102: LA FRESNAYE SUR CHEDOUET RESID | C102: 2010 | D102: 2011 | H102: IND | I102: 2 | J102: Locatif | K102: LOT N° 9 : PEINT. SOLS SOUPLES | L102: SECOND ŒUVRE | M102: 13791.9 | N102: 46.531377 | O102: 42.583364 | P102: 3447.975 | R102: Z3
A103: 812 | B103: LA FRESNAYE SUR CHEDOUET RESID | C103: 2010 | D103: 2011 | H103: IND | I103: 2 | J103: Locatif | K103: LOT N°10 : ESPACES VERTS | L103: ESPACES VERTS | M103: 6499.48 | N103: 21.92807 | O103: 20.067556 | P103: 1624.87 | R103: Z3
...

Sheet FORUM
A1: Désignation du programme | D1: Localisation | G1: Année de réalisation | J1: Type d'opération | L1: Spécificités de l'opération | X1: Informations sur les logments | AG1: Surfaces du projet | AJ1: Allotissement | AL1: Coûts des travaux
A2: N° de programme | B2: Libéllé du programme | C2: Chargé d'opération | D2: Ville | E2: Agence | F2: Zone d'aménagement | G2: Année du dépôt de PC | H2: Année AO | I2: Année de mise en location | J2: Type de lgts | K2: Type d'op. (NR ?) | L2: Mode de passation du marché de MŒ (insérer "x") | N2: RT (Estimation automatique sur l'année du PC) | O2: Performance thermique (insérer "x") | S2: Performance environnementale (insérer "x") | T2: Label HSS (insérer "x") | U2: Opération pilote (insérer "x") | V2: Opération « ANRU » (insérer "x") | W2: Opération« Const. / Démol. » (insérer "x") | X2: Nb de lgts | Y2: Typologie | AD2: Loyer (Base + Accessoires) | AE2: Ratio Loyer / m² SU | AF2: Vacance (unité ? Ratios ?) | AG2: SHAB | AH2: SU | AI2: Ratio SHAB / SU | AJ2: Marché / Lot | AK2: Type de travaux (à vérifier) | AL2: Montant par lot | AM2: Montant total | AN2: Montant des subventions | AO2: Montant des enprunt et fond propre | AP2: Montant du clos et couvert (compris VRD et Espaces verts) | AQ2: Montant des fluides (électricité, chauffage, ventilation, …) | AR2: Montant du second œuvre (finition, plâtrerie, …) | AS2: Taux de TVA | AT2: €/lgts | AU2: €/m² SHAB | AV2: €/m² SU
L3: Concours | M3: Procédure négociée | O3: HPE | P3: THPE | Q3: THPE EnR | R3: BBC | S3: H&E | Y3: T1 | Z3: T2 | AA3: T3 | AB3: T4 | AC3: T5
A4: N° de programme | B4: Libéllé du programme | C4: Chargé d'opération | D4: Ville | E4: Agence | F4: Zone d'aménagement | G4: Dépôt de PC | H4: Année AO | I4: Mise en location | J4: Type LGTS | K4: Type OP | L4: Concours | M4: Procédure négociée | N4: Réglementation RT | O4: HPE | P4: THPE | Q4: THPE EnR | R4: BBC | S4: H&E | T4: Label HSS | U4: Op. pilote | V4: ANRU | W4: Const. / Démol. | X4: Nb de lgts | Y4: T1 | Z4: T2 | AA4: T3 | AB4: T4 | AC4: T5 | AD4: Loyer | AE4: Loyer / m² SU | AF4: Vacance | AG4: SHAB | AH4: SU | AI4: SHAB / SU | AJ4: Marché / Lot | AK4: Type de travaux | AL4: Coût / lots | AM4: Coût total | AN4: Subventions | AO4: Enprunt / FP | AP4: Clos couvert | AQ4: Fluides | AR4: Second œuvre | AS4: TVA | AT4: €/lgts | AU4: €/m² SHAB | AV4: €/m² SU
A5: ='COUT TVX'!A2 -> 800 | B5: ='COUT TVX'!B2 -> SAINT GERVAIS EN BELIN | D5: =B5 -> SAINT GERVAIS EN BELIN | E5: =IF(ISBLANK('COUT TVX'!I2),"",'COUT TVX'!I2) -> 3 | F5: ='COUT TVX'!R2 -> Z3 | H5: ='COUT TVX'!C2 -> 2009 | I5: ='COUT TVX'!D2 -> 2010 | J5: =IF('COUT TVX'!H2="IND","IND",IF('COUT TVX'!H2="COLL","COLL",IF('COUT TVX'!H2="INT","COL","MIXTE"))) -> IND | K5: =IFERROR((VLOOKUP(A5,'COUT GLOBAL'!A:L,9,FALSE)),"") -> Locatif | N5: =IF(ISBLANK(G5),"-",IF(G5<2012,"RT2005","RT2012")) -> - | X5: =IF('COUT TVX'!E2=0,"",'COUT TVX'!E2) -> 6 | AE5: =IFERROR((AD5/AH5),"") -> 0 | AG5: =IF('COUT TVX'!F2=0,"",'COUT TVX'!F2) -> 479 | AH5: =IF('COUT TVX'!G2=0,"",'COUT TVX'!G2) -> 508.61 | AI5: =IFERROR((AG5/AH5),"") -> 0.94178251 | AJ5: ='COUT TVX'!K2 -> LOT 01 - GROS OEUVRE RAVALEMEN | AK5: ='COUT TVX'!L2 -> GROS ŒUVRE | AL5: ='COUT TVX'!M2 -> 199499.41 | AS5: =IF(ISBLANK('COUT TVX'!Q2),"",'COUT TVX'!Q2) -> 0.055 | AT5: =IFERROR((AM5/X5),"") -> 0 | AU5: =IFERROR((AM5/AG5),"") -> 0 | AV5: =IFERROR((AM5/AH5),"") -> 0
E6: =IF(ISBLANK('COUT TVX'!I3),"",'COUT TVX'!I3) -> 3 | F6: ='COUT TVX'!R3 -> Z3 | H6: ='COUT TVX'!C3 -> 2009 | I6: ='COUT TVX'!D3 -> 2010 | J6: ='COUT TVX'!H3 -> IND | K6: =IFERROR((VLOOKUP(A6,'COUT GLOBAL'!A:L,9,FALSE)),"") | N6: =IF(ISBLANK(G6),"-",IF(L5<2012,"RT2005","RT2012")) -> - | X6: =IF('COUT TVX'!E3=0,"",'COUT TVX'!E3) | AE6: =IFERROR((AD6/AH6),"") | AG6: =IF('COUT TVX'!F3=0,"",'COUT TVX'!F3) | AH6: =IF('COUT TVX'!G3=0,"",'COUT TVX'!G3) | AI6: =IFERROR((AG6/AH6),"") | AJ6: ='COUT TVX'!K3 -> LOT 02 - CHARPENTE COUVERTURE | AK6: ='COUT TVX'!L3 -> CHARPENTE / COUVERTURE | AL6: ='COUT TVX'!M3 -> 76026.39 | AT6: =IFERROR((AM6/X6),"") | AU6: =IFERROR((AM6/AG6),"") | AV6: =IFERROR((AM6/AH6),"")
E7: =IF(ISBLANK('COUT TVX'!I4),"",'COUT TVX'!I4) -> 3 | F7: ='COUT TVX'!R4 -> Z3 | H7: ='COUT TVX'!C4 -> 2009 | I7: ='COUT TVX'!D4 -> 2010 | J7: ='COUT TVX'!H4 -> IND | K7: =IFERROR((VLOOKUP(A7,'COUT GLOBAL'!A:L,9,FALSE)),"") | N7: =IF(ISBLANK(G7),"-",IF(L6<2012,"RT2005","RT2012")) -> - | X7: =IF('COUT TVX'!E4=0,"",'COUT TVX'!E4) | AE7: =IFERROR((AD7/AH7),"") | AG7: =IF('COUT TVX'!F4=0,"",'COUT TVX'!F4) | AH7: =IF('COUT TVX'!G4=0,"",'COUT TVX'!G4) | AI7: =IFERROR((AG7/AH7),"") | AJ7: ='COUT TVX'!K4 -> LOT 03 - MENUISERIES EXT. PVC | AK7: ='COUT TVX'!L4 -> SECOND ŒUVRE | AL7: ='COUT TVX'!M4 -> 17996.09 | AT7: =IFERROR((AM7/X7),"") | AU7: =IFERROR((AM7/AG7),"") | AV7: =IFERROR((AM7/AH7),"")
E8: =IF(ISBLANK('COUT TVX'!I5),"",'COUT TVX'!I5) -> 3 | F8: ='COUT TVX'!R5 -> Z3 | H8: ='COUT TVX'!C5 -> 2009 | I8: ='COUT TVX'!D5 -> 2010 | J8: ='COUT TVX'!H5 -> IND | K8: =IFERROR((VLOOKUP(A8,'COUT GLOBAL'!A:L,9,FALSE)),"") | N8: =IF(ISBLANK(G8),"-",IF(L7<2012,"RT2005","RT2012")) -> - | X8: =IF('COUT TVX'!E5=0,"",'COUT TVX'!E5) | AE8: =IFERROR((AD8/AH8),"") | AG8: =IF('COUT TVX'!F5=0,"",'COUT TVX'!F5) | AH8: =IF('COUT TVX'!G5=0,"",'COUT TVX'!G5) | AI8: =IFERROR((AG8/AH8),"") | AJ8: ='COUT TVX'!K5 -> LOT 04 - PLATRERIE - FAUX PLAF | AK8: ='COUT TVX'!L5 -> SECOND ŒUVRE | AL8: ='COUT TVX'!M5 -> 56433.49 | AT8: =IFERROR((AM8/X8),"") | AU8: =IFERROR((AM8/AG8),"") | AV8: =IFERROR((AM8/AH8),"")
E9: =IF(ISBLANK('COUT TVX'!I6),"",'COUT TVX'!I6) -> 3 | F9: ='COUT TVX'!R6 -> Z3 | H9: ='COUT TVX'!C6 -> 2009 | I9: ='COUT TVX'!D6 -> 2010 | J9: ='COUT TVX'!H6 -> IND | K9: =IFERROR((VLOOKUP(A9,'COUT GLOBAL'!A:L,9,FALSE)),"") | N9: =IF(ISBLANK(G9),"-",IF(L8<2012,"RT2005","RT2012")) -> - | X9: =IF('COUT TVX'!E6=0,"",'COUT TVX'!E6) | AE9: =IFERROR((AD9/AH9),"") | AG9: =IF('COUT TVX'!F6=0,"",'COUT TVX'!F6) | AH9: =IF('COUT TVX'!G6=0,"",'COUT TVX'!G6) | AI9: =IFERROR((AG9/AH9),"") | AJ9: ='COUT TVX'!K6 -> LOT 06 - CARRELAGE - FAIENCE | AK9: ='COUT TVX'!L6 -> SECOND ŒUVRE | AL9: ='COUT TVX'!M6 -> 17930.69 | AT9: =IFERROR((AM9/X9),"") | AU9: =IFERROR((AM9/AG9),"") | AV9: =IFERROR((AM9/AH9),"")
E10: =IF(ISBLANK('COUT TVX'!I7),"",'COUT TVX'!I7) -> 3 | F10: ='COUT TVX'!R7 -> Z3 | H10: ='COUT TVX'!C7 -> 2009 | I10: ='COUT TVX'!D7 -> 2010 | J10: ='COUT TVX'!H7 -> IND | K10: =IFERROR((VLOOKUP(A10,'COUT GLOBAL'!A:L,9,FALSE)),"") | N10: =IF(ISBLANK(G10),"-",IF(L9<2012,"RT2005","RT2012")) -> - | X10: =IF('COUT TVX'!E7=0,"",'COUT TVX'!E7) | AE10: =IFERROR((AD10/AH10),"") | AG10: =IF('COUT TVX'!F7=0,"",'COUT TVX'!F7) | AH10: =IF('COUT TVX'!G7=0,"",'COUT TVX'!G7) | AI10: =IFERROR((AG10/AH10),"") | AJ10: ='COUT TVX'!K7 -> LOT 07 - ELECTRICITE | AK10: ='COUT TVX'!L7 -> ELECTRICITE / CHAUFFAGE/PLOMBERIE/VMC | AL10: ='COUT TVX'!M7 -> 26329.71 | AT10: =IFERROR((AM10/X10),"") | AU10: =IFERROR((AM10/AG10),"") | AV10: =IFERROR((AM10/AH10),"")
E11: =IF(ISBLANK('COUT TVX'!I8),"",'COUT TVX'!I8) -> 3 | F11: ='COUT TVX'!R8 -> Z3 | H11: ='COUT TVX'!C8 -> 2009 | I11: ='COUT TVX'!D8 -> 2010 | J11: ='COUT TVX'!H8 -> IND | K11: =IFERROR((VLOOKUP(A11,'COUT GLOBAL'!A:L,9,FALSE)),"") | N11: =IF(ISBLANK(G11),"-",IF(L10<2012,"RT2005","RT2012")) -> - | X11: =IF('COUT TVX'!E8=0,"",'COUT TVX'!E8) | AE11: =IFERROR((AD11/AH11),"") | AG11: =IF('COUT TVX'!F8=0,"",'COUT TVX'!F8) | AH11: =IF('COUT TVX'!G8=0,"",'COUT TVX'!G8) | AI11: =IFERROR((AG11/AH11),"") | AJ11: ='COUT TVX'!K8 -> LOT 08 - PLOMB. SAN. CHAUF. VM | AK11: ='COUT TVX'!L8 -> ELECTRICITE / CHAUFFAGE/PLOMBERIE/VMC | AL11: ='COUT TVX'!M8 -> 50066.82 | AT11: =IFERROR((AM11/X11),"") | AU11: =IFERROR((AM11/AG11),"") | AV11: =IFERROR((AM11/AH11),"")
E12: =IF(ISBLANK('COUT TVX'!I9),"",'COUT TVX'!I9) -> 3 | F12: ='COUT TVX'!R9 -> Z3 | H12: ='COUT TVX'!C9 -> 2009 | I12: ='COUT TVX'!D9 -> 2010 | J12: ='COUT TVX'!H9 -> IND | K12: =IFERROR((VLOOKUP(A12,'COUT GLOBAL'!A:L,9,FALSE)),"") | N12: =IF(ISBLANK(G12),"-",IF(L11<2012,"RT2005","RT2012")) -> - | X12: =IF('COUT TVX'!E9=0,"",'COUT TVX'!E9) | AE12: =IFERROR((AD12/AH12),"") | AG12: =IF('COUT TVX'!F9=0,"",'COUT TVX'!F9) | AH12: =IF('COUT TVX'!G9=0,"",'COUT TVX'!G9) | AI12: =IFERROR((AG12/AH12),"") | AJ12: ='COUT TVX'!K9 -> LOT 09 - PEINTURE - REVTS MURA | AK12: ='COUT TVX'!L9 -> SECOND ŒUVRE | AL12: ='COUT TVX'!M9 -> 26152.7 | AT12: =IFERROR((AM12/X12),"") | AU12: =IFERROR((AM12/AG12),"") | AV12: =IFERROR((AM12/AH12),"")
E13: =IF(ISBLANK('COUT TVX'!I10),"",'COUT TVX'!I10) -> 3 | F13: ='COUT TVX'!R10 -> Z3 | H13: ='COUT TVX'!C10 -> 2009 | I13: ='COUT TVX'!D10 -> 2010 | J13: ='COUT TVX'!H10 -> IND | K13: =IFERROR((VLOOKUP(A13,'COUT GLOBAL'!A:L,9,FALSE)),"") | N13: =IF(ISBLANK(G13),"-",IF(L12<2012,"RT2005","RT2012")) -> - | X13: =IF('COUT TVX'!E10=0,"",'COUT TVX'!E10) | AE13: =IFERROR((AD13/AH13),"") | AG13: =IF('COUT TVX'!F10=0,"",'COUT TVX'!F10) | AH13: =IF('COUT TVX'!G10=0,"",'COUT TVX'!G10) | AI13: =IFERROR((AG13/AH13),"") | AJ13: ='COUT TVX'!K10 -> LOT 10 - REVETS SOLS SOUPLES | AK13: ='COUT TVX'!L10 -> SECOND ŒUVRE | AL13: ='COUT TVX'!M10 -> 5823.2 | AT13: =IFERROR((AM13/X13),"") | AU13: =IFERROR((AM13/AG13),"") | AV13: =IFERROR((AM13/AH13),"")
E14: =IF(ISBLANK('COUT TVX'!I11),"",'COUT TVX'!I11) -> 3 | F14: ='COUT TVX'!R11 -> Z3 | H14: ='COUT TVX'!C11 -> 2009 | I14: ='COUT TVX'!D11 -> 2010 | J14: ='COUT TVX'!H11 -> IND | K14: =IFERROR((VLOOKUP(A14,'COUT GLOBAL'!A:L,9,FALSE)),"") | N14: =IF(ISBLANK(G14),"-",IF(L13<2012,"RT2005","RT2012")) -> - | X14: =IF('COUT TVX'!E11=0,"",'COUT TVX'!E11) | AE14: =IFERROR((AD14/AH14),"") | AG14: =IF('COUT TVX'!F11=0,"",'COUT TVX'!F11) | AH14: =IF('COUT TVX'!G11=0,"",'COUT TVX'!G11) | AI14: =IFERROR((AG14/AH14),"") | AJ14: ='COUT TVX'!K11 -> LOT 11 - ESPACES VERTS | AK14: ='COUT TVX'!L11 -> ESPACES VERTS | AL14: ='COUT TVX'!M11 -> 9607.82 | AT14: =IFERROR((AM14/X14),"") | AU14: =IFERROR((AM14/AG14),"") | AV14: =IFERROR((AM14/AH14),"")
E15: =IF(ISBLANK('COUT TVX'!I12),"",'COUT TVX'!I12) -> 3 | F15: ='COUT TVX'!R12 -> Z3 | H15: ='COUT TVX'!C12 -> 2009 | I15: ='COUT TVX'!D12 -> 2010 | J15: ='COUT TVX'!H12 -> IND | K15: =IFERROR((VLOOKUP(A15,'COUT GLOBAL'!A:L,9,FALSE)),"") | N15: =IF(ISBLANK(G15),"-",IF(L14<2012,"RT2005","RT2012")) -> - | X15: =IF('COUT TVX'!E12=0,"",'COUT TVX'!E12) | AE15: =IFERROR((AD15/AH15),"") | AG15: =IF('COUT TVX'!F12=0,"",'COUT TVX'!F12) | AH15: =IF('COUT TVX'!G12=0,"",'COUT TVX'!G12) | AI15: =IFERROR((AG15/AH15),"") | AJ15: ='COUT TVX'!K12 -> LOT 05 - MENUISERIES INT. BOIS | AK15: ='COUT TVX'!L12 -> SECOND ŒUVRE | AL15: ='COUT TVX'!M12 -> 27118.19 | AT15: =IFERROR((AM15/X15),"") | AU15: =IFERROR((AM15/AG15),"") | AV15: =IFERROR((AM15/AH15),"")
A16: ='COUT TVX'!A13 -> 803 | B16: ='COUT TVX'!B13 -> NOYEN SUR SARTHE LES JARDINS D | D16: NOYEN SUR SARTHE | E16: =IF(ISBLANK('COUT TVX'!I13),"",'COUT TVX'!I13) -> 6 | F16: ='COUT TVX'!R13 -> Z3 | H16: ='COUT TVX'!C13 -> 2009 | I16: ='COUT TVX'!D13 -> 2010 | J16: =IF('COUT TVX'!H13="IND","IND",IF('COUT TVX'!H13="COLL","COLL",IF('COUT TVX'!H13="INT","COL","MIXTE"))) -> MIXTE | K16: =IFERROR((VLOOKUP(A16,'COUT GLOBAL'!A:L,9,FALSE)),"") -> Locatif | N16: =IF(ISBLANK(G16),"-",IF(L15<2012,"RT2005","RT2012")) -> - | X16: =IF('COUT TVX'!E13=0,"",'COUT TVX'!E13) -> 14 | AE16: =IFERROR((AD16/AH16),"") -> 0 | AG16: =IF('COUT TVX'!F13=0,"",'COUT TVX'!F13) -> 921.39 | AH16: =IF('COUT TVX'!G13=0,"",'COUT TVX'!G13) -> 964.27 | AI16: =IFERROR((AG16/AH16),"") -> 0.95553113 | AJ16: ='COUT TVX'!K13 -> LOT 02 - G.O - FONDAT° DALLAGE | AK16: ='COUT TVX'!L13 -> GROS ŒUVRE | AL16: ='COUT TVX'!M13 -> 128122.06 | AS16: =IF(ISBLANK('COUT TVX'!Q13),"",'COUT TVX'!Q13) -> 0.055 | AT16: =IFERROR((AM16/X16),"") -> 0 | AU16: =IFERROR((AM16/AG16),"") -> 0 | AV16: =IFERROR((AM16/AH16),"") -> 0
A17: ='COUT TVX'!A14 -> 803 | B17: ='COUT TVX'!B14 -> NOYEN SUR SARTHE LES JARDINS D | E17: =IF(ISBLANK('COUT TVX'!I14),"",'COUT TVX'!I14) -> 6 | F17: ='COUT TVX'!R14 -> Z3 | H17: ='COUT TVX'!C14 -> 2009 | I17: ='COUT TVX'!D14 -> 2010 | J17: ='COUT TVX'!H14 -> I/INT | K17: =IFERROR((VLOOKUP(A17,'COUT GLOBAL'!A:L,9,FALSE)),"") -> Locatif | N17: =IF(ISBLANK(G17),"-",IF(L16<2012,"RT2005","RT2012")) -> - | X17: =IF('COUT TVX'!E14=0,"",'COUT TVX'!E14) | AE17: =IFERROR((AD17/AH17),"") | AG17: =IF('COUT TVX'!F14=0,"",'COUT TVX'!F14) | AH17: =IF('COUT TVX'!G14=0,"",'COUT TVX'!G14) | AI17: =IFERROR((AG17/AH17),"") | AJ17: ='COUT TVX'!K14 -> LOT 01 - ESPACES VERTS - CLOT. | AK17: ='COUT TVX'!L14 -> ESPACES VERTS | AL17: ='COUT TVX'!M14 -> 9544.48 | AS17: =IF(ISBLANK('COUT TVX'!Q14),"",'COUT TVX'!Q14) | AT17: =IFERROR((AM17/X17),"") | AU17: =IFERROR((AM17/AG17),"") | AV17: =IFERROR((AM17/AH17),"")
A18: ='COUT TVX'!A15 -> 803 | B18: ='COUT TVX'!B15 -> NOYEN SUR SARTHE LES JARDINS D | E18: =IF(ISBLANK('COUT TVX'!I15),"",'COUT TVX'!I15) -> 6 | F18: ='COUT TVX'!R15 -> Z3 | H18: ='COUT TVX'!C15 -> 2009 | I18: ='COUT TVX'!D15 -> 2010 | J18: ='COUT TVX'!H15 -> I/INT | K18: =IFERROR((VLOOKUP(A18,'COUT GLOBAL'!A:L,9,FALSE)),"") -> Locatif | N18: =IF(ISBLANK(G18),"-",IF(L17<2012,"RT2005","RT2012")) -> - | X18: =IF('COUT TVX'!E15=0,"",'COUT TVX'!E15) | AE18: =IFERROR((AD18/AH18),"") | AG18: =IF('COUT TVX'!F15=0,"",'COUT TVX'!F15) | AH18: =IF('COUT TVX'!G15=0,"",'COUT TVX'!G15) | AI18: =IFERROR((AG18/AH18),"") | AJ18: ='COUT TVX'!K15 -> LOT 03 - CHARP. OSSAT. BARDAGE | AK18: ='COUT TVX'!L15 -> CHARPENTE / COUVERTURE | AL18: ='COUT TVX'!M15 -> 352660.43 | AS18: =IF(ISBLANK('COUT TVX'!Q15),"",'COUT TVX'!Q15) | AT18: =IFERROR((AM18/X18),"") | AU18: =IFERROR((AM18/AG18),"") | AV18: =IFERROR((AM18/AH18),"")
A19: ='COUT TVX'!A16 -> 803 | B19: ='COUT TVX'!B16 -> NOYEN SUR SARTHE LES JARDINS D | E19: =IF(ISBLANK('COUT TVX'!I16),"",'COUT TVX'!I16) -> 6 | F19: ='COUT TVX'!R16 -> Z3 | H19: ='COUT TVX'!C16 -> 2009 | I19: ='COUT TVX'!D16 -> 2010 | J19: ='COUT TVX'!H16 -> I/INT | K19: =IFERROR((VLOOKUP(A19,'COUT GLOBAL'!A:L,9,FALSE)),"") -> Locatif | N19: =IF(ISBLANK(G19),"-",IF(L18<2012,"RT2005","RT2012")) -> - | X19: =IF('COUT TVX'!E16=0,"",'COUT TVX'!E16) | AE19: =IFERROR((AD19/AH19),"") | AG19: =IF('COUT TVX'!F16=0,"",'COUT TVX'!F16) | AH19: =IF('COUT TVX'!G16=0,"",'COUT TVX'!G16) | AI19: =IFERROR((AG19/AH19),"") | AJ19: ='COUT TVX'!K16 -> LOT 04 - COUV. TUILES BACS ACI | AK19: ='COUT TVX'!L16 -> CHARPENTE / COUVERTURE | AL19: ='COUT TVX'!M16 -> 116902.32 | AS19: =IF(ISBLANK('COUT TVX'!Q16),"",'COUT TVX'!Q16) | AT19: =IFERROR((AM19/X19),"") | AU19: =IFERROR((AM19/AG19),"") | AV19: =IFERROR((AM19/AH19),"")
A20: ='COUT TVX'!A17 -> 803 | B20: ='COUT TVX'!B17 -> NOYEN SUR SARTHE LES JARDINS D | E20: =IF(ISBLANK('COUT TVX'!I17),"",'COUT TVX'!I17) -> 6 | F20: ='COUT TVX'!R17 -> Z3 | H20: ='COUT TVX'!C17 -> 2009 | I20: ='COUT TVX'!D17 -> 2010 | J20: ='COUT TVX'!H17 -> I/INT | K20: =IFERROR((VLOOKUP(A20,'COUT GLOBAL'!A:L,9,FALSE)),"") -> Locatif | N20: =IF(ISBLANK(G20),"-",IF(L19<2012,"RT2005","RT2012")) -> - | X20: =IF('COUT TVX'!E17=0,"",'COUT TVX'!E17) | AE20: =IFERROR((AD20/AH20),"") | AG20: =IF('COUT TVX'!F17=0,"",'COUT TVX'!F17) | AH20: =IF('COUT TVX'!G17=0,"",'COUT TVX'!G17) | AI20: =IFERROR((AG20/AH20),"") | AJ20: ='COUT TVX'!K17 -> LOT 05 - MEN. EXT PVC & METAL | AK20: ='COUT TVX'!L17 -> SECOND ŒUVRE | AL20: ='COUT TVX'!M17 -> 49116.96 | AS20: =IF(ISBLANK('COUT TVX'!Q17),"",'COUT TVX'!Q17) | AT20: =IFERROR((AM20/X20),"") | AU20: =IFERROR((AM20/AG20),"") | AV20: =IFERROR((AM20/AH20),"")
A21: ='COUT TVX'!A18 -> 803 | B21: ='COUT TVX'!B18 -> NOYEN SUR SARTHE LES JARDINS D | E21: =IF(ISBLANK('COUT TVX'!I18),"",'COUT TVX'!I18) -> 6 | F21: ='COUT TVX'!R18 -> Z3 | H21: ='COUT TVX'!C18 -> 2009 | I21: ='COUT TVX'!D18 -> 2010 | J21: ='COUT TVX'!H18 -> I/INT | K21: =IFERROR((VLOOKUP(A21,'COUT GLOBAL'!A:L,9,FALSE)),"") -> Locatif | N21: =IF(ISBLANK(G21),"-",IF(L20<2012,"RT2005","RT2012")) -> - | X21: =IF('COUT TVX'!E18=0,"",'COUT TVX'!E18) | AE21: =IFERROR((AD21/AH21),"") | AG21: =IF('COUT TVX'!F18=0,"",'COUT TVX'!F18) | AH21: =IF('COUT TVX'!G18=0,"",'COUT TVX'!G18) | AI21: =IFERROR((AG21/AH21),"") | AJ21: ='COUT TVX'!K18 -> LOT 06 - SERRURERIE - MEN. BOI | AK21: ='COUT TVX'!L18 -> SECOND ŒUVRE | AL21: ='COUT TVX'!M18 -> 45983.85 | AS21: =IF(ISBLANK('COUT TVX'!Q18),"",'COUT TVX'!Q18) | AT21: =IFERROR((AM21/X21),"") | AU21: =IFERROR((AM21/AG21),"") | AV21: =IFERROR((AM21/AH21),"")
A22: ='COUT TVX'!A19 -> 803 | B22: ='COUT TVX'!B19 -> NOYEN SUR SARTHE LES JARDINS D | E22: =IF(ISBLANK('COUT TVX'!I19),"",'COUT TVX'!I19) -> 6 | F22: ='COUT TVX'!R19 -> Z3 | H22: ='COUT TVX'!C19 -> 2009 | I22: ='COUT TVX'!D19 -> 2010 | J22: ='COUT TVX'!H19 -> I/INT | K22: =IFERROR((VLOOKUP(A22,'COUT GLOBAL'!A:L,9,FALSE)),"") -> Locatif | N22: =IF(ISBLANK(G22),"-",IF(L21<2012,"RT2005","RT2012")) -> - | X22: =IF('COUT TVX'!E19=0,"",'COUT TVX'!E19) | AE22: =IFERROR((AD22/AH22),"") | AG22: =IF('COUT TVX'!F19=0,"",'COUT TVX'!F19) | AH22: =IF('COUT TVX'!G19=0,"",'COUT TVX'!G19) | AI22: =IFERROR((AG22/AH22),"") | AJ22: ='COUT TVX'!K19 -> LOT 07 - PLATRERIE SECHE | AK22: ='COUT TVX'!L19 -> SECOND ŒUVRE | AL22: ='COUT TVX'!M19 -> 102769.42 | AS22: =IF(ISBLANK('COUT TVX'!Q19),"",'COUT TVX'!Q19) | AT22: =IFERROR((AM22/X22),"") | AU22: =IFERROR((AM22/AG22),"") | AV22: =IFERROR((AM22/AH22),"")
A23: ='COUT TVX'!A20 -> 803 | B23: ='COUT TVX'!B20 -> NOYEN SUR SARTHE LES JARDINS D | E23: =IF(ISBLANK('COUT TVX'!I20),"",'COUT TVX'!I20) -> 6 | F23: ='COUT TVX'!R20 -> Z3 | H23: ='COUT TVX'!C20 -> 2009 | I23: ='COUT TVX'!D20 -> 2010 | J23: ='COUT TVX'!H20 -> I/INT | K23: =IFERROR((VLOOKUP(A23,'COUT GLOBAL'!A:L,9,FALSE)),"") -> Locatif | N23: =IF(ISBLANK(G23),"-",IF(L22<2012,"RT2005","RT2012")) -> - | X23: =IF('COUT TVX'!E20=0,"",'COUT TVX'!E20) | AE23: =IFERROR((AD23/AH23),"") | AG23: =IF('COUT TVX'!F20=0,"",'COUT TVX'!F20) | AH23: =IF('COUT TVX'!G20=0,"",'COUT TVX'!G20) | AI23: =IFERROR((AG23/AH23),"") | AJ23: ='COUT TVX'!K20 -> LOT 08 - CARRELAGE - FAIENCE | AK23: ='COUT TVX'!L20 -> SECOND ŒUVRE | AL23: ='COUT TVX'!M20 -> 33630.28 | AS23: =IF(ISBLANK('COUT TVX'!Q20),"",'COUT TVX'!Q20) | AT23: =IFERROR((AM23/X23),"") | AU23: =IFERROR((AM23/AG23),"") | AV23: =IFERROR((AM23/AH23),"")
A24: ='COUT TVX'!A21 -> 803 | B24: ='COUT TVX'!B21 -> NOYEN SUR SARTHE LES JARDINS D | E24: =IF(ISBLANK('COUT TVX'!I21),"",'COUT TVX'!I21) -> 6 | F24: ='COUT TVX'!R21 -> Z3 | H24: ='COUT TVX'!C21 -> 2009 | I24: ='COUT TVX'!D21 -> 2010 | J24: ='COUT TVX'!H21 -> I/INT | K24: =IFERROR((VLOOKUP(A24,'COUT GLOBAL'!A:L,9,FALSE)),"") -> Locatif | N24: =IF(ISBLANK(G24),"-",IF(L23<2012,"RT2005","RT2012")) -> - | X24: =IF('COUT TVX'!E21=0,"",'COUT TVX'!E21) | AE24: =IFERROR((AD24/AH24),"") | AG24: =IF('COUT TVX'!F21=0,"",'COUT TVX'!F21) | AH24: =IF('COUT TVX'!G21=0,"",'COUT TVX'!G21) | AI24: =IFERROR((AG24/AH24),"") | AJ24: ='COUT TVX'!K21 -> LOT 9 - SOLS SOUPLES / PEINT. | AK24: ='COUT TVX'!L21 -> SECOND ŒUVRE | AL24: ='COUT TVX'!M21 -> 57158.15 | AS24: =IF(ISBLANK('COUT TVX'!Q21),"",'COUT TVX'!Q21) | AT24: =IFERROR((AM24/X24),"") | AU24: =IFERROR((AM24/AG24),"") | AV24: =IFERROR((AM24/AH24),"")
A25: ='COUT TVX'!A22 -> 803 | B25: ='COUT TVX'!B22 -> NOYEN SUR SARTHE LES JARDINS D | E25: =IF(ISBLANK('COUT TVX'!I22),"",'COUT TVX'!I22) -> 6 | F25: ='COUT TVX'!R22 -> Z3 | H25: ='COUT TVX'!C22 -> 2009 | I25: ='COUT TVX'!D22 -> 2010 | J25: ='COUT TVX'!H22 -> I/INT | K25: =IFERROR((VLOOKUP(A25,'COUT GLOBAL'!A:L,9,FALSE)),"") -> Locatif | N25: =IF(ISBLANK(G25),"-",IF(L24<2012,"RT2005","RT2012")) -> - | X25: =IF('COUT TVX'!E22=0,"",'COUT TVX'!E22) | AE25: =IFERROR((AD25/AH25),"") | AG25: =IF('COUT TVX'!F22=0,"",'COUT TVX'!F22) | AH25: =IF('COUT TVX'!G22=0,"",'COUT TVX'!G22) | AI25: =IFERROR((AG25/AH25),"") | AJ25: ='COUT TVX'!K22 -> LOT 10 - PLOMBERIE SANITAIRES | AK25: ='COUT TVX'!L22 -> ELECTRICITE / CHAUFFAGE/PLOMBERIE/VMC | AL25: ='COUT TVX'!M22 -> 48768 | AS25: =IF(ISBLANK('COUT TVX'!Q22),"",'COUT TVX'!Q22) | AT25: =IFERROR((AM25/X25),"") | AU25: =IFERROR((AM25/AG25),"") | AV25: =IFERROR((AM25/AH25),"")
A26: ='COUT TVX'!A23 -> 803 | B26: ='COUT TVX'!B23 -> NOYEN SUR SARTHE LES JARDINS D | E26: =IF(ISBLANK('COUT TVX'!I23),"",'COUT TVX'!I23) -> 6 | F26: ='COUT TVX'!R23 -> Z3 | H26: ='COUT TVX'!C23 -> 2009 | I26: ='COUT TVX'!D23 -> 2010 | J26: ='COUT TVX'!H23 -> I/INT | K26: =IFERROR((VLOOKUP(A26,'COUT GLOBAL'!A:L,9,FALSE)),"") -> Locatif | N26: =IF(ISBLANK(G26),"-",IF(L25<2012,"RT2005","RT2012")) -> - | X26: =IF('COUT TVX'!E23=0,"",'COUT TVX'!E23) | AE26: =IFERROR((AD26/AH26),"") | AG26: =IF('COUT TVX'!F23=0,"",'COUT TVX'!F23) | AH26: =IF('COUT TVX'!G23=0,"",'COUT TVX'!G23) | AI26: =IFERROR((AG26/AH26),"") | AJ26: ='COUT TVX'!K23 -> LOT 11 - ELEC- CHAUFFAGE - VMC | AK26: ='COUT TVX'!L23 -> ELECTRICITE / CHAUFFAGE/PLOMBERIE/VMC | AL26: ='COUT TVX'!M23 -> 71779.28 | AS26: =IF(ISBLANK('COUT TVX'!Q23),"",'COUT TVX'!Q23) | AT26: =IFERROR((AM26/X26),"") | AU26: =IFERROR((AM26/AG26),"") | AV26: =IFERROR((AM26/AH26),"")
A27: ='COUT TVX'!A24 -> 804 | B27: ='COUT TVX'!B24 -> LHOMME LOT.L'AIGUILLE | D27: LHOMME | E27: =IF(ISBLANK('COUT TVX'!I24),"",'COUT TVX'!I24) -> 3 | F27: ='COUT TVX'!R24 -> Z3 | H27: ='COUT TVX'!C24 -> 2009 | I27: ='COUT TVX'!D24 -> 2010 | J27: =IF('COUT TVX'!H24="IND","IND",IF('COUT TVX'!H24="COLL","COLL",IF('COUT TVX'!H24="INT","COL","MIXTE"))) -> IND | K27: =IFERROR((VLOOKUP(A27,'COUT GLOBAL'!A:L,9,FALSE)),"") -> Locatif | N27: =IF(ISBLANK(G27),"-",IF(L26<2012,"RT2005","RT2012")) -> - | X27: =IF('COUT TVX'!E24=0,"",'COUT TVX'!E24) -> 7 | AE27: =IFERROR((AD27/AH27),"") -> 0 | AG27: =IF('COUT TVX'!F24=0,"",'COUT TVX'!F24) -> 525.02 | AH27: =IF('COUT TVX'!G24=0,"",'COUT TVX'!G24) -> 550.6 | AI27: =IFERROR((AG27/AH27),"") -> 0.95354159 | AJ27: ='COUT TVX'!K24 -> LOT 01 - GROS-OEUVRE | AK27: ='COUT TVX'!L24 -> GROS ŒUVRE | AL27: ='COUT TVX'!M24 -> 223377.5 | AS27: =IF(ISBLANK('COUT TVX'!Q24),"",'COUT TVX'!Q24) -> 0.055 | AT27: =IFERROR((AM27/X27),"") -> 0 | AU27: =IFERROR((AM27/AG27),"") -> 0 | AV27: =IFERROR((AM27/AH27),"") -> 0
A28: ='COUT TVX'!A25 -> 804 | B28: ='COUT TVX'!B25 -> LHOMME LOT.L'AIGUILLE | E28: =IF(ISBLANK('COUT TVX'!I25),"",'COUT TVX'!I25) -> 3 | F28: ='COUT TVX'!R25 -> Z3 | H28: ='COUT TVX'!C25 -> 2009 | I28: ='COUT TVX'!D25 -> 2010 | J28: =IF('COUT TVX'!H25="IND","IND",IF('COUT TVX'!H25="COLL","COLL",IF('COUT TVX'!H25="INT","COL","MIXTE"))) -> IND | K28: =IFERROR((VLOOKUP(A28,'COUT GLOBAL'!A:L,9,FALSE)),"") -> Locatif | N28: =IF(ISBLANK(G28),"-",IF(L27<2012,"RT2005","RT2012")) -> - | X28: =IF('COUT TVX'!E25=0,"",'COUT TVX'!E25) | AE28: =IFERROR((AD28/AH28),"") | AG28: =IF('COUT TVX'!F25=0,"",'COUT TVX'!F25) | AH28: =IF('COUT TVX'!G25=0,"",'COUT TVX'!G25) | AI28: =IFERROR((AG28/AH28),"") | AJ28: ='COUT TVX'!K25 -> LOT 02 - CHARPENTE COUVERTURE | AK28: ='COUT TVX'!L25 -> CHARPENTE / COUVERTURE | AL28: ='COUT TVX'!M25 -> 103584.28 | AS28: =IF(ISBLANK('COUT TVX'!Q25),"",'COUT TVX'!Q25) | AT28: =IFERROR((AM28/X28),"") | AU28: =IFERROR((AM28/AG28),"") | AV28: =IFERROR((AM28/AH28),"")
A29: ='COUT TVX'!A26 -> 804 | B29: ='COUT TVX'!B26 -> LHOMME LOT.L'AIGUILLE | E29: =IF(ISBLANK('COUT TVX'!I26),"",'COUT TVX'!I26) -> 3 | F29: ='COUT TVX'!R26 -> Z3 | H29: ='COUT TVX'!C26 -> 2009 | I29: ='COUT TVX'!D26 -> 2010 | J29: =IF('COUT TVX'!H26="IND","IND",IF('COUT TVX'!H26="COLL","COLL",IF('COUT TVX'!H26="INT","COL","MIXTE"))) -> IND | K29: =IFERROR((VLOOKUP(A29,'COUT GLOBAL'!A:L,9,FALSE)),"") -> Locatif | N29: =IF(ISBLANK(G29),"-",IF(L28<2012,"RT2005","RT2012")) -> - | X29: =IF('COUT TVX'!E26=0,"",'COUT TVX'!E26) | AE29: =IFERROR((AD29/AH29),"") | AG29: =IF('COUT TVX'!F26=0,"",'COUT TVX'!F26) | AH29: =IF('COUT TVX'!G26=0,"",'COUT TVX'!G26) | AI29: =IFERROR((AG29/AH29),"") | AJ29: ='COUT TVX'!K26 -> LOT 03 - ETANCHEITE | AK29: ='COUT TVX'!L26 -> CHARPENTE / COUVERTURE | AL29: ='COUT TVX'!M26 -> 8878.05 | AS29: =IF(ISBLANK('COUT TVX'!Q26),"",'COUT TVX'!Q26) | AT29: =IFERROR((AM29/X29),"") | AU29: =IFERROR((AM29/AG29),"") | AV29: =IFERROR((AM29/AH29),"")
A30: ='COUT TVX'!A27 -> 804 | B30: ='COUT TVX'!B27 -> LHOMME LOT.L'AIGUILLE | E30: =IF(ISBLANK('COUT TVX'!I27),"",'COUT TVX'!I27) -> 3 | F30: ='COUT TVX'!R27 -> Z3 | H30: ='COUT TVX'!C27 -> 2009 | I30: ='COUT TVX'!D27 -> 2010 | J30: =IF('COUT TVX'!H27="IND","IND",IF('COUT TVX'!H27="COLL","COLL",IF('COUT TVX'!H27="INT","COL","MIXTE"))) -> IND | K30: =IFERROR((VLOOKUP(A30,'COUT GLOBAL'!A:L,9,FALSE)),"") -> Locatif | N30: =IF(ISBLANK(G30),"-",IF(L29<2012,"RT2005","RT2012")) -> - | X30: =IF('COUT TVX'!E27=0,"",'COUT TVX'!E27) | AE30: =IFERROR((AD30/AH30),"") | AG30: =IF('COUT TVX'!F27=0,"",'COUT TVX'!F27) | AH30: =IF('COUT TVX'!G27=0,"",'COUT TVX'!G27) | AI30: =IFERROR((AG30/AH30),"") | AJ30: ='COUT TVX'!K27 -> LOT 04 - MENUISERIES PVC - ALU | AK30: ='COUT TVX'!L27 -> SECOND ŒUVRE | AL30: ='COUT TVX'!M27 -> 29403.78 | AS30: =IF(ISBLANK('COUT TVX'!Q27),"",'COUT TVX'!Q27) | AT30: =IFERROR((AM30/X30),"") | AU30: =IFERROR((AM30/AG30),"") | AV30: =IFERROR((AM30/AH30),"")
A31: ='COUT TVX'!A28 -> 804 | B31: ='COUT TVX'!B28 -> LHOMME LOT.L'AIGUILLE | E31: =IF(ISBLANK('COUT TVX'!I28),"",'COUT TVX'!I28) -> 3 | F31: ='COUT TVX'!R28 -> Z3 | H31: ='COUT TVX'!C28 -> 2009 | I31: ='COUT TVX'!D28 -> 2010 | J31: =IF('COUT TVX'!H28="IND","IND",IF('COUT TVX'!H28="COLL","COLL",IF('COUT TVX'!H28="INT","COL","MIXTE"))) -> IND | K31: =IFERROR((VLOOKUP(A31,'COUT GLOBAL'!A:L,9,FALSE)),"") -> Locatif | N31: =IF(ISBLANK(G31),"-",IF(L30<2012,"RT2005","RT2012")) -> - | X31: =IF('COUT TVX'!E28=0,"",'COUT TVX'!E28) | AE31: =IFERROR((AD31/AH31),"") | AG31: =IF('COUT TVX'!F28=0,"",'COUT TVX'!F28) | AH31: =IF('COUT TVX'!G28=0,"",'COUT TVX'!G28) | AI31: =IFERROR((AG31/AH31),"") | AJ31: ='COUT TVX'!K28 -> LOT 05 - MENUISERIES BOIS | AK31: ='COUT TVX'!L28 -> SECOND ŒUVRE | AL31: ='COUT TVX'!M28 -> 20237.23 | AS31: =IF(ISBLANK('COUT TVX'!Q28),"",'COUT TVX'!Q28) | AT31: =IFERROR((AM31/X31),"") | AU31: =IFERROR((AM31/AG31),"") | AV31: =IFERROR((AM31/AH31),"")
A32: ='COUT TVX'!A29 -> 804 | B32: ='COUT TVX'!B29 -> LHOMME LOT.L'AIGUILLE | E32: =IF(ISBLANK('COUT TVX'!I29),"",'COUT TVX'!I29) -> 3 | F32: ='COUT TVX'!R29 -> Z3 | H32: ='COUT TVX'!C29 -> 2009 | I32: ='COUT TVX'!D29 -> 2010 | J32: =IF('COUT TVX'!H29="IND","IND",IF('COUT TVX'!H29="COLL","COLL",IF('COUT TVX'!H29="INT","COL","MIXTE"))) -> IND | K32: =IFERROR((VLOOKUP(A32,'COUT GLOBAL'!A:L,9,FALSE)),"") -> Locatif | N32: =IF(ISBLANK(G32),"-",IF(L31<2012,"RT2005","RT2012")) -> - | X32: =IF('COUT TVX'!E29=0,"",'COUT TVX'!E29) | AE32: =IFERROR((AD32/AH32),"") | AG32: =IF('COUT TVX'!F29=0,"",'COUT TVX'!F29) | AH32: =IF('COUT TVX'!G29=0,"",'COUT TVX'!G29) | AI32: =IFERROR((AG32/AH32),"") | AJ32: ='COUT TVX'!K29 -> LOT 06 - PLATRERIE SECHE - ISO | AK32: ='COUT TVX'!L29 -> SECOND ŒUVRE | AL32: ='COUT TVX'!M29 -> 66629.68 | AS32: =IF(ISBLANK('COUT TVX'!Q29),"",'COUT TVX'!Q29) | AT32: =IFERROR((AM32/X32),"") | AU32: =IFERROR((AM32/AG32),"") | AV32: =IFERROR((AM32/AH32),"")
A33: ='COUT TVX'!A30 -> 804 | B33: ='COUT TVX'!B30 -> LHOMME LOT.L'AIGUILLE | E33: =IF(ISBLANK('COUT TVX'!I30),"",'COUT TVX'!I30) -> 3 | F33: ='COUT TVX'!R30 -> Z3 | H33: ='COUT TVX'!C30 -> 2009 | I33: ='COUT TVX'!D30 -> 2010 | J33: =IF('COUT TVX'!H30="IND","IND",IF('COUT TVX'!H30="COLL","COLL",IF('COUT TVX'!H30="INT","COL","MIXTE"))) -> IND | K33: =IFERROR((VLOOKUP(A33,'COUT GLOBAL'!A:L,9,FALSE)),"") -> Locatif | N33: =IF(ISBLANK(G33),"-",IF(L32<2012,"RT2005","RT2012")) -> - | X33: =IF('COUT TVX'!E30=0,"",'COUT TVX'!E30) | AE33: =IFERROR((AD33/AH33),"") | AG33: =IF('COUT TVX'!F30=0,"",'COUT TVX'!F30) | AH33: =IF('COUT TVX'!G30=0,"",'COUT TVX'!G30) | AI33: =IFERROR((AG33/AH33),"") | AJ33: ='COUT TVX'!K30 -> LOT 07 - ELEC. -CHAUF. ELEC - | AK33: ='COUT TVX'!L30 -> ELECTRICITE / CHAUFFAGE/PLOMBERIE/VMC | AL33: ='COUT TVX'!M30 -> 41434.06 | AS33: =IF(ISBLANK('COUT TVX'!Q30),"",'COUT TVX'!Q30) | AT33: =IFERROR((AM33/X33),"") | AU33: =IFERROR((AM33/AG33),"") | AV33: =IFERROR((AM33/AH33),"")
A34: ='COUT TVX'!A31 -> 804 | B34: ='COUT TVX'!B31 -> LHOMME LOT.L'AIGUILLE | E34: =IF(ISBLANK('COUT TVX'!I31),"",'COUT TVX'!I31) -> 3 | F34: ='COUT TVX'!R31 -> Z3 | H34: ='COUT TVX'!C31 -> 2009 | I34: ='COUT TVX'!D31 -> 2010 | J34: =IF('COUT TVX'!H31="IND","IND",IF('COUT TVX'!H31="COLL","COLL",IF('COUT TVX'!H31="INT","COL","MIXTE"))) -> IND | K34: =IFERROR((VLOOKUP(A34,'COUT GLOBAL'!A:L,9,FALSE)),"") -> Locatif | N34: =IF(ISBLANK(G34),"-",IF(L33<2012,"RT2005","RT2012")) -> - | X34: =IF('COUT TVX'!E31=0,"",'COUT TVX'!E31) | AE34: =IFERROR((AD34/AH34),"") | AG34: =IF('COUT TVX'!F31=0,"",'COUT TVX'!F31) | AH34: =IF('COUT TVX'!G31=0,"",'COUT TVX'!G31) | AI34: =IFERROR((AG34/AH34),"") | AJ34: ='COUT TVX'!K31 -> LOT 08 - PLOMBERIE SANITAIRES | AK34: ='COUT TVX'!L31 -> ELECTRICITE / CHAUFFAGE/PLOMBERIE/VMC | AL34: ='COUT TVX'!M31 -> 32227.47 | AS34: =IF(ISBLANK('COUT TVX'!Q31),"",'COUT TVX'!Q31) | AT34: =IFERROR((AM34/X34),"") | AU34: =IFERROR((AM34/AG34),"") | AV34: =IFERROR((AM34/AH34),"")
A35: ='COUT TVX'!A32 -> 804 | B35: ='COUT TVX'!B32 -> LHOMME LOT.L'AIGUILLE | E35: =IF(ISBLANK('COUT TVX'!I32),"",'COUT TVX'!I32) -> 3 | F35: ='COUT TVX'!R32 -> Z3 | H35: ='COUT TVX'!C32 -> 2009 | I35: ='COUT TVX'!D32 -> 2010 | J35: =IF('COUT TVX'!H32="IND","IND",IF('COUT TVX'!H32="COLL","COLL",IF('COUT TVX'!H32="INT","COL","MIXTE"))) -> IND | K35: =IFERROR((VLOOKUP(A35,'COUT GLOBAL'!A:L,9,FALSE)),"") -> Locatif | N35: =IF(ISBLANK(G35),"-",IF(L34<2012,"RT2005","RT2012")) -> - | X35: =IF('COUT TVX'!E32=0,"",'COUT TVX'!E32) | AE35: =IFERROR((AD35/AH35),"") | AG35: =IF('COUT TVX'!F32=0,"",'COUT TVX'!F32) | AH35: =IF('COUT TVX'!G32=0,"",'COUT TVX'!G32) | AI35: =IFERROR((AG35/AH35),"") | AJ35: ='COUT TVX'!K32 -> LOT 09 - CARRELAGE FAIENCE | AK35: ='COUT TVX'!L32 -> SECOND ŒUVRE | AL35: ='COUT TVX'!M32 -> 27350.19 | AS35: =IF(ISBLANK('COUT TVX'!Q32),"",'COUT TVX'!Q32) | AT35: =IFERROR((AM35/X35),"") | AU35: =IFERROR((AM35/AG35),"") | AV35: =IFERROR((AM35/AH35),"")
A36: ='COUT TVX'!A33 -> 804 | B36: ='COUT TVX'!B33 -> LHOMME LOT.L'AIGUILLE | E36: =IF(ISBLANK('COUT TVX'!I33),"",'COUT TVX'!I33) -> 3 | F36: ='COUT TVX'!R33 -> Z3 | H36: ='COUT TVX'!C33 -> 2009 | I36: ='COUT TVX'!D33 -> 2010 | J36: =IF('COUT TVX'!H33="IND","IND",IF('COUT TVX'!H33="COLL","COLL",IF('COUT TVX'!H33="INT","COL","MIXTE"))) -> IND | K36: =IFERROR((VLOOKUP(A36,'COUT GLOBAL'!A:L,9,FALSE)),"") -> Locatif | N36: =IF(ISBLANK(G36),"-",IF(L35<2012,"RT2005","RT2012")) -> - | X36: =IF('COUT TVX'!E33=0,"",'COUT TVX'!E33) | AE36: =IFERROR((AD36/AH36),"") | AG36: =IF('COUT TVX'!F33=0,"",'COUT TVX'!F33) | AH36: =IF('COUT TVX'!G33=0,"",'COUT TVX'!G33) | AI36: =IFERROR((AG36/AH36),"") | AJ36: ='COUT TVX'!K33 -> LOT 10 - SOLS MINCES - PEINTUR | AK36: ='COUT TVX'!L33 -> SECOND ŒUVRE | AL36: ='COUT TVX'!M33 -> 29397.45 | AS36: =IF(ISBLANK('COUT TVX'!Q33),"",'COUT TVX'!Q33) | AT36: =IFERROR((AM36/X36),"") | AU36: =IFERROR((AM36/AG36),"") | AV36: =IFERROR((AM36/AH36),"")
A37: ='COUT TVX'!A34 -> 2502 | B37: ='COUT TVX'!B34 -> MONTFORT LE GESNOIS RES DE LA | D37: MONFORT LE GESNOIS | E37: =IF(ISBLANK('COUT TVX'!I34),"",'COUT TVX'!I34) -> 1 | F37: ='COUT TVX'!R34 -> Z3 | H37: ='COUT TVX'!C34 -> 2009 | I37: ='COUT TVX'!D34 -> 2010 | J37: =IF('COUT TVX'!H34="IND","IND",IF('COUT TVX'!H34="COLL","COLL",IF('COUT TVX'!H34="INT","COL","MIXTE"))) -> MIXTE | K37: =IFERROR((VLOOKUP(A37,'COUT GLOBAL'!A:L,9,FALSE)),"") -> Locatif | N37: =IF(ISBLANK(G37),"-",IF(L36<2012,"RT2005","RT2012")) -> - | X37: =IF('COUT TVX'!E34=0,"",'COUT TVX'!E34) -> 20 | AE37: =IFERROR((AD37/AH37),"") -> 0 | AG37: =IF('COUT TVX'!F34=0,"",'COUT TVX'!F34) -> 1342.13 | AH37: =IF('COUT TVX'!G34=0,"",'COUT TVX'!G34) -> 1426.67 | AI37: =IFERROR((AG37/AH37),"") -> 0.94074313 | AJ37: ='COUT TVX'!K34 -> LOT 01 - TERRAS. - G.O. - RAVA | AK37: ='COUT TVX'!L34 -> GROS ŒUVRE | AL37: ='COUT TVX'!M34 -> 713312.16 | AS37: =IF(ISBLANK('COUT TVX'!Q34),"",'COUT TVX'!Q34) -> 0.055 | AT37: =IFERROR((AM37/X37),"") -> 0 | AU37: =IFERROR((AM37/AG37),"") -> 0 | AV37: =IFERROR((AM37/AH37),"") -> 0
A38: ='COUT TVX'!A35 -> 2502 | B38: ='COUT TVX'!B35 -> MONTFORT LE GESNOIS RES DE LA | E38: =IF(ISBLANK('COUT TVX'!I35),"",'COUT TVX'!I35) -> 1 | F38: ='COUT TVX'!R35 -> Z3 | H38: ='COUT TVX'!C35 -> 2009 | I38: ='COUT TVX'!D35 -> 2010 | J38: =IF('COUT TVX'!H35="IND","IND",IF('COUT TVX'!H35="COLL","COLL",IF('COUT TVX'!H35="INT","COL","MIXTE"))) -> MIXTE | K38: =IFERROR((VLOOKUP(A38,'COUT GLOBAL'!A:L,9,FALSE)),"") -> Locatif | N38: =IF(ISBLANK(G38),"-",IF(L37<2012,"RT2005","RT2012")) -> - | X38: =IF('COUT TVX'!E35=0,"",'COUT TVX'!E35) | AE38: =IFERROR((AD38/AH38),"") | AG38: =IF('COUT TVX'!F35=0,"",'COUT TVX'!F35) | AH38: =IF('COUT TVX'!G35=0,"",'COUT TVX'!G35) | AI38: =IFERROR((AG38/AH38),"") | AJ38: ='COUT TVX'!K35 -> LOT 02 - CHARPENTE BOIS | AK38: ='COUT TVX'!L35 -> CHARPENTE / COUVERTURE | AL38: ='COUT TVX'!M35 -> 48779.88 | AS38: =IF(ISBLANK('COUT TVX'!Q35),"",'COUT TVX'!Q35) | AT38: =IFERROR((AM38/X38),"") | AU38: =IFERROR((AM38/AG38),"") | AV38: =IFERROR((AM38/AH38),"")
A39: ='COUT TVX'!A36 -> 2502 | B39: ='COUT TVX'!B36 -> MONTFORT LE GESNOIS RES DE LA | E39: =IF(ISBLANK('COUT TVX'!I36),"",'COUT TVX'!I36) -> 1 | F39: ='COUT TVX'!R36 -> Z3 | H39: ='COUT TVX'!C36 -> 2009 | I39: ='COUT TVX'!D36 -> 2010 | J39: =IF('COUT TVX'!H36="IND","IND",IF('COUT TVX'!H36="COLL","COLL",IF('COUT TVX'!H36="INT","COL","MIXTE"))) -> MIXTE | K39: =IFERROR((VLOOKUP(A39,'COUT GLOBAL'!A:L,9,FALSE)),"") -> Locatif | N39: =IF(ISBLANK(G39),"-",IF(L38<2012,"RT2005","RT2012")) -> - | X39: =IF('COUT TVX'!E36=0,"",'COUT TVX'!E36) | AE39: =IFERROR((AD39/AH39),"") | AG39: =IF('COUT TVX'!F36=0,"",'COUT TVX'!F36) | AH39: =IF('COUT TVX'!G36=0,"",'COUT TVX'!G36) | AI39: =IFERROR((AG39/AH39),"") | AJ39: ='COUT TVX'!K36 -> LOT 03 - COUVERTURE TUILES | AK39: ='COUT TVX'!L36 -> CHARPENTE / COUVERTURE | AL39: ='COUT TVX'!M36 -> 119238.6 | AS39: =IF(ISBLANK('COUT TVX'!Q36),"",'COUT TVX'!Q36) | AT39: =IFERROR((AM39/X39),"") | AU39: =IFERROR((AM39/AG39),"") | AV39: =IFERROR((AM39/AH39),"")
A40: ='COUT TVX'!A37 -> 2502 | B40: ='COUT TVX'!B37 -> MONTFORT LE GESNOIS RES DE LA | E40: =IF(ISBLANK('COUT TVX'!I37),"",'COUT TVX'!I37) -> 1 | F40: ='COUT TVX'!R37 -> Z3 | H40: ='COUT TVX'!C37 -> 2009 | I40: ='COUT TVX'!D37 -> 2010 | J40: =IF('COUT TVX'!H37="IND","IND",IF('COUT TVX'!H37="COLL","COLL",IF('COUT TVX'!H37="INT","COL","MIXTE"))) -> MIXTE | K40: =IFERROR((VLOOKUP(A40,'COUT GLOBAL'!A:L,9,FALSE)),"") -> Locatif | N40: =IF(ISBLANK(G40),"-",IF(L39<2012,"RT2005","RT2012")) -> - | X40: =IF('COUT TVX'!E37=0,"",'COUT TVX'!E37) | AE40: =IFERROR((AD40/AH40),"") | AG40: =IF('COUT TVX'!F37=0,"",'COUT TVX'!F37) | AH40: =IF('COUT TVX'!G37=0,"",'COUT TVX'!G37) | AI40: =IFERROR((AG40/AH40),"") | AJ40: ='COUT TVX'!K37 -> LOT 04 - MENUISERIES EXT. PVC | AK40: ='COUT TVX'!L37 -> SECOND ŒUVRE | AL40: ='COUT TVX'!M37 -> 89192.64 | AS40: =IF(ISBLANK('COUT TVX'!Q37),"",'COUT TVX'!Q37) | AT40: =IFERROR((AM40/X40),"") | AU40: =IFERROR((AM40/AG40),"") | AV40: =IFERROR((AM40/AH40),"")
A41: ='COUT TVX'!A38 -> 2502 | B41: ='COUT TVX'!B38 -> MONTFORT LE GESNOIS RES DE LA | E41: =IF(ISBLANK('COUT TVX'!I38),"",'COUT TVX'!I38) -> 1 | F41: ='COUT TVX'!R38 -> Z3 | H41: ='COUT TVX'!C38 -> 2009 | I41: ='COUT TVX'!D38 -> 2010 | J41: =IF('COUT TVX'!H38="IND","IND",IF('COUT TVX'!H38="COLL","COLL",IF('COUT TVX'!H38="INT","COL","MIXTE"))) -> MIXTE | K41: =IFERROR((VLOOKUP(A41,'COUT GLOBAL'!A:L,9,FALSE)),"") -> Locatif | N41: =IF(ISBLANK(G41),"-",IF(L40<2012,"RT2005","RT2012")) -> - | X41: =IF('COUT TVX'!E38=0,"",'COUT TVX'!E38) | AE41: =IFERROR((AD41/AH41),"") | AG41: =IF('COUT TVX'!F38=0,"",'COUT TVX'!F38) | AH41: =IF('COUT TVX'!G38=0,"",'COUT TVX'!G38) | AI41: =IFERROR((AG41/AH41),"") | AJ41: ='COUT TVX'!K38 -> LOT 05 - SERRURERIE | AK41: ='COUT TVX'!L38 -> SECOND ŒUVRE | AL41: ='COUT TVX'!M38 -> 50699.36 | AS41: =IF(ISBLANK('COUT TVX'!Q38),"",'COUT TVX'!Q38) | AT41: =IFERROR((AM41/X41),"") | AU41: =IFERROR((AM41/AG41),"") | AV41: =IFERROR((AM41/AH41),"")
A42: ='COUT TVX'!A39 -> 2502 | B42: ='COUT TVX'!B39 -> MONTFORT LE GESNOIS RES DE LA | E42: =IF(ISBLANK('COUT TVX'!I39),"",'COUT TVX'!I39) -> 1 | F42: ='COUT TVX'!R39 -> Z3 | H42: ='COUT TVX'!C39 -> 2009 | I42: ='COUT TVX'!D39 -> 2010 | J42: =IF('COUT TVX'!H39="IND","IND",IF('COUT TVX'!H39="COLL","COLL",IF('COUT TVX'!H39="INT","COL","MIXTE"))) -> MIXTE | K42: =IFERROR((VLOOKUP(A42,'COUT GLOBAL'!A:L,9,FALSE)),"") -> Locatif | N42: =IF(ISBLANK(G42),"-",IF(L41<2012,"RT2005","RT2012")) -> - | X42: =IF('COUT TVX'!E39=0,"",'COUT TVX'!E39) | AE42: =IFERROR((AD42/AH42),"") | AG42: =IF('COUT TVX'!F39=0,"",'COUT TVX'!F39) | AH42: =IF('COUT TVX'!G39=0,"",'COUT TVX'!G39) | AI42: =IFERROR((AG42/AH42),"") | AJ42: ='COUT TVX'!K39 -> LOT 06 - PLATRERIE - DOUBLAGES | AK42: ='COUT TVX'!L39 -> SECOND ŒUVRE | AL42: ='COUT TVX'!M39 -> 190535.36 | AS42: =IF(ISBLANK('COUT TVX'!Q39),"",'COUT TVX'!Q39) | AT42: =IFERROR((AM42/X42),"") | AU42: =IFERROR((AM42/AG42),"") | AV42: =IFERROR((AM42/AH42),"")
A43: ='COUT TVX'!A40 -> 2502 | B43: ='COUT TVX'!B40 -> MONTFORT LE GESNOIS RES DE LA | E43: =IF(ISBLANK('COUT TVX'!I40),"",'COUT TVX'!I40) -> 1 | F43: ='COUT TVX'!R40 -> Z3 | H43: ='COUT TVX'!C40 -> 2009 | I43: ='COUT TVX'!D40 -> 2010 | J43: =IF('COUT TVX'!H40="IND","IND",IF('COUT TVX'!H40="COLL","COLL",IF('COUT TVX'!H40="INT","COL","MIXTE"))) -> MIXTE | K43: =IFERROR((VLOOKUP(A43,'COUT GLOBAL'!A:L,9,FALSE)),"") -> Locatif | N43: =IF(ISBLANK(G43),"-",IF(L42<2012,"RT2005","RT2012")) -> - | X43: =IF('COUT TVX'!E40=0,"",'COUT TVX'!E40) | AE43: =IFERROR((AD43/AH43),"") | AG43: =IF('COUT TVX'!F40=0,"",'COUT TVX'!F40) | AH43: =IF('COUT TVX'!G40=0,"",'COUT TVX'!G40) | AI43: =IFERROR((AG43/AH43),"") | AJ43: ='COUT TVX'!K40 -> LOT 07 - CARRELAGES FAIENCE | AK43: ='COUT TVX'!L40 -> SECOND ŒUVRE | AL43: ='COUT TVX'!M40 -> 41907.28 | AS43: =IF(ISBLANK('COUT TVX'!Q40),"",'COUT TVX'!Q40) | AT43: =IFERROR((AM43/X43),"") | AU43: =IFERROR((AM43/AG43),"") | AV43: =IFERROR((AM43/AH43),"")
A44: ='COUT TVX'!A41 -> 2502 | B44: ='COUT TVX'!B41 -> MONTFORT LE GESNOIS RES DE LA | E44: =IF(ISBLANK('COUT TVX'!I41),"",'COUT TVX'!I41) -> 1 | F44: ='COUT TVX'!R41 -> Z3 | H44: ='COUT TVX'!C41 -> 2009 | I44: ='COUT TVX'!D41 -> 2010 | J44: =IF('COUT TVX'!H41="IND","IND",IF('COUT TVX'!H41="COLL","COLL",IF('COUT TVX'!H41="INT","COL","MIXTE"))) -> MIXTE | K44: =IFERROR((VLOOKUP(A44,'COUT GLOBAL'!A:L,9,FALSE)),"") -> Locatif | N44: =IF(ISBLANK(G44),"-",IF(L43<2012,"RT2005","RT2012")) -> - | X44: =IF('COUT TVX'!E41=0,"",'COUT TVX'!E41) | AE44: =IFERROR((AD44/AH44),"") | AG44: =IF('COUT TVX'!F41=0,"",'COUT TVX'!F41) | AH44: =IF('COUT TVX'!G41=0,"",'COUT TVX'!G41) | AI44: =IFERROR((AG44/AH44),"") | AJ44: ='COUT TVX'!K41 -> LOT 08 - PEINTURE SOLS SOUPLES | AK44: ='COUT TVX'!L41 -> SECOND ŒUVRE | AL44: ='COUT TVX'!M41 -> 82588.61 | AS44: =IF(ISBLANK('COUT TVX'!Q41),"",'COUT TVX'!Q41) | AT44: =IFERROR((AM44/X44),"") | AU44: =IFERROR((AM44/AG44),"") | AV44: =IFERROR((AM44/AH44),"")
A45: ='COUT TVX'!A42 -> 2502 | B45: ='COUT TVX'!B42 -> MONTFORT LE GESNOIS RES DE LA | E45: =IF(ISBLANK('COUT TVX'!I42),"",'COUT TVX'!I42) -> 1 | F45: ='COUT TVX'!R42 -> Z3 | H45: ='COUT TVX'!C42 -> 2009 | I45: ='COUT TVX'!D42 -> 2010 | J45: =IF('COUT TVX'!H42="IND","IND",IF('COUT TVX'!H42="COLL","COLL",IF('COUT TVX'!H42="INT","COL","MIXTE"))) -> MIXTE | K45: =IFERROR((VLOOKUP(A45,'COUT GLOBAL'!A:L,9,FALSE)),"") -> Locatif | N45: =IF(ISBLANK(G45),"-",IF(L44<2012,"RT2005","RT2012")) -> - | X45: =IF('COUT TVX'!E42=0,"",'COUT TVX'!E42) | AE45: =IFERROR((AD45/AH45),"") | AG45: =IF('COUT TVX'!F42=0,"",'COUT TVX'!F42) | AH45: =IF('COUT TVX'!G42=0,"",'COUT TVX'!G42) | AI45: =IFERROR((AG45/AH45),"") | AJ45: ='COUT TVX'!K42 -> LOT 09 - PLOMBERIE SANITAIRES | AK45: ='COUT TVX'!L42 -> ELECTRICITE / CHAUFFAGE/PLOMBERIE/VMC | AL45: ='COUT TVX'!M42 -> 154166.58 | AS45: =IF(ISBLANK('COUT TVX'!Q42),"",'COUT TVX'!Q42) | AT45: =IFERROR((AM45/X45),"") | AU45: =IFERROR((AM45/AG45),"") | AV45: =IFERROR((AM45/AH45),"")
A46: ='COUT TVX'!A43 -> 2502 | B46: ='COUT TVX'!B43 -> MONTFORT LE GESNOIS RES DE LA | E46: =IF(ISBLANK('COUT TVX'!I43),"",'COUT TVX'!I43) -> 1 | F46: ='COUT TVX'!R43 -> Z3 | H46: ='COUT TVX'!C43 -> 2009 | I46: ='COUT TVX'!D43 -> 2010 | J46: =IF('COUT TVX'!H43="IND","IND",IF('COUT TVX'!H43="COLL","COLL",IF('COUT TVX'!H43="INT","COL","MIXTE"))) -> MIXTE | K46: =IFERROR((VLOOKUP(A46,'COUT GLOBAL'!A:L,9,FALSE)),"") -> Locatif | N46: =IF(ISBLANK(G46),"-",IF(L45<2012,"RT2005","RT2012")) -> - | X46: =IF('COUT TVX'!E43=0,"",'COUT TVX'!E43) | AE46: =IFERROR((AD46/AH46),"") | AG46: =IF('COUT TVX'!F43=0,"",'COUT TVX'!F43) | AH46: =IF('COUT TVX'!G43=0,"",'COUT TVX'!G43) | AI46: =IFERROR((AG46/AH46),"") | AJ46: ='COUT TVX'!K43 -> LOT 10 - ELECTRICITE COURANTS | AK46: ='COUT TVX'!L43 -> ELECTRICITE / CHAUFFAGE/PLOMBERIE/VMC | AL46: ='COUT TVX'!M43 -> 87384.76 | AS46: =IF(ISBLANK('COUT TVX'!Q43),"",'COUT TVX'!Q43) | AT46: =IFERROR((AM46/X46),"") | AU46: =IFERROR((AM46/AG46),"") | AV46: =IFERROR((AM46/AH46),"")
A47: ='COUT TVX'!A44 -> 4112 | B47: ='COUT TVX'!B44 -> BRULON RUES MORSE, GRAHAM BELL | D47: BRULON | E47: =IF(ISBLANK('COUT TVX'!I44),"",'COUT TVX'!I44) -> 5 | F47: ='COUT TVX'!R44 -> Z3 | H47: ='COUT TVX'!C44 -> 2009 | I47: ='COUT TVX'!D44 -> 2010 | J47: =IF('COUT TVX'!H44="IND","IND",IF('COUT TVX'!H44="COLL","COLL",IF('COUT TVX'!H44="INT","COL","MIXTE"))) -> IND | K47: =IFERROR((VLOOKUP(A47,'COUT GLOBAL'!A:L,9,FALSE)),"") -> Locatif | N47: =IF(ISBLANK(G47),"-",IF(L46<2012,"RT2005","RT2012")) -> - | X47: =IF('COUT TVX'!E44=0,"",'COUT TVX'!E44) -> 5 | AE47: =IFERROR((AD47/AH47),"") -> 0 | AG47: =IF('COUT TVX'!F44=0,"",'COUT TVX'!F44) -> 418.63 | AH47: =IF('COUT TVX'!G44=0,"",'COUT TVX'!G44) -> 433.96 | AI47: =IFERROR((AG47/AH47),"") -> 0.96467416 | AJ47: ='COUT TVX'!K44 -> LOT 1 - GROS OEUVRE - RAVALT | AK47: ='COUT TVX'!L44 -> GROS ŒUVRE | AL47: ='COUT TVX'!M44 -> 239655.64 | AS47: =IF(ISBLANK('COUT TVX'!Q44),"",'COUT TVX'!Q44) -> 0.055 | AT47: =IFERROR((AM47/X47),"") -> 0 | AU47: =IFERROR((AM47/AG47),"") -> 0 | AV47: =IFERROR((AM47/AH47),"") -> 0
A48: ='COUT TVX'!A45 -> 4112 | B48: ='COUT TVX'!B45 -> BRULON RUES MORSE, GRAHAM BELL | E48: =IF(ISBLANK('COUT TVX'!I45),"",'COUT TVX'!I45) -> 5 | F48: ='COUT TVX'!R45 -> Z3 | H48: ='COUT TVX'!C45 -> 2009 | I48: ='COUT TVX'!D45 -> 2010 | J48: =IF('COUT TVX'!H45="IND","IND",IF('COUT TVX'!H45="COLL","COLL",IF('COUT TVX'!H45="INT","COL","MIXTE"))) -> IND | K48: =IFERROR((VLOOKUP(A48,'COUT GLOBAL'!A:L,9,FALSE)),"") -> Locatif | N48: =IF(ISBLANK(G48),"-",IF(L47<2012,"RT2005","RT2012")) -> - | X48: =IF('COUT TVX'!E45=0,"",'COUT TVX'!E45) | AE48: =IFERROR((AD48/AH48),"") | AG48: =IF('COUT TVX'!F45=0,"",'COUT TVX'!F45) | AH48: =IF('COUT TVX'!G45=0,"",'COUT TVX'!G45) | AI48: =IFERROR((AG48/AH48),"") | AJ48: ='COUT TVX'!K45 -> LOT 2 - CHARPENTE - COUVERTURE | AK48: ='COUT TVX'!L45 -> CHARPENTE / COUVERTURE | AL48: ='COUT TVX'!M45 -> 88020.54 | AS48: =IF(ISBLANK('COUT TVX'!Q45),"",'COUT TVX'!Q45) | AT48: =IFERROR((AM48/X48),"") | AU48: =IFERROR((AM48/AG48),"") | AV48: =IFERROR((AM48/AH48),"")
A49: ='COUT TVX'!A46 -> 4112 | B49: ='COUT TVX'!B46 -> BRULON RUES MORSE, GRAHAM BELL | E49: =IF(ISBLANK('COUT TVX'!I46),"",'COUT TVX'!I46) -> 5 | F49: ='COUT TVX'!R46 -> Z3 | H49: ='COUT TVX'!C46 -> 2009 | I49: ='COUT TVX'!D46 -> 2010 | J49: =IF('COUT TVX'!H46="IND","IND",IF('COUT TVX'!H46="COLL","COLL",IF('COUT TVX'!H46="INT","COL","MIXTE"))) -> IND | K49: =IFERROR((VLOOKUP(A49,'COUT GLOBAL'!A:L,9,FALSE)),"") -> Locatif | N49: =IF(ISBLANK(G49),"-",IF(L48<2012,"RT2005","RT2012")) -> - | X49: =IF('COUT TVX'!E46=0,"",'COUT TVX'!E46) | AE49: =IFERROR((AD49/AH49),"") | AG49: =IF('COUT TVX'!F46=0,"",'COUT TVX'!F46) | AH49: =IF('COUT TVX'!G46=0,"",'COUT TVX'!G46) | AI49: =IFERROR((AG49/AH49),"") | AJ49: ='COUT TVX'!K46 -> LOT 3 - MENUISERIES EXT. PVC | AK49: ='COUT TVX'!L46 -> SECOND ŒUVRE | AL49: ='COUT TVX'!M46 -> 31685.27 | AS49: =IF(ISBLANK('COUT TVX'!Q46),"",'COUT TVX'!Q46) | AT49: =IFERROR((AM49/X49),"") | AU49: =IFERROR((AM49/AG49),"") | AV49: =IFERROR((AM49/AH49),"")
A50: ='COUT TVX'!A47 -> 4112 | B50: ='COUT TVX'!B47 -> BRULON RUES MORSE, GRAHAM BELL | E50: =IF(ISBLANK('COUT TVX'!I47),"",'COUT TVX'!I47) -> 5 | F50: ='COUT TVX'!R47 -> Z3 | H50: ='COUT TVX'!C47 -> 2009 | I50: ='COUT TVX'!D47 -> 2010 | J50: =IF('COUT TVX'!H47="IND","IND",IF('COUT TVX'!H47="COLL","COLL",IF('COUT TVX'!H47="INT","COL","MIXTE"))) -> IND | K50: =IFERROR((VLOOKUP(A50,'COUT GLOBAL'!A:L,9,FALSE)),"") -> Locatif | N50: =IF(ISBLANK(G50),"-",IF(L49<2012,"RT2005","RT2012")) -> - | X50: =IF('COUT TVX'!E47=0,"",'COUT TVX'!E47) | AE50: =IFERROR((AD50/AH50),"") | AG50: =IF('COUT TVX'!F47=0,"",'COUT TVX'!F47) | AH50: =IF('COUT TVX'!G47=0,"",'COUT TVX'!G47) | AI50: =IFERROR((AG50/AH50),"") | AJ50: ='COUT TVX'!K47 -> LOT 4 - PLATRERIE | AK50: ='COUT TVX'!L47 -> SECOND ŒUVRE | AL50: ='COUT TVX'!M47 -> 53688.25 | AS50: =IF(ISBLANK('COUT TVX'!Q47),"",'COUT TVX'!Q47) | AT50: =IFERROR((AM50/X50),"") | AU50: =IFERROR((AM50/AG50),"") | AV50: =IFERROR((AM50/AH50),"")
A51: ='COUT TVX'!A48 -> 4112 | B51: ='COUT TVX'!B48 -> BRULON RUES MORSE, GRAHAM BELL | E51: =IF(ISBLANK('COUT TVX'!I48),"",'COUT TVX'!I48) -> 5 | F51: ='COUT TVX'!R48 -> Z3 | H51: ='COUT TVX'!C48 -> 2009 | I51: ='COUT TVX'!D48 -> 2010 | J51: =IF('COUT TVX'!H48="IND","IND",IF('COUT TVX'!H48="COLL","COLL",IF('COUT TVX'!H48="INT","COL","MIXTE"))) -> IND | K51: =IFERROR((VLOOKUP(A51,'COUT GLOBAL'!A:L,9,FALSE)),"") -> Locatif | N51: =IF(ISBLANK(G51),"-",IF(L50<2012,"RT2005","RT2012")) -> - | X51: =IF('COUT TVX'!E48=0,"",'COUT TVX'!E48) | AE51: =IFERROR((AD51/AH51),"") | AG51: =IF('COUT TVX'!F48=0,"",'COUT TVX'!F48) | AH51: =IF('COUT TVX'!G48=0,"",'COUT TVX'!G48) | AI51: =IFERROR((AG51/AH51),"") | AJ51: ='COUT TVX'!K48 -> LOT 5 - MENUISERIES INT. BOIS | AK51: ='COUT TVX'!L48 -> SECOND ŒUVRE | AL51: ='COUT TVX'!M48 -> 18619.83 | AS51: =IF(ISBLANK('COUT TVX'!Q48),"",'COUT TVX'!Q48) | AT51: =IFERROR((AM51/X51),"") | AU51: =IFERROR((AM51/AG51),"") | AV51: =IFERROR((AM51/AH51),"")
A52: ='COUT TVX'!A49 -> 4112 | B52: ='COUT TVX'!B49 -> BRULON RUES MORSE, GRAHAM BELL | E52: =IF(ISBLANK('COUT TVX'!I49),"",'COUT TVX'!I49) -> 5 | F52: ='COUT TVX'!R49 -> Z3 | H52: ='COUT TVX'!C49 -> 2009 | I52: ='COUT TVX'!D49 -> 2010 | J52: =IF('COUT TVX'!H49="IND","IND",IF('COUT TVX'!H49="COLL","COLL",IF('COUT TVX'!H49="INT","COL","MIXTE"))) -> IND | K52: =IFERROR((VLOOKUP(A52,'COUT GLOBAL'!A:L,9,FALSE)),"") -> Locatif | N52: =IF(ISBLANK(G52),"-",IF(L51<2012,"RT2005","RT2012")) -> - | X52: =IF('COUT TVX'!E49=0,"",'COUT TVX'!E49) | AE52: =IFERROR((AD52/AH52),"") | AG52: =IF('COUT TVX'!F49=0,"",'COUT TVX'!F49) | AH52: =IF('COUT TVX'!G49=0,"",'COUT TVX'!G49) | AI52: =IFERROR((AG52/AH52),"") | AJ52: ='COUT TVX'!K49 -> LOT 7 ELECTRICITE | AK52: ='COUT TVX'!L49 -> ELECTRICITE / CHAUFFAGE/PLOMBERIE/VMC | AL52: ='COUT TVX'!M49 -> 27928.2 | AS52: =IF(ISBLANK('COUT TVX'!Q49),"",'COUT TVX'!Q49) | AT52: =IFERROR((AM52/X52),"") | AU52: =IFERROR((AM52/AG52),"") | AV52: =IFERROR((AM52/AH52),"")
A53: ='COUT TVX'!A50 -> 4112 | B53: ='COUT TVX'!B50 -> BRULON RUES MORSE, GRAHAM BELL | E53: =IF(ISBLANK('COUT TVX'!I50),"",'COUT TVX'!I50) -> 5 | F53: ='COUT TVX'!R50 -> Z3 | H53: ='COUT TVX'!C50 -> 2009 | I53: ='COUT TVX'!D50 -> 2010 | J53: =IF('COUT TVX'!H50="IND","IND",IF('COUT TVX'!H50="COLL","COLL",IF('COUT TVX'!H50="INT","COL","MIXTE"))) -> IND | K53: =IFERROR((VLOOKUP(A53,'COUT GLOBAL'!A:L,9,FALSE)),"") -> Locatif | N53: =IF(ISBLANK(G53),"-",IF(L52<2012,"RT2005","RT2012")) -> - | X53: =IF('COUT TVX'!E50=0,"",'COUT TVX'!E50) | AE53: =IFERROR((AD53/AH53),"") | AG53: =IF('COUT TVX'!F50=0,"",'COUT TVX'!F50) | AH53: =IF('COUT TVX'!G50=0,"",'COUT TVX'!G50) | AI53: =IFERROR((AG53/AH53),"") | AJ53: ='COUT TVX'!K50 -> LOT 6 - CARRELAGE - FAIENCE | AK53: ='COUT TVX'!L50 -> SECOND ŒUVRE | AL53: ='COUT TVX'!M50 -> 24035.04 | AS53: =IF(ISBLANK('COUT TVX'!Q50),"",'COUT TVX'!Q50) | AT53: =IFERROR((AM53/X53),"") | AU53: =IFERROR((AM53/AG53),"") | AV53: =IFERROR((AM53/AH53),"")
A54: ='COUT TVX'!A51 -> 4112 | B54: ='COUT TVX'!B51 -> BRULON RUES MORSE, GRAHAM BELL | E54: =IF(ISBLANK('COUT TVX'!I51),"",'COUT TVX'!I51) -> 5 | F54: ='COUT TVX'!R51 -> Z3 | H54: ='COUT TVX'!C51 -> 2009 | I54: ='COUT TVX'!D51 -> 2010 | J54: =IF('COUT TVX'!H51="IND","IND",IF('COUT TVX'!H51="COLL","COLL",IF('COUT TVX'!H51="INT","COL","MIXTE"))) -> IND | K54: =IFERROR((VLOOKUP(A54,'COUT GLOBAL'!A:L,9,FALSE)),"") -> Locatif | N54: =IF(ISBLANK(G54),"-",IF(L53<2012,"RT2005","RT2012")) -> - | X54: =IF('COUT TVX'!E51=0,"",'COUT TVX'!E51) | AE54: =IFERROR((AD54/AH54),"") | AG54: =IF('COUT TVX'!F51=0,"",'COUT TVX'!F51) | AH54: =IF('COUT TVX'!G51=0,"",'COUT TVX'!G51) | AI54: =IFERROR((AG54/AH54),"") | AJ54: ='COUT TVX'!K51 -> LOT 8 - PLOMBERIE/CHAUFFAGE/VM | AK54: ='COUT TVX'!L51 -> ELECTRICITE / CHAUFFAGE/PLOMBERIE/VMC | AL54: ='COUT TVX'!M51 -> 55338.49 | AS54: =IF(ISBLANK('COUT TVX'!Q51),"",'COUT TVX'!Q51) | AT54: =IFERROR((AM54/X54),"") | AU54: =IFERROR((AM54/AG54),"") | AV54: =IFERROR((AM54/AH54),"")
A55: ='COUT TVX'!A52 -> 4112 | B55: ='COUT TVX'!B52 -> BRULON RUES MORSE, GRAHAM BELL | E55: =IF(ISBLANK('COUT TVX'!I52),"",'COUT TVX'!I52) -> 5 | F55: ='COUT TVX'!R52 -> Z3 | H55: ='COUT TVX'!C52 -> 2009 | I55: ='COUT TVX'!D52 -> 2010 | J55: =IF('COUT TVX'!H52="IND","IND",IF('COUT TVX'!H52="COLL","COLL",IF('COUT TVX'!H52="INT","COL","MIXTE"))) -> IND | K55: =IFERROR((VLOOKUP(A55,'COUT GLOBAL'!A:L,9,FALSE)),"") -> Locatif | N55: =IF(ISBLANK(G55),"-",IF(L54<2012,"RT2005","RT2012")) -> - | X55: =IF('COUT TVX'!E52=0,"",'COUT TVX'!E52) | AE55: =IFERROR((AD55/AH55),"") | AG55: =IF('COUT TVX'!F52=0,"",'COUT TVX'!F52) | AH55: =IF('COUT TVX'!G52=0,"",'COUT TVX'!G52) | AI55: =IFERROR((AG55/AH55),"") | AJ55: ='COUT TVX'!K52 -> LOT 9 - PEINT - REVET. MURAUX | AK55: ='COUT TVX'!L52 -> SECOND ŒUVRE | AL55: ='COUT TVX'!M52 -> 20604.43 | AS55: =IF(ISBLANK('COUT TVX'!Q52),"",'COUT TVX'!Q52) | AT55: =IFERROR((AM55/X55),"") | AU55: =IFERROR((AM55/AG55),"") | AV55: =IFERROR((AM55/AH55),"")
A56: ='COUT TVX'!A53 -> 4112 | B56: ='COUT TVX'!B53 -> BRULON RUES MORSE, GRAHAM BELL | E56: =IF(ISBLANK('COUT TVX'!I53),"",'COUT TVX'!I53) -> 5 | F56: ='COUT TVX'!R53 -> Z3 | H56: ='COUT TVX'!C53 -> 2009 | I56: ='COUT TVX'!D53 -> 2010 | J56: =IF('COUT TVX'!H53="IND","IND",IF('COUT TVX'!H53="COLL","COLL",IF('COUT TVX'!H53="INT","COL","MIXTE"))) -> IND | K56: =IFERROR((VLOOKUP(A56,'COUT GLOBAL'!A:L,9,FALSE)),"") -> Locatif | N56: =IF(ISBLANK(G56),"-",IF(L55<2012,"RT2005","RT2012")) -> - | X56: =IF('COUT TVX'!E53=0,"",'COUT TVX'!E53) | AE56: =IFERROR((AD56/AH56),"") | AG56: =IF('COUT TVX'!F53=0,"",'COUT TVX'!F53) | AH56: =IF('COUT TVX'!G53=0,"",'COUT TVX'!G53) | AI56: =IFERROR((AG56/AH56),"") | AJ56: ='COUT TVX'!K53 -> LOT 10 - REVTS SOLS SOUPLES | AK56: ='COUT TVX'!L53 -> SECOND ŒUVRE | AL56: ='COUT TVX'!M53 -> 4747 | AS56: =IF(ISBLANK('COUT TVX'!Q53),"",'COUT TVX'!Q53) | AT56: =IFERROR((AM56/X56),"") | AU56: =IFERROR((AM56/AG56),"") | AV56: =IFERROR((AM56/AH56),"")
A57: ='COUT TVX'!A54 -> 9792 | B57: ='COUT TVX'!B54 -> ALLONNES LA BUJERIE | D57: ALLONNES | E57: =IF(ISBLANK('COUT TVX'!I54),"",'COUT TVX'!I54) -> 4 | F57: ='COUT TVX'!R54 -> Z2 | H57: ='COUT TVX'!C54 -> 2009 | I57: ='COUT TVX'!D54 -> 2010 | J57: =IF('COUT TVX'!H54="IND","IND",IF('COUT TVX'!H54="COLL","COLL",IF('COUT TVX'!H54="INT","COL","MIXTE"))) -> MIXTE | K57: =IFERROR((VLOOKUP(A57,'COUT GLOBAL'!A:L,9,FALSE)),"") -> Locatif | N57: =IF(ISBLANK(G57),"-",IF(L56<2012,"RT2005","RT2012")) -> - | X57: =IF('COUT TVX'!E54=0,"",'COUT TVX'!E54) -> 18 | AE57: =IFERROR((AD57/AH57),"") -> 0 | AG57: =IF('COUT TVX'!F54=0,"",'COUT TVX'!F54) -> 1244.27 | AH57: =IF('COUT TVX'!G54=0,"",'COUT TVX'!G54) -> 1320.64 | AI57: =IFERROR((AG57/AH57),"") -> 0.94217198 | AJ57: ='COUT TVX'!K54 -> LOT 1 - TERRASSEMENT VOIRIES | AK57: ='COUT TVX'!L54 -> GROS ŒUVRE | AL57: ='COUT TVX'!M54 -> 85908.71 | AS57: =IF(ISBLANK('COUT TVX'!Q54),"",'COUT TVX'!Q54) -> 0.055 | AT57: =IFERROR((AM57/X57),"") -> 0 | AU57: =IFERROR((AM57/AG57),"") -> 0 | AV57: =IFERROR((AM57/AH57),"") -> 0
A58: ='COUT TVX'!A55 -> 9792 | B58: ='COUT TVX'!B55 -> ALLONNES LA BUJERIE | E58: =IF(ISBLANK('COUT TVX'!I55),"",'COUT TVX'!I55) -> 4 | F58: ='COUT TVX'!R55 -> Z2 | H58: ='COUT TVX'!C55 -> 2009 | I58: ='COUT TVX'!D55 -> 2010 | J58: =IF('COUT TVX'!H55="IND","IND",IF('COUT TVX'!H55="COLL","COLL",IF('COUT TVX'!H55="INT","COL","MIXTE"))) -> MIXTE | K58: =IFERROR((VLOOKUP(A58,'COUT GLOBAL'!A:L,9,FALSE)),"") -> Locatif | N58: =IF(ISBLANK(G58),"-",IF(L57<2012,"RT2005","RT2012")) -> - | X58: =IF('COUT TVX'!E55=0,"",'COUT TVX'!E55) | AE58: =IFERROR((AD58/AH58),"") | AG58: =IF('COUT TVX'!F55=0,"",'COUT TVX'!F55) | AH58: =IF('COUT TVX'!G55=0,"",'COUT TVX'!G55) | AI58: =IFERROR((AG58/AH58),"") | AJ58: ='COUT TVX'!K55 -> LOT 2 - RESEAUX DIVERS | AK58: ='COUT TVX'!L55 -> VRD | AL58: ='COUT TVX'!M55 -> 34174.83 | AS58: =IF(ISBLANK('COUT TVX'!Q55),"",'COUT TVX'!Q55) | AT58: =IFERROR((AM58/X58),"") | AU58: =IFERROR((AM58/AG58),"") | AV58: =IFERROR((AM58/AH58),"")
A59: ='COUT TVX'!A56 -> 9792 | B59: ='COUT TVX'!B56 -> ALLONNES LA BUJERIE | E59: =IF(ISBLANK('COUT TVX'!I56),"",'COUT TVX'!I56) -> 4 | F59: ='COUT TVX'!R56 -> Z2 | H59: ='COUT TVX'!C56 -> 2009 | I59: ='COUT TVX'!D56 -> 2010 | J59: =IF('COUT TVX'!H56="IND","IND",IF('COUT TVX'!H56="COLL","COLL",IF('COUT TVX'!H56="INT","COL","MIXTE"))) -> MIXTE | K59: =IFERROR((VLOOKUP(A59,'COUT GLOBAL'!A:L,9,FALSE)),"") -> Locatif | N59: =IF(ISBLANK(G59),"-",IF(L58<2012,"RT2005","RT2012")) -> - | X59: =IF('COUT TVX'!E56=0,"",'COUT TVX'!E56) | AE59: =IFERROR((AD59/AH59),"") | AG59: =IF('COUT TVX'!F56=0,"",'COUT TVX'!F56) | AH59: =IF('COUT TVX'!G56=0,"",'COUT TVX'!G56) | AI59: =IFERROR((AG59/AH59),"") | AJ59: ='COUT TVX'!K56 -> LOT 3 -GROS OEUVRE- RAVALEMENT | AK59: ='COUT TVX'!L56 -> GROS ŒUVRE | AL59: ='COUT TVX'!M56 -> 457012.1 | AS59: =IF(ISBLANK('COUT TVX'!Q56),"",'COUT TVX'!Q56) | AT59: =IFERROR((AM59/X59),"") | AU59: =IFERROR((AM59/AG59),"") | AV59: =IFERROR((AM59/AH59),"")
A60: ='COUT TVX'!A57 -> 9792 | B60: ='COUT TVX'!B57 -> ALLONNES LA BUJERIE | E60: =IF(ISBLANK('COUT TVX'!I57),"",'COUT TVX'!I57) -> 4 | F60: ='COUT TVX'!R57 -> Z2 | H60: ='COUT TVX'!C57 -> 2009 | I60: ='COUT TVX'!D57 -> 2010 | J60: =IF('COUT TVX'!H57="IND","IND",IF('COUT TVX'!H57="COLL","COLL",IF('COUT TVX'!H57="INT","COL","MIXTE"))) -> MIXTE | K60: =IFERROR((VLOOKUP(A60,'COUT GLOBAL'!A:L,9,FALSE)),"") -> Locatif | N60: =IF(ISBLANK(G60),"-",IF(L59<2012,"RT2005","RT2012")) -> - | X60: =IF('COUT TVX'!E57=0,"",'COUT TVX'!E57) | AE60: =IFERROR((AD60/AH60),"") | AG60: =IF('COUT TVX'!F57=0,"",'COUT TVX'!F57) | AH60: =IF('COUT TVX'!G57=0,"",'COUT TVX'!G57) | AI60: =IFERROR((AG60/AH60),"") | AJ60: ='COUT TVX'!K57 -> LOT 4 - CHARPENTE BOIS | AK60: ='COUT TVX'!L57 -> CHARPENTE / COUVERTURE | AL60: ='COUT TVX'!M57 -> 29568.59 | AS60: =IF(ISBLANK('COUT TVX'!Q57),"",'COUT TVX'!Q57) | AT60: =IFERROR((AM60/X60),"") | AU60: =IFERROR((AM60/AG60),"") | AV60: =IFERROR((AM60/AH60),"")
A61: ='COUT TVX'!A58 -> 9792 | B61: ='COUT TVX'!B58 -> ALLONNES LA BUJERIE | E61: =IF(ISBLANK('COUT TVX'!I58),"",'COUT TVX'!I58) -> 4 | F61: ='COUT TVX'!R58 -> Z2 | H61: ='COUT TVX'!C58 -> 2009 | I61: ='COUT TVX'!D58 -> 2010 | J61: =IF('COUT TVX'!H58="IND","IND",IF('COUT TVX'!H58="COLL","COLL",IF('COUT TVX'!H58="INT","COL","MIXTE"))) -> MIXTE | K61: =IFERROR((VLOOKUP(A61,'COUT GLOBAL'!A:L,9,FALSE)),"") -> Locatif | N61: =IF(ISBLANK(G61),"-",IF(L60<2012,"RT2005","RT2012")) -> - | X61: =IF('COUT TVX'!E58=0,"",'COUT TVX'!E58) | AE61: =IFERROR((AD61/AH61),"") | AG61: =IF('COUT TVX'!F58=0,"",'COUT TVX'!F58) | AH61: =IF('COUT TVX'!G58=0,"",'COUT TVX'!G58) | AI61: =IFERROR((AG61/AH61),"") | AJ61: ='COUT TVX'!K58 -> LOT 5 - COUVERTURE TUILES | AK61: ='COUT TVX'!L58 -> CHARPENTE / COUVERTURE | AL61: ='COUT TVX'!M58 -> 108972.11 | AS61: =IF(ISBLANK('COUT TVX'!Q58),"",'COUT TVX'!Q58) | AT61: =IFERROR((AM61/X61),"") | AU61: =IFERROR((AM61/AG61),"") | AV61: =IFERROR((AM61/AH61),"")
A62: ='COUT TVX'!A59 -> 9792 | B62: ='COUT TVX'!B59 -> ALLONNES LA BUJERIE | E62: =IF(ISBLANK('COUT TVX'!I59),"",'COUT TVX'!I59) -> 4 | F62: ='COUT TVX'!R59 -> Z2 | H62: ='COUT TVX'!C59 -> 2009 | I62: ='COUT TVX'!D59 -> 2010 | J62: =IF('COUT TVX'!H59="IND","IND",IF('COUT TVX'!H59="COLL","COLL",IF('COUT TVX'!H59="INT","COL","MIXTE"))) -> MIXTE | K62: =IFERROR((VLOOKUP(A62,'COUT GLOBAL'!A:L,9,FALSE)),"") -> Locatif | N62: =IF(ISBLANK(G62),"-",IF(L61<2012,"RT2005","RT2012")) -> - | X62: =IF('COUT TVX'!E59=0,"",'COUT TVX'!E59) | AE62: =IFERROR((AD62/AH62),"") | AG62: =IF('COUT TVX'!F59=0,"",'COUT TVX'!F59) | AH62: =IF('COUT TVX'!G59=0,"",'COUT TVX'!G59) | AI62: =IFERROR((AG62/AH62),"") | AJ62: ='COUT TVX'!K59 -> LOT 6 - ETANCHEITE-DALLAGE | AK62: ='COUT TVX'!L59 -> CHARPENTE / COUVERTURE | AL62: ='COUT TVX'!M59 -> 12202.27 | AS62: =IF(ISBLANK('COUT TVX'!Q59),"",'COUT TVX'!Q59) | AT62: =IFERROR((AM62/X62),"") | AU62: =IFERROR((AM62/AG62),"") | AV62: =IFERROR((AM62/AH62),"")
A63: ='COUT TVX'!A60 -> 9792 | B63: ='COUT TVX'!B60 -> ALLONNES LA BUJERIE | E63: =IF(ISBLANK('COUT TVX'!I60),"",'COUT TVX'!I60) -> 4 | F63: ='COUT TVX'!R60 -> Z2 | H63: ='COUT TVX'!C60 -> 2009 | I63: ='COUT TVX'!D60 -> 2010 | J63: =IF('COUT TVX'!H60="IND","IND",IF('COUT TVX'!H60="COLL","COLL",IF('COUT TVX'!H60="INT","COL","MIXTE"))) -> MIXTE | K63: =IFERROR((VLOOKUP(A63,'COUT GLOBAL'!A:L,9,FALSE)),"") -> Locatif | N63: =IF(ISBLANK(G63),"-",IF(L62<2012,"RT2005","RT2012")) -> - | X63: =IF('COUT TVX'!E60=0,"",'COUT TVX'!E60) | AE63: =IFERROR((AD63/AH63),"") | AG63: =IF('COUT TVX'!F60=0,"",'COUT TVX'!F60) | AH63: =IF('COUT TVX'!G60=0,"",'COUT TVX'!G60) | AI63: =IFERROR((AG63/AH63),"") | AJ63: ='COUT TVX'!K60 -> LOT 7 - MENUISERIES EXT. PVC | AK63: ='COUT TVX'!L60 -> SECOND ŒUVRE | AL63: ='COUT TVX'!M60 -> 31123.52 | AS63: =IF(ISBLANK('COUT TVX'!Q60),"",'COUT TVX'!Q60) | AT63: =IFERROR((AM63/X63),"") | AU63: =IFERROR((AM63/AG63),"") | AV63: =IFERROR((AM63/AH63),"")
A64: ='COUT TVX'!A61 -> 9792 | B64: ='COUT TVX'!B61 -> ALLONNES LA BUJERIE | E64: =IF(ISBLANK('COUT TVX'!I61),"",'COUT TVX'!I61) -> 4 | F64: ='COUT TVX'!R61 -> Z2 | H64: ='COUT TVX'!C61 -> 2009 | I64: ='COUT TVX'!D61 -> 2010 | J64: =IF('COUT TVX'!H61="IND","IND",IF('COUT TVX'!H61="COLL","COLL",IF('COUT TVX'!H61="INT","COL","MIXTE"))) -> MIXTE | K64: =IFERROR((VLOOKUP(A64,'COUT GLOBAL'!A:L,9,FALSE)),"") -> Locatif | N64: =IF(ISBLANK(G64),"-",IF(L63<2012,"RT2005","RT2012")) -> - | X64: =IF('COUT TVX'!E61=0,"",'COUT TVX'!E61) | AE64: =IFERROR((AD64/AH64),"") | AG64: =IF('COUT TVX'!F61=0,"",'COUT TVX'!F61) | AH64: =IF('COUT TVX'!G61=0,"",'COUT TVX'!G61) | AI64: =IFERROR((AG64/AH64),"") | AJ64: ='COUT TVX'!K61 -> LOT 8 - MEN. EXT. METALLIQUES | AK64: ='COUT TVX'!L61 -> SECOND ŒUVRE | AL64: ='COUT TVX'!M61 -> 44718.88 | AS64: =IF(ISBLANK('COUT TVX'!Q61),"",'COUT TVX'!Q61) | AT64: =IFERROR((AM64/X64),"") | AU64: =IFERROR((AM64/AG64),"") | AV64: =IFERROR((AM64/AH64),"")
A65: ='COUT TVX'!A62 -> 9792 | B65: ='COUT TVX'!B62 -> ALLONNES LA BUJERIE | E65: =IF(ISBLANK('COUT TVX'!I62),"",'COUT TVX'!I62) -> 4 | F65: ='COUT TVX'!R62 -> Z2 | H65: ='COUT TVX'!C62 -> 2009 | I65: ='COUT TVX'!D62 -> 2010 | J65: =IF('COUT TVX'!H62="IND","IND",IF('COUT TVX'!H62="COLL","COLL",IF('COUT TVX'!H62="INT","COL","MIXTE"))) -> MIXTE | K65: =IFERROR((VLOOKUP(A65,'COUT GLOBAL'!A:L,9,FALSE)),"") -> Locatif | N65: =IF(ISBLANK(G65),"-",IF(L64<2012,"RT2005","RT2012")) -> - | X65: =IF('COUT TVX'!E62=0,"",'COUT TVX'!E62) | AE65: =IFERROR((AD65/AH65),"") | AG65: =IF('COUT TVX'!F62=0,"",'COUT TVX'!F62) | AH65: =IF('COUT TVX'!G62=0,"",'COUT TVX'!G62) | AI65: =IFERROR((AG65/AH65),"") | AJ65: ='COUT TVX'!K62 -> LOT 9 - MEN. INT. BOIS | AK65: ='COUT TVX'!L62 -> SECOND ŒUVRE | AL65: ='COUT TVX'!M62 -> 41015.09 | AS65: =IF(ISBLANK('COUT TVX'!Q62),"",'COUT TVX'!Q62) | AT65: =IFERROR((AM65/X65),"") | AU65: =IFERROR((AM65/AG65),"") | AV65: =IFERROR((AM65/AH65),"")
A66: ='COUT TVX'!A63 -> 9792 | B66: ='COUT TVX'!B63 -> ALLONNES LA BUJERIE | E66: =IF(ISBLANK('COUT TVX'!I63),"",'COUT TVX'!I63) -> 4 | F66: ='COUT TVX'!R63 -> Z2 | H66: ='COUT TVX'!C63 -> 2009 | I66: ='COUT TVX'!D63 -> 2010 | J66: =IF('COUT TVX'!H63="IND","IND",IF('COUT TVX'!H63="COLL","COLL",IF('COUT TVX'!H63="INT","COL","MIXTE"))) -> MIXTE | K66: =IFERROR((VLOOKUP(A66,'COUT GLOBAL'!A:L,9,FALSE)),"") -> Locatif | N66: =IF(ISBLANK(G66),"-",IF(L65<2012,"RT2005","RT2012")) -> - | X66: =IF('COUT TVX'!E63=0,"",'COUT TVX'!E63) | AE66: =IFERROR((AD66/AH66),"") | AG66: =IF('COUT TVX'!F63=0,"",'COUT TVX'!F63) | AH66: =IF('COUT TVX'!G63=0,"",'COUT TVX'!G63) | AI66: =IFERROR((AG66/AH66),"") | AJ66: ='COUT TVX'!K63 -> LOT 10 - PLATRERIE SECHE | AK66: ='COUT TVX'!L63 -> SECOND ŒUVRE | AL66: ='COUT TVX'!M63 -> 100249.4 | AS66: =IF(ISBLANK('COUT TVX'!Q63),"",'COUT TVX'!Q63) | AT66: =IFERROR((AM66/X66),"") | AU66: =IFERROR((AM66/AG66),"") | AV66: =IFERROR((AM66/AH66),"")
A67: ='COUT TVX'!A64 -> 9792 | B67: ='COUT TVX'!B64 -> ALLONNES LA BUJERIE | E67: =IF(ISBLANK('COUT TVX'!I64),"",'COUT TVX'!I64) -> 4 | F67: ='COUT TVX'!R64 -> Z2 | H67: ='COUT TVX'!C64 -> 2009 | I67: ='COUT TVX'!D64 -> 2010 | J67: =IF('COUT TVX'!H64="IND","IND",IF('COUT TVX'!H64="COLL","COLL",IF('COUT TVX'!H64="INT","COL","MIXTE"))) -> MIXTE | K67: =IFERROR((VLOOKUP(A67,'COUT GLOBAL'!A:L,9,FALSE)),"") -> Locatif | N67: =IF(ISBLANK(G67),"-",IF(L66<2012,"RT2005","RT2012")) -> - | X67: =IF('COUT TVX'!E64=0,"",'COUT TVX'!E64) | AE67: =IFERROR((AD67/AH67),"") | AG67: =IF('COUT TVX'!F64=0,"",'COUT TVX'!F64) | AH67: =IF('COUT TVX'!G64=0,"",'COUT TVX'!G64) | AI67: =IFERROR((AG67/AH67),"") | AJ67: ='COUT TVX'!K64 -> LOT 11 - CARRELAGE, FAIENCE | AK67: ='COUT TVX'!L64 -> SECOND ŒUVRE | AL67: ='COUT TVX'!M64 -> 49593.78 | AS67: =IF(ISBLANK('COUT TVX'!Q64),"",'COUT TVX'!Q64) | AT67: =IFERROR((AM67/X67),"") | AU67: =IFERROR((AM67/AG67),"") | AV67: =IFERROR((AM67/AH67),"")
A68: ='COUT TVX'!A65 -> 9792 | B68: ='COUT TVX'!B65 -> ALLONNES LA BUJERIE | E68: =IF(ISBLANK('COUT TVX'!I65),"",'COUT TVX'!I65) -> 4 | F68: ='COUT TVX'!R65 -> Z2 | H68: ='COUT TVX'!C65 -> 2009 | I68: ='COUT TVX'!D65 -> 2010 | J68: =IF('COUT TVX'!H65="IND","IND",IF('COUT TVX'!H65="COLL","COLL",IF('COUT TVX'!H65="INT","COL","MIXTE"))) -> MIXTE | K68: =IFERROR((VLOOKUP(A68,'COUT GLOBAL'!A:L,9,FALSE)),"") -> Locatif | N68: =IF(ISBLANK(G68),"-",IF(L67<2012,"RT2005","RT2012")) -> - | X68: =IF('COUT TVX'!E65=0,"",'COUT TVX'!E65) | AE68: =IFERROR((AD68/AH68),"") | AG68: =IF('COUT TVX'!F65=0,"",'COUT TVX'!F65) | AH68: =IF('COUT TVX'!G65=0,"",'COUT TVX'!G65) | AI68: =IFERROR((AG68/AH68),"") | AJ68: ='COUT TVX'!K65 -> LOT 12 - SOLS SOUPLES | AK68: ='COUT TVX'!L65 -> SECOND ŒUVRE | AL68: ='COUT TVX'!M65 -> 14320.03 | AS68: =IF(ISBLANK('COUT TVX'!Q65),"",'COUT TVX'!Q65) | AT68: =IFERROR((AM68/X68),"") | AU68: =IFERROR((AM68/AG68),"") | AV68: =IFERROR((AM68/AH68),"")
A69: ='COUT TVX'!A66 -> 9792 | B69: ='COUT TVX'!B66 -> ALLONNES LA BUJERIE | E69: =IF(ISBLANK('COUT TVX'!I66),"",'COUT TVX'!I66) -> 4 | F69: ='COUT TVX'!R66 -> Z2 | H69: ='COUT TVX'!C66 -> 2009 | I69: ='COUT TVX'!D66 -> 2010 | J69: =IF('COUT TVX'!H66="IND","IND",IF('COUT TVX'!H66="COLL","COLL",IF('COUT TVX'!H66="INT","COL","MIXTE"))) -> MIXTE | K69: =IFERROR((VLOOKUP(A69,'COUT GLOBAL'!A:L,9,FALSE)),"") -> Locatif | N69: =IF(ISBLANK(G69),"-",IF(L68<2012,"RT2005","RT2012")) -> - | X69: =IF('COUT TVX'!E66=0,"",'COUT TVX'!E66) | AE69: =IFERROR((AD69/AH69),"") | AG69: =IF('COUT TVX'!F66=0,"",'COUT TVX'!F66) | AH69: =IF('COUT TVX'!G66=0,"",'COUT TVX'!G66) | AI69: =IFERROR((AG69/AH69),"") | AJ69: ='COUT TVX'!K66 -> LOT 13 - PEINTURES, REVT MURAL | AK69: ='COUT TVX'!L66 -> SECOND ŒUVRE | AL69: ='COUT TVX'!M66 -> 55279.69 | AS69: =IF(ISBLANK('COUT TVX'!Q66),"",'COUT TVX'!Q66) | AT69: =IFERROR((AM69/X69),"") | AU69: =IFERROR((AM69/AG69),"") | AV69: =IFERROR((AM69/AH69),"")
... A73: ='COUT TVX'!A70 -> 9792 | B73: ='COUT TVX'!B70 -> ALLONNES LA BUJERIE | E73: =IF(ISBLANK('COUT TVX'!I70),"",'COUT TVX'!I70) -> 4 | F73: ='COUT TVX'!R70 -> Z2 | H73: ='COUT TVX'!C70 -> 2009 | I73: ='COUT TVX'!D70 -> 2010 | J73: =IF('COUT TVX'!H70="IND","IND",IF('COUT TVX'!H70="COLL","COLL",IF('COUT TVX'!H70="INT","COL","MIXTE"))) -> MIXTE | K73: =IFERROR((VLOOKUP(A73,'COUT GLOBAL'!A:L,9,FALSE)),"") -> Locatif | N73: =IF(ISBLANK(G73),"-",IF(L72<2012,"RT2005","RT2012")) -> - | X73: =IF('COUT TVX'!E70=0,"",'COUT TVX'!E70) | AE73: =IFERROR((AD73/AH73),"") | AG73: =IF('COUT TVX'!F70=0,"",'COUT TVX'!F70) | AH73: =IF('COUT TVX'!G70=0,"",'COUT TVX'!G70) | AI73: =IFERROR((AG73/AH73),"") | AJ73: ='COUT TVX'!K70 -> LOT 17 - CLOTURES, EV | AK73: ='COUT TVX'!L70 -> ESPACES VERTS | AL73: ='COUT TVX'!M70 -> 14722.55 | AS73: =IF(ISBLANK('COUT TVX'!Q70),"",'COUT TVX'!Q70) | AT73: =IFERROR((AM73/X73),"") | AU73: =IFERROR((AM73/AG73),"") | AV73: =IFERROR((AM73/AH73),"")
A74: ='COUT TVX'!A71 -> 802 | B74: ='COUT TVX'!B71 -> BAZOUGES SUR LE LOIR RUE DU RU | D74: BAZOUGES SUR LE LOIR | E74: =IF(ISBLANK('COUT TVX'!I71),"",'COUT TVX'!I71) -> 6 | F74: ='COUT TVX'!R71 -> Z3 | H74: ='COUT TVX'!C71 -> 2009 | I74: ='COUT TVX'!D71 -> 2011 | J74: =IF('COUT TVX'!H71="IND","IND",IF('COUT TVX'!H71="COLL","COLL",IF('COUT TVX'!H71="INT","COL","MIXTE"))) -> IND | K74: =IFERROR((VLOOKUP(A74,'COUT GLOBAL'!A:L,9,FALSE)),"") -> Locatif | N74: =IF(ISBLANK(G74),"-",IF(L73<2012,"RT2005","RT2012")) -> - | X74: =IF('COUT TVX'!E71=0,"",'COUT TVX'!E71) -> 8 | AE74: =IFERROR((AD74/AH74),"") -> 0 | AG74: =IF('COUT TVX'!F71=0,"",'COUT TVX'!F71) -> 601.2 | AH74: =IF('COUT TVX'!G71=0,"",'COUT TVX'!G71) -> 626.93 | AI74: =IFERROR((AG74/AH74),"") -> 0.95895874 | AJ74: ='COUT TVX'!K71 -> LOT 1 - GROS OEUVRE | AK74: ='COUT TVX'!L71 -> GROS ŒUVRE | AL74: ='COUT TVX'!M71 -> 199013.18 | AS74: =IF(ISBLANK('COUT TVX'!Q71),"",'COUT TVX'!Q71) -> 0.055 | AT74: =IFERROR((AM74/X74),"") -> 0 | AU74: =IFERROR((AM74/AG74),"") -> 0 | AV74: =IFERROR((AM74/AH74),"") -> 0
A75: ='COUT TVX'!A72 -> 802 | B75: ='COUT TVX'!B72 -> BAZOUGES SUR LE LOIR RUE DU RU | E75: =IF(ISBLANK('COUT TVX'!I72),"",'COUT TVX'!I72) -> 6 | F75: ='COUT TVX'!R72 -> Z3 | H75: ='COUT TVX'!C72 -> 2009 | I75: ='COUT TVX'!D72 -> 2011 | J75: =IF('COUT TVX'!H72="IND","IND",IF('COUT TVX'!H72="COLL","COLL",IF('COUT TVX'!H72="INT","COL","MIXTE"))) -> IND | K75: =IFERROR((VLOOKUP(A75,'COUT GLOBAL'!A:L,9,FALSE)),"") -> Locatif | N75: =IF(ISBLANK(G75),"-",IF(L74<2012,"RT2005","RT2012")) -> - | X75: =IF('COUT TVX'!E72=0,"",'COUT TVX'!E72) | AE75: =IFERROR((AD75/AH75),"") | AG75: =IF('COUT TVX'!F72=0,"",'COUT TVX'!F72) | AH75: =IF('COUT TVX'!G72=0,"",'COUT TVX'!G72) | AI75: =IFERROR((AG75/AH75),"") | AJ75: ='COUT TVX'!K72 -> LOT 2 - ENDUITS GRATTES | AK75: ='COUT TVX'!L72 -> GROS ŒUVRE | AL75: ='COUT TVX'!M72 -> 17136 | AS75: =IF(ISBLANK('COUT TVX'!Q72),"",'COUT TVX'!Q72) | AT75: =IFERROR((AM75/X75),"") | AU75: =IFERROR((AM75/AG75),"") | AV75: =IFERROR((AM75/AH75),"")
A76: ='COUT TVX'!A73 -> 802 | B76: ='COUT TVX'!B73 -> BAZOUGES SUR LE LOIR RUE DU RU | E76: =IF(ISBLANK('COUT TVX'!I73),"",'COUT TVX'!I73) -> 6 | F76: ='COUT TVX'!R73 -> Z3 | H76: ='COUT TVX'!C73 -> 2009 | I76: ='COUT TVX'!D73 -> 2011 | J76: =IF('COUT TVX'!H73="IND","IND",IF('COUT TVX'!H73="COLL","COLL",IF('COUT TVX'!H73="INT","COL","MIXTE"))) -> IND | K76: =IFERROR((VLOOKUP(A76,'COUT GLOBAL'!A:L,9,FALSE)),"") -> Locatif | N76: =IF(ISBLANK(G76),"-",IF(L75<2012,"RT2005","RT2012")) -> - | X76: =IF('COUT TVX'!E73=0,"",'COUT TVX'!E73) | AE76: =IFERROR((AD76/AH76),"") | AG76: =IF('COUT TVX'!F73=0,"",'COUT TVX'!F73) | AH76: =IF('COUT TVX'!G73=0,"",'COUT TVX'!G73) | AI76: =IFERROR((AG76/AH76),"") | AJ76: ='COUT TVX'!K73 -> LOT 3 - CHARPENTE BOIS | AK76: ='COUT TVX'!L73 -> CHARPENTE / COUVERTURE | AL76: ='COUT TVX'!M73 -> 30690.7 | AS76: =IF(ISBLANK('COUT TVX'!Q73),"",'COUT TVX'!Q73) | AT76: =IFERROR((AM76/X76),"") | AU76: =IFERROR((AM76/AG76),"") | AV76: =IFERROR((AM76/AH76),"")
A77: ='COUT TVX'!A74 -> 802 | B77: ='COUT TVX'!B74 -> BAZOUGES SUR LE LOIR RUE DU RU | E77: =IF(ISBLANK('COUT TVX'!I74),"",'COUT TVX'!I74) -> 6 | F77: ='COUT TVX'!R74 -> Z3 | H77: ='COUT TVX'!C74 -> 2009 | I77: ='COUT TVX'!D74 -> 2011 | J77: =IF('COUT TVX'!H74="IND","IND",IF('COUT TVX'!H74="COLL","COLL",IF('COUT TVX'!H74="INT","COL","MIXTE"))) -> IND | K77: =IFERROR((VLOOKUP(A77,'COUT GLOBAL'!A:L,9,FALSE)),"") -> Locatif | N77: =IF(ISBLANK(G77),"-",IF(L76<2012,"RT2005","RT2012")) -> - | X77: =IF('COUT TVX'!E74=0,"",'COUT TVX'!E74) | AE77: =IFERROR((AD77/AH77),"") | AG77: =IF('COUT TVX'!F74=0,"",'COUT TVX'!F74) | AH77: =IF('COUT TVX'!G74=0,"",'COUT TVX'!G74) | AI77: =IFERROR((AG77/AH77),"") | AJ77: ='COUT TVX'!K74 -> LOT 4 - COUVERTURE ARDOISES | AK77: ='COUT TVX'!L74 -> CHARPENTE / COUVERTURE | AL77: ='COUT TVX'!M74 -> 73578.44 | AS77: =IF(ISBLANK('COUT TVX'!Q74),"",'COUT TVX'!Q74) | AT77: =IFERROR((AM77/X77),"") | AU77: =IFERROR((AM77/AG77),"") | AV77: =IFERROR((AM77/AH77),"")
A78: ='COUT TVX'!A75 -> 802 | B78: ='COUT TVX'!B75 -> BAZOUGES SUR LE LOIR RUE DU RU | E78: =IF(ISBLANK('COUT TVX'!I75),"",'COUT TVX'!I75) -> 6 | F78: ='COUT TVX'!R75 -> Z3 | H78: ='COUT TVX'!C75 -> 2009 | I78: ='COUT TVX'!D75 -> 2011 | J78: =IF('COUT TVX'!H75="IND","IND",IF('COUT TVX'!H75="COLL","COLL",IF('COUT TVX'!H75="INT","COL","MIXTE"))) -> IND | K78: =IFERROR((VLOOKUP(A78,'COUT GLOBAL'!A:L,9,FALSE)),"") -> Locatif | N78: =IF(ISBLANK(G78),"-",IF(L77<2012,"RT2005","RT2012")) -> - | X78: =IF('COUT TVX'!E75=0,"",'COUT TVX'!E75) | AE78: =IFERROR((AD78/AH78),"") | AG78: =IF('COUT TVX'!F75=0,"",'COUT TVX'!F75) | AH78: =IF('COUT TVX'!G75=0,"",'COUT TVX'!G75) | AI78: =IFERROR((AG78/AH78),"") | AJ78: ='COUT TVX'!K75 -> LOT 5 - MENUIS.EXT.PVC | AK78: ='COUT TVX'!L75 -> SECOND ŒUVRE | AL78: ='COUT TVX'!M75 -> 23069 | AS78: =IF(ISBLANK('COUT TVX'!Q75),"",'COUT TVX'!Q75) | AT78: =IFERROR((AM78/X78),"") | AU78: =IFERROR((AM78/AG78),"") | AV78: =IFERROR((AM78/AH78),"")
A79: ='COUT TVX'!A76 -> 802 | B79: ='COUT TVX'!B76 -> BAZOUGES SUR LE LOIR RUE DU RU | E79: =IF(ISBLANK('COUT TVX'!I76),"",'COUT TVX'!I76) -> 6 | F79: ='COUT TVX'!R76 -> Z3 | H79: ='COUT TVX'!C76 -> 2009 | I79: ='COUT TVX'!D76 -> 2011 | J79: =IF('COUT TVX'!H76="IND","IND",IF('COUT TVX'!H76="COLL","COLL",IF('COUT TVX'!H76="INT","COL","MIXTE"))) -> IND | K79: =IFERROR((VLOOKUP(A79,'COUT GLOBAL'!A:L,9,FALSE)),"") -> Locatif | N79: =IF(ISBLANK(G79),"-",IF(L78<2012,"RT2005","RT2012")) -> - | X79: =IF('COUT TVX'!E76=0,"",'COUT TVX'!E76) | AE79: =IFERROR((AD79/AH79),"") | AG79: =IF('COUT TVX'!F76=0,"",'COUT TVX'!F76) | AH79: =IF('COUT TVX'!G76=0,"",'COUT TVX'!G76) | AI79: =IFERROR((AG79/AH79),"") | AJ79: ='COUT TVX'!K76 -> LOT 6 - MENUIS.BOIS ET METALL. | AK79: ='COUT TVX'!L76 -> SECOND ŒUVRE | AL79: ='COUT TVX'!M76 -> 28200 | AS79: =IF(ISBLANK('COUT TVX'!Q76),"",'COUT TVX'!Q76) | AT79: =IFERROR((AM79/X79),"") | AU79: =IFERROR((AM79/AG79),"") | AV79: =IFERROR((AM79/AH79),"")
A80: ='COUT TVX'!A77 -> 802 | B80: ='COUT TVX'!B77 -> BAZOUGES SUR LE LOIR RUE DU RU | E80: =IF(ISBLANK('COUT TVX'!I77),"",'COUT TVX'!I77) -> 6 | F80: ='COUT TVX'!R77 -> Z3 | H80: ='COUT TVX'!C77 -> 2009 | I80: ='COUT TVX'!D77 -> 2011 | J80: =IF('COUT TVX'!H77="IND","IND",IF('COUT TVX'!H77="COLL","COLL",IF('COUT TVX'!H77="INT","COL","MIXTE"))) -> IND | K80: =IFERROR((VLOOKUP(A80,'COUT GLOBAL'!A:L,9,FALSE)),"") -> Locatif | N80: =IF(ISBLANK(G80),"-",IF(L79<2012,"RT2005","RT2012")) -> - | X80: =IF('COUT TVX'!E77=0,"",'COUT TVX'!E77) | AE80: =IFERROR((AD80/AH80),"") | AG80: =IF('COUT TVX'!F77=0,"",'COUT TVX'!F77) | AH80: =IF('COUT TVX'!G77=0,"",'COUT TVX'!G77) | AI80: =IFERROR((AG80/AH80),"") | AJ80: ='COUT TVX'!K77 -> LOT N° 7 - PLATRERIE | AK80: ='COUT TVX'!L77 -> SECOND ŒUVRE | AL80: ='COUT TVX'!M77 -> 65311.54 | AS80: =IF(ISBLANK('COUT TVX'!Q77),"",'COUT TVX'!Q77) | AT80: =IFERROR((AM80/X80),"") | AU80: =IFERROR((AM80/AG80),"") | AV80: =IFERROR((AM80/AH80),"")
A81: ='COUT TVX'!A78 -> 802 | B81: ='COUT TVX'!B78 -> BAZOUGES SUR LE LOIR RUE DU RU | E81: =IF(ISBLANK('COUT TVX'!I78),"",'COUT TVX'!I78) -> 6 | F81: ='COUT TVX'!R78 -> Z3 | H81: ='COUT TVX'!C78 -> 2009 | I81: ='COUT TVX'!D78 -> 2011 | J81: =IF('COUT TVX'!H78="IND","IND",IF('COUT TVX'!H78="COLL","COLL",IF('COUT TVX'!H78="INT","COL","MIXTE"))) -> IND | K81: =IFERROR((VLOOKUP(A81,'COUT GLOBAL'!A:L,9,FALSE)),"") -> Locatif | N81: =IF(ISBLANK(G81),"-",IF(L80<2012,"RT2005","RT2012")) -> - | X81: =IF('COUT TVX'!E78=0,"",'COUT TVX'!E78) | AE81: =IFERROR((AD81/AH81),"") | AG81: =IF('COUT TVX'!F78=0,"",'COUT TVX'!F78) | AH81: =IF('COUT TVX'!G78=0,"",'COUT TVX'!G78) | AI81: =IFERROR((AG81/AH81),"") | AJ81: ='COUT TVX'!K78 -> LOT 8 - CARRELAGE-FAIENCE | AK81: ='COUT TVX'!L78 -> SECOND ŒUVRE | AL81: ='COUT TVX'!M78 -> 28140 | AS81: =IF(ISBLANK('COUT TVX'!Q78),"",'COUT TVX'!Q78) | AT81: =IFERROR((AM81/X81),"") | AU81: =IFERROR((AM81/AG81),"") | AV81: =IFERROR((AM81/AH81),"")
A82: ='COUT TVX'!A79 -> 802 | B82: ='COUT TVX'!B79 -> BAZOUGES SUR LE LOIR RUE DU RU | E82: =IF(ISBLANK('COUT TVX'!I79),"",'COUT TVX'!I79) -> 6 | F82: ='COUT TVX'!R79 -> Z3 | H82: ='COUT TVX'!C79 -> 2009 | I82: ='COUT TVX'!D79 -> 2011 | J82: =IF('COUT TVX'!H79="IND","IND",IF('COUT TVX'!H79="COLL","COLL",IF('COUT TVX'!H79="INT","COL","MIXTE"))) -> IND | K82: =IFERROR((VLOOKUP(A82,'COUT GLOBAL'!A:L,9,FALSE)),"") -> Locatif | N82: =IF(ISBLANK(G82),"-",IF(L81<2012,"RT2005","RT2012")) -> - | X82: =IF('COUT TVX'!E79=0,"",'COUT TVX'!E79) | AE82: =IFERROR((AD82/AH82),"") | AG82: =IF('COUT TVX'!F79=0,"",'COUT TVX'!F79) | AH82: =IF('COUT TVX'!G79=0,"",'COUT TVX'!G79) | AI82: =IFERROR((AG82/AH82),"") | AJ82: ='COUT TVX'!K79 -> LOT 9 - PEINTURE-REVT SOLS | AK82: ='COUT TVX'!L79 -> SECOND ŒUVRE | AL82: ='COUT TVX'!M79 -> 33713.07 | AS82: =IF(ISBLANK('COUT TVX'!Q79),"",'COUT TVX'!Q79) | AT82: =IFERROR((AM82/X82),"") | AU82: =IFERROR((AM82/AG82),"") | AV82: =IFERROR((AM82/AH82),"")
A83: ='COUT TVX'!A80 -> 802 | B83: ='COUT TVX'!B80 -> BAZOUGES SUR LE LOIR RUE DU RU | E83: =IF(ISBLANK('COUT TVX'!I80),"",'COUT TVX'!I80) -> 6 | F83: ='COUT TVX'!R80 -> Z3 | H83: ='COUT TVX'!C80 -> 2009 | I83: ='COUT TVX'!D80 -> 2011 | J83: =IF('COUT TVX'!H80="IND","IND",IF('COUT TVX'!H80="COLL","COLL",IF('COUT TVX'!H80="INT","COL","MIXTE"))) -> IND | K83: =IFERROR((VLOOKUP(A83,'COUT GLOBAL'!A:L,9,FALSE)),"") -> Locatif | N83: =IF(ISBLANK(G83),"-",IF(L82<2012,"RT2005","RT2012")) -> - | X83: =IF('COUT TVX'!E80=0,"",'COUT TVX'!E80) | AE83: =IFERROR((AD83/AH83),"") | AG83: =IF('COUT TVX'!F80=0,"",'COUT TVX'!F80) | AH83: =IF('COUT TVX'!G80=0,"",'COUT TVX'!G80) | AI83: =IFERROR((AG83/AH83),"") | AJ83: ='COUT TVX'!K80 -> LOT 10 - CLOTURES-ESP. VERTS | AK83: ='COUT TVX'!L80 -> ESPACES VERTS | AL83: ='COUT TVX'!M80 -> 10979.45 | AS83: =IF(ISBLANK('COUT TVX'!Q80),"",'COUT TVX'!Q80) | AT83: =IFERROR((AM83/X83),"") | AU83: =IFERROR((AM83/AG83),"") | AV83: =IFERROR((AM83/AH83),"")
A84: ='COUT TVX'!A81 -> 802 | B84: ='COUT TVX'!B81 -> BAZOUGES SUR LE LOIR RUE DU RU | E84: =IF(ISBLANK('COUT TVX'!I81),"",'COUT TVX'!I81) -> 6 | F84: ='COUT TVX'!R81 -> Z3 | H84: ='COUT TVX'!C81 -> 2009 | I84: ='COUT TVX'!D81 -> 2011 | J84: =IF('COUT TVX'!H81="IND","IND",IF('COUT TVX'!H81="COLL","COLL",IF('COUT TVX'!H81="INT","COL","MIXTE"))) -> IND | K84: =IFERROR((VLOOKUP(A84,'COUT GLOBAL'!A:L,9,FALSE)),"") -> Locatif | N84: =IF(ISBLANK(G84),"-",IF(L83<2012,"RT2005","RT2012")) -> - | X84: =IF('COUT TVX'!E81=0,"",'COUT TVX'!E81) | AE84: =IFERROR((AD84/AH84),"") | AG84: =IF('COUT TVX'!F81=0,"",'COUT TVX'!F81) | AH84: =IF('COUT TVX'!G81=0,"",'COUT TVX'!G81) | AI84: =IFERROR((AG84/AH84),"") | AJ84: ='COUT TVX'!K81 -> LOT 11 - PLOMB-CH.EAU SOL.-VMC | AK84: ='COUT TVX'!L81 -> ELECTRICITE / CHAUFFAGE/PLOMBERIE/VMC | AL84: ='COUT TVX'!M81 -> 47615.99 | AS84: =IF(ISBLANK('COUT TVX'!Q81),"",'COUT TVX'!Q81) | AT84: =IFERROR((AM84/X84),"") | AU84: =IFERROR((AM84/AG84),"") | AV84: =IFERROR((AM84/AH84),"")
A85: ='COUT TVX'!A82 -> 802 | B85: ='COUT TVX'!B82 -> BAZOUGES SUR LE LOIR RUE DU RU | E85: =IF(ISBLANK('COUT TVX'!I82),"",'COUT TVX'!I82) -> 6 | F85: ='COUT TVX'!R82 -> Z3 | H85: ='COUT TVX'!C82 -> 2009 | I85: ='COUT TVX'!D82 -> 2011 | J85: =IF('COUT TVX'!H82="IND","IND",IF('COUT TVX'!H82="COLL","COLL",IF('COUT TVX'!H82="INT","COL","MIXTE"))) -> IND | K85: =IFERROR((VLOOKUP(A85,'COUT GLOBAL'!A:L,9,FALSE)),"") -> Locatif | N85: =IF(ISBLANK(G85),"-",IF(L84<2012,"RT2005","RT2012")) -> - | X85: =IF('COUT TVX'!E82=0,"",'COUT TVX'!E82) | AE85: =IFERROR((AD85/AH85),"") | AG85: =IF('COUT TVX'!F82=0,"",'COUT TVX'!F82) | AH85: =IF('COUT TVX'!G82=0,"",'COUT TVX'!G82) | AI85: =IFERROR((AG85/AH85),"") | AJ85: ='COUT TVX'!K82 -> LOT 12 - ELECTR-CHAUF.ELEC. | AK85: ='COUT TVX'!L82 -> ELECTRICITE / CHAUFFAGE/PLOMBERIE/VMC | AL85: ='COUT TVX'!M82 -> 51894.62 | AS85: =IF(ISBLANK('COUT TVX'!Q82),"",'COUT TVX'!Q82) | AT85: =IFERROR((AM85/X85),"") | AU85: =IFERROR((AM85/AG85),"") | AV85: =IFERROR((AM85/AH85),"")
A86: ='COUT TVX'!A83 -> 810 | B86: ='COUT TVX'!B83 -> MONTBIZOT LES HOTELLERIES | D86: MONBIZOT | E86: =IF(ISBLANK('COUT TVX'!I83),"",'COUT TVX'!I83) -> 2 | F86: ='COUT TVX'!R83 -> Z3 | H86: ='COUT TVX'!C83 -> 2010 | I86: ='COUT TVX'!D83 -> 2011 | J86: =IF('COUT TVX'!H83="IND","IND",IF('COUT TVX'!H83="COLL","COLL",IF('COUT TVX'!H83="INT","COL","MIXTE"))) -> IND | K86: =IFERROR((VLOOKUP(A86,'COUT GLOBAL'!A:L,9,FALSE)),"") -> Locatif | N86: =IF(ISBLANK(G86),"-",IF(L85<2012,"RT2005","RT2012")) -> - | X86: =IF('COUT TVX'!E83=0,"",'COUT TVX'!E83) -> 11 | AE86: =IFERROR((AD86/AH86),"") -> 0 | AG86: =IF('COUT TVX'!F83=0,"",'COUT TVX'!F83) -> 811.02 | AH86: =IF('COUT TVX'!G83=0,"",'COUT TVX'!G83) -> 855 | AI86: =IFERROR((AG86/AH86),"") -> 0.9485614 | AJ86: ='COUT TVX'!K83 -> LOT 1 - MACONNERIE-GO-ENDUITS | AK86: ='COUT TVX'!L83 -> GROS ŒUVRE | AL86: ='COUT TVX'!M83 -> 357159.21 | AS86: =IF(ISBLANK('COUT TVX'!Q83),"",'COUT TVX'!Q83) -> 0.055 | AT86: =IFERROR((AM86/X86),"") -> 0 | AU86: =IFERROR((AM86/AG86),"") -> 0 | AV86: =IFERROR((AM86/AH86),"") -> 0
A87: ='COUT TVX'!A84 -> 810 | B87: ='COUT TVX'!B84 -> MONTBIZOT LES HOTELLERIES | E87: =IF(ISBLANK('COUT TVX'!I84),"",'COUT TVX'!I84) -> 2 | F87: ='COUT TVX'!R84 -> Z3 | H87: ='COUT TVX'!C84 -> 2010 | I87: ='COUT TVX'!D84 -> 2011 | J87: =IF('COUT TVX'!H84="IND","IND",IF('COUT TVX'!H84="COLL","COLL",IF('COUT TVX'!H84="INT","COL","MIXTE"))) -> IND | K87: =IFERROR((VLOOKUP(A87,'COUT GLOBAL'!A:L,9,FALSE)),"") -> Locatif | N87: =IF(ISBLANK(G87),"-",IF(L86<2012,"RT2005","RT2012")) -> - | X87: =IF('COUT TVX'!E84=0,"",'COUT TVX'!E84) | AE87: =IFERROR((AD87/AH87),"") | AG87: =IF('COUT TVX'!F84=0,"",'COUT TVX'!F84) | AH87: =IF('COUT TVX'!G84=0,"",'COUT TVX'!G84) | AI87: =IFERROR((AG87/AH87),"") | AJ87: ='COUT TVX'!K84 -> LOT 2 - CARRELAGE-FAIENCE | AK87: ='COUT TVX'!L84 -> SECOND ŒUVRE | AL87: ='COUT TVX'!M84 -> 28784.83 | AS87: =IF(ISBLANK('COUT TVX'!Q84),"",'COUT TVX'!Q84) | AT87: =IFERROR((AM87/X87),"") | AU87: =IFERROR((AM87/AG87),"") | AV87: =IFERROR((AM87/AH87),"")
A88: ='COUT TVX'!A85 -> 810 | B88: ='COUT TVX'!B85 -> MONTBIZOT LES HOTELLERIES | E88: =IF(ISBLANK('COUT TVX'!I85),"",'COUT TVX'!I85) -> 2 | F88: ='COUT TVX'!R85 -> Z3 | H88: ='COUT TVX'!C85 -> 2010 | I88: ='COUT TVX'!D85 -> 2011 | J88: =IF('COUT TVX'!H85="IND","IND",IF('COUT TVX'!H85="COLL","COLL",IF('COUT TVX'!H85="INT","COL","MIXTE"))) -> IND | K88: =IFERROR((VLOOKUP(A88,'COUT GLOBAL'!A:L,9,FALSE)),"") -> Locatif | N88: =IF(ISBLANK(G88),"-",IF(L87<2012,"RT2005","RT2012")) -> - | X88: =IF('COUT TVX'!E85=0,"",'COUT TVX'!E85) | AE88: =IFERROR((AD88/AH88),"") | AG88: =IF('COUT TVX'!F85=0,"",'COUT TVX'!F85) | AH88: =IF('COUT TVX'!G85=0,"",'COUT TVX'!G85) | AI88: =IFERROR((AG88/AH88),"") | AJ88: ='COUT TVX'!K85 -> LOT 3 - CLOISONS-DOUBL-ISOL. | AK88: ='COUT TVX'!L85 -> SECOND ŒUVRE | AL88: ='COUT TVX'!M85 -> 90365.69 | AS88: =IF(ISBLANK('COUT TVX'!Q85),"",'COUT TVX'!Q85) | AT88: =IFERROR((AM88/X88),"") | AU88: =IFERROR((AM88/AG88),"") | AV88: =IFERROR((AM88/AH88),"")
A89: ='COUT TVX'!A86 -> 810 | B89: ='COUT TVX'!B86 -> MONTBIZOT LES HOTELLERIES | E89: =IF(ISBLANK('COUT TVX'!I86),"",'COUT TVX'!I86) -> 2 | F89: ='COUT TVX'!R86 -> Z3 | H89: ='COUT TVX'!C86 -> 2010 | I89: ='COUT TVX'!D86 -> 2011 | J89: =IF('COUT TVX'!H86="IND","IND",IF('COUT TVX'!H86="COLL","COLL",IF('COUT TVX'!H86="INT","COL","MIXTE"))) -> IND | K89: =IFERROR((VLOOKUP(A89,'COUT GLOBAL'!A:L,9,FALSE)),"") -> Locatif | N89: =IF(ISBLANK(G89),"-",IF(L88<2012,"RT2005","RT2012")) -> - | X89: =IF('COUT TVX'!E86=0,"",'COUT TVX'!E86) | AE89: =IFERROR((AD89/AH89),"") | AG89: =IF('COUT TVX'!F86=0,"",'COUT TVX'!F86) | AH89: =IF('COUT TVX'!G86=0,"",'COUT TVX'!G86) | AI89: =IFERROR((AG89/AH89),"") | AJ89: ='COUT TVX'!K86 -> LOT N° 4 - CHARPENTE | AK89: ='COUT TVX'!L86 -> CHARPENTE / COUVERTURE | AL89: ='COUT TVX'!M86 -> 58737.3 | AS89: =IF(ISBLANK('COUT TVX'!Q86),"",'COUT TVX'!Q86) | AT89: =IFERROR((AM89/X89),"") | AU89: =IFERROR((AM89/AG89),"") | AV89: =IFERROR((AM89/AH89),"")
A90: ='COUT TVX'!A87 -> 810 | B90: ='COUT TVX'!B87 -> MONTBIZOT LES HOTELLERIES | E90: =IF(ISBLANK('COUT TVX'!I87),"",'COUT TVX'!I87) -> 2 | F90: ='COUT TVX'!R87 -> Z3 | H90: ='COUT TVX'!C87 -> 2010 | I90: ='COUT TVX'!D87 -> 2011 | J90: =IF('COUT TVX'!H87="IND","IND",IF('COUT TVX'!H87="COLL","COLL",IF('COUT TVX'!H87="INT","COL","MIXTE"))) -> IND | K90: =IFERROR((VLOOKUP(A90,'COUT GLOBAL'!A:L,9,FALSE)),"") -> Locatif | N90: =IF(ISBLANK(G90),"-",IF(L89<2012,"RT2005","RT2012")) -> - | X90: =IF('COUT TVX'!E87=0,"",'COUT TVX'!E87) | AE90: =IFERROR((AD90/AH90),"") | AG90: =IF('COUT TVX'!F87=0,"",'COUT TVX'!F87) | AH90: =IF('COUT TVX'!G87=0,"",'COUT TVX'!G87) | AI90: =IFERROR((AG90/AH90),"") | AJ90: ='COUT TVX'!K87 -> LOT N° 5 - COUV-ETANCH-ZING. | AK90: ='COUT TVX'!L87 -> CHARPENTE / COUVERTURE | AL90: ='COUT TVX'!M87 -> 85606.63 | AS90: =IF(ISBLANK('COUT TVX'!Q87),"",'COUT TVX'!Q87) | AT90: =IFERROR((AM90/X90),"") | AU90: =IFERROR((AM90/AG90),"") | AV90: =IFERROR((AM90/AH90),"")
A91: ='COUT TVX'!A88 -> 810 | B91: ='COUT TVX'!B88 -> MONTBIZOT LES HOTELLERIES | E91: =IF(ISBLANK('COUT TVX'!I88),"",'COUT TVX'!I88) -> 2 | F91: ='COUT TVX'!R88 -> Z3 | H91: ='COUT TVX'!C88 -> 2010 | I91: ='COUT TVX'!D88 -> 2011 | J91: =IF('COUT TVX'!H88="IND","IND",IF('COUT TVX'!H88="COLL","COLL",IF('COUT TVX'!H88="INT","COL","MIXTE"))) -> IND | K91: =IFERROR((VLOOKUP(A91,'COUT GLOBAL'!A:L,9,FALSE)),"") -> Locatif | N91: =IF(ISBLANK(G91),"-",IF(L90<2012,"RT2005","RT2012")) -> - | X91: =IF('COUT TVX'!E88=0,"",'COUT TVX'!E88) | AE91: =IFERROR((AD91/AH91),"") | AG91: =IF('COUT TVX'!F88=0,"",'COUT TVX'!F88) | AH91: =IF('COUT TVX'!G88=0,"",'COUT TVX'!G88) | AI91: =IFERROR((AG91/AH91),"") | AJ91: ='COUT TVX'!K88 -> LOT N° 6 - MEN.EXT.PVC-SERRUR. | AK91: ='COUT TVX'!L88 -> SECOND ŒUVRE | AL91: ='COUT TVX'!M88 -> 48624.91 | AS91: =IF(ISBLANK('COUT TVX'!Q88),"",'COUT TVX'!Q88) | AT91: =IFERROR((AM91/X91),"") | AU91: =IFERROR((AM91/AG91),"") | AV91: =IFERROR((AM91/AH91),"")
A92: ='COUT TVX'!A89 -> 810 | B92: ='COUT TVX'!B89 -> MONTBIZOT LES HOTELLERIES | E92: =IF(ISBLANK('COUT TVX'!I89),"",'COUT TVX'!I89) -> 2 | F92: ='COUT TVX'!R89 -> Z3 | H92: ='COUT TVX'!C89 -> 2010 | I92: ='COUT TVX'!D89 -> 2011 | J92: =IF('COUT TVX'!H89="IND","IND",IF('COUT TVX'!H89="COLL","COLL",IF('COUT TVX'!H89="INT","COL","MIXTE"))) -> IND | K92: =IFERROR((VLOOKUP(A92,'COUT GLOBAL'!A:L,9,FALSE)),"") -> Locatif | N92: =IF(ISBLANK(G92),"-",IF(L91<2012,"RT2005","RT2012")) -> - | X92: =IF('COUT TVX'!E89=0,"",'COUT TVX'!E89) | AE92: =IFERROR((AD92/AH92),"") | AG92: =IF('COUT TVX'!F89=0,"",'COUT TVX'!F89) | AH92: =IF('COUT TVX'!G89=0,"",'COUT TVX'!G89) | AI92: =IFERROR((AG92/AH92),"") | AJ92: ='COUT TVX'!K89 -> LOT N° 7 - MENUISERIES BOIS | AK92: ='COUT TVX'!L89 -> SECOND ŒUVRE | AL92: ='COUT TVX'!M89 -> 36224.36 | AS92: =IF(ISBLANK('COUT TVX'!Q89),"",'COUT TVX'!Q89) | AT92: =IFERROR((AM92/X92),"") | AU92: =IFERROR((AM92/AG92),"") | AV92: =IFERROR((AM92/AH92),"")
A93: ='COUT TVX'!A90 -> 810 | B93: ='COUT TVX'!B90 -> MONTBIZOT LES HOTELLERIES | E93: =IF(ISBLANK('COUT TVX'!I90),"",'COUT TVX'!I90) -> 2 | F93: ='COUT TVX'!R90 -> Z3 | H93: ='COUT TVX'!C90 -> 2010 | I93: ='COUT TVX'!D90 -> 2011 | J93: =IF('COUT TVX'!H90="IND","IND",IF('COUT TVX'!H90="COLL","COLL",IF('COUT TVX'!H90="INT","COL","MIXTE"))) -> IND | K93: =IFERROR((VLOOKUP(A93,'COUT GLOBAL'!A:L,9,FALSE)),"") -> Locatif | N93: =IF(ISBLANK(G93),"-",IF(L92<2012,"RT2005","RT2012")) -> - | X93: =IF('COUT TVX'!E90=0,"",'COUT TVX'!E90) | AE93: =IFERROR((AD93/AH93),"") | AG93: =IF('COUT TVX'!F90=0,"",'COUT TVX'!F90) | AH93: =IF('COUT TVX'!G90=0,"",'COUT TVX'!G90) | AI93: =IFERROR((AG93/AH93),"") | AJ93: ='COUT TVX'!K90 -> LOT N° 8-PLOMBERIE-SANITAIRES | AK93: ='COUT TVX'!L90 -> ELECTRICITE / CHAUFFAGE/PLOMBERIE/VMC | AL93: ='COUT TVX'!M90 -> 28632.67 | AS93: =IF(ISBLANK('COUT TVX'!Q90),"",'COUT TVX'!Q90) | AT93: =IFERROR((AM93/X93),"") | AU93: =IFERROR((AM93/AG93),"") | AV93: =IFERROR((AM93/AH93),"")
A94: ='COUT TVX'!A91 -> 810 | B94: ='COUT TVX'!B91 -> MONTBIZOT LES HOTELLERIES | E94: =IF(ISBLANK('COUT TVX'!I91),"",'COUT TVX'!I91) -> 2 | F94: ='COUT TVX'!R91 -> Z3 | H94: ='COUT TVX'!C91 -> 2010 | I94: ='COUT TVX'!D91 -> 2011 | J94: =IF('COUT TVX'!H91="IND","IND",IF('COUT TVX'!H91="COLL","COLL",IF('COUT TVX'!H91="INT","COL","MIXTE"))) -> IND | K94: =IFERROR((VLOOKUP(A94,'COUT GLOBAL'!A:L,9,FALSE)),"") -> Locatif | N94: =IF(ISBLANK(G94),"-",IF(L93<2012,"RT2005","RT2012")) -> - | X94: =IF('COUT TVX'!E91=0,"",'COUT TVX'!E91) | AE94: =IFERROR((AD94/AH94),"") | AG94: =IF('COUT TVX'!F91=0,"",'COUT TVX'!F91) | AH94: =IF('COUT TVX'!G91=0,"",'COUT TVX'!G91) | AI94: =IFERROR((AG94/AH94),"") | AJ94: ='COUT TVX'!K91 -> LOT N° 9 - CHAUFFAGE GAZ-VMC | AK94: ='COUT TVX'!L91 -> ELECTRICITE / CHAUFFAGE/PLOMBERIE/VMC | AL94: ='COUT TVX'!M91 -> 77082.46 | AS94: =IF(ISBLANK('COUT TVX'!Q91),"",'COUT TVX'!Q91) | AT94: =IFERROR((AM94/X94),"") | AU94: =IFERROR((AM94/AG94),"") | AV94: =IFERROR((AM94/AH94),"")
A95: ='COUT TVX'!A92 -> 810 | B95: ='COUT TVX'!B92 -> MONTBIZOT LES HOTELLERIES | E95: =IF(ISBLANK('COUT TVX'!I92),"",'COUT TVX'!I92) -> 2 | F95: ='COUT TVX'!R92 -> Z3 | H95: ='COUT TVX'!C92 -> 2010 | I95: ='COUT TVX'!D92 -> 2011 | J95: =IF('COUT TVX'!H92="IND","IND",IF('COUT TVX'!H92="COLL","COLL",IF('COUT TVX'!H92="INT","COL","MIXTE"))) -> IND | K95: =IFERROR((VLOOKUP(A95,'COUT GLOBAL'!A:L,9,FALSE)),"") -> Locatif | N95: =IF(ISBLANK(G95),"-",IF(L94<2012,"RT2005","RT2012")) -> - | X95: =IF('COUT TVX'!E92=0,"",'COUT TVX'!E92) | AE95: =IFERROR((AD95/AH95),"") | AG95: =IF('COUT TVX'!F92=0,"",'COUT TVX'!F92) | AH95: =IF('COUT TVX'!G92=0,"",'COUT TVX'!G92) | AI95: =IFERROR((AG95/AH95),"") | AJ95: ='COUT TVX'!K92 -> LOT N° 10 - ELECTRICITE | AK95: ='COUT TVX'!L92 -> ELECTRICITE / CHAUFFAGE/PLOMBERIE/VMC | AL95: ='COUT TVX'!M92 -> 55611.83 | AS95: =IF(ISBLANK('COUT TVX'!Q92),"",'COUT TVX'!Q92) | AT95: =IFERROR((AM95/X95),"") | AU95: =IFERROR((AM95/AG95),"") | AV95: =IFERROR((AM95/AH95),"")
A96: ='COUT TVX'!A93 -> 810 | B96: ='COUT TVX'!B93 -> MONTBIZOT LES HOTELLERIES | E96: =IF(ISBLANK('COUT TVX'!I93),"",'COUT TVX'!I93) -> 2 | F96: ='COUT TVX'!R93 -> Z3 | H96: ='COUT TVX'!C93 -> 2010 | I96: ='COUT TVX'!D93 -> 2011 | J96: =IF('COUT TVX'!H93="IND","IND",IF('COUT TVX'!H93="COLL","COLL",IF('COUT TVX'!H93="INT","COL","MIXTE"))) -> IND | K96: =IFERROR((VLOOKUP(A96,'COUT GLOBAL'!A:L,9,FALSE)),"") -> Locatif | N96: =IF(ISBLANK(G96),"-",IF(L95<2012,"RT2005","RT2012")) -> - | X96: =IF('COUT TVX'!E93=0,"",'COUT TVX'!E93) | AE96: =IFERROR((AD96/AH96),"") | AG96: =IF('COUT TVX'!F93=0,"",'COUT TVX'!F93) | AH96: =IF('COUT TVX'!G93=0,"",'COUT TVX'!G93) | AI96: =IFERROR((AG96/AH96),"") | AJ96: ='COUT TVX'!K93 -> LOT N° 11 - PEINT-P.PEINT-SOLS | AK96: ='COUT TVX'!L93 -> SECOND ŒUVRE | AL96: ='COUT TVX'!M93 -> 49611.17 | AS96: =IF(ISBLANK('COUT TVX'!Q93),"",'COUT TVX'!Q93) | AT96: =IFERROR((AM96/X96),"") | AU96: =IFERROR((AM96/AG96),"") | AV96: =IFERROR((AM96/AH96),"")
A97: ='COUT TVX'!A94 -> 812 | B97: ='COUT TVX'!B94 -> LA FRESNAYE SUR CHEDOUET RESID | D97: LA FRESNAYE SUR CHEDOUET | E97: =IF(ISBLANK('COUT TVX'!I94),"",'COUT TVX'!I94) -> 2 | F97: ='COUT TVX'!R94 -> Z3 | H97: ='COUT TVX'!C94 -> 2010 | I97: ='COUT TVX'!D94 -> 2011 | J97: =IF('COUT TVX'!H94="IND","IND",IF('COUT TVX'!H94="COLL","COLL",IF('COUT TVX'!H94="INT","COL","MIXTE"))) -> IND | K97: =IFERROR((VLOOKUP(A97,'COUT GLOBAL'!A:L,9,FALSE)),"") -> Locatif | N97: =IF(ISBLANK(G97),"-",IF(L96<2012,"RT2005","RT2012")) -> - | X97: =IF('COUT TVX'!E94=0,"",'COUT TVX'!E94) -> 4 | AE97: =IFERROR((AD97/AH97),"") -> 0 | AG97: =IF('COUT TVX'!F94=0,"",'COUT TVX'!F94) -> 296.4 | AH97: =IF('COUT TVX'!G94=0,"",'COUT TVX'!G94) -> 323.88 | AI97: =IFERROR((AG97/AH97),"") -> 0.91515376 | AJ97: ='COUT TVX'!K94 -> LOT N°1 : TERRASSEMENT - | AK97: ='COUT TVX'!L94 -> GROS ŒUVRE | AL97: ='COUT TVX'!M94 -> 149079.53 | AS97: =IF(ISBLANK('COUT TVX'!Q94),"",'COUT TVX'!Q94) -> 0.055 | AT97: =IFERROR((AM97/X97),"") -> 0 | AU97: =IFERROR((AM97/AG97),"") -> 0 | AV97: =IFERROR((AM97/AH97),"") -> 0
A98: ='COUT TVX'!A95 -> 812 | B98: ='COUT TVX'!B95 -> LA FRESNAYE SUR CHEDOUET RESID | E98: =IF(ISBLANK('COUT TVX'!I95),"",'COUT TVX'!I95) -> 2 | F98: ='COUT TVX'!R95 -> Z3 | H98: ='COUT TVX'!C95 -> 2010 | I98: ='COUT TVX'!D95 -> 2011 | J98: =IF('COUT TVX'!H95="IND","IND",IF('COUT TVX'!H95="COLL","COLL",IF('COUT TVX'!H95="INT","COL","MIXTE"))) -> IND | K98: =IFERROR((VLOOKUP(A98,'COUT GLOBAL'!A:L,9,FALSE)),"") -> Locatif | N98: =IF(ISBLANK(G98),"-",IF(L97<2012,"RT2005","RT2012")) -> - | X98: =IF('COUT TVX'!E95=0,"",'COUT TVX'!E95) | AE98: =IFERROR((AD98/AH98),"") | AG98: =IF('COUT TVX'!F95=0,"",'COUT TVX'!F95) | AH98: =IF('COUT TVX'!G95=0,"",'COUT TVX'!G95) | AI98: =IFERROR((AG98/AH98),"") | AJ98: ='COUT TVX'!K95 -> LOT N° 2 : CHARPENTES BOIS | AK98: ='COUT TVX'!L95 -> CHARPENTE / COUVERTURE | AL98: ='COUT TVX'!M95 -> 52285.51 | AS98: =IF(ISBLANK('COUT TVX'!Q95),"",'COUT TVX'!Q95) | AT98: =IFERROR((AM98/X98),"") | AU98: =IFERROR((AM98/AG98),"") | AV98: =IFERROR((AM98/AH98),"")
A99: ='COUT TVX'!A96 -> 812 | B99: ='COUT TVX'!B96 -> LA FRESNAYE SUR CHEDOUET RESID | E99: =IF(ISBLANK('COUT TVX'!I96),"",'COUT TVX'!I96) -> 2 | F99: ='COUT TVX'!R96 -> Z3 | H99: ='COUT TVX'!C96 -> 2010 | I99: ='COUT TVX'!D96 -> 2011 | J99: =IF('COUT TVX'!H96="IND","IND",IF('COUT TVX'!H96="COLL","COLL",IF('COUT TVX'!H96="INT","COL","MIXTE"))) -> IND | K99: =IFERROR((VLOOKUP(A99,'COUT GLOBAL'!A:L,9,FALSE)),"") -> Locatif | N99: =IF(ISBLANK(G99),"-",IF(L98<2012,"RT2005","RT2012")) -> - | X99: =IF('COUT TVX'!E96=0,"",'COUT TVX'!E96) | AE99: =IFERROR((AD99/AH99),"") | AG99: =IF('COUT TVX'!F96=0,"",'COUT TVX'!F96) | AH99: =IF('COUT TVX'!G96=0,"",'COUT TVX'!G96) | AI99: =IFERROR((AG99/AH99),"") | AJ99: ='COUT TVX'!K96 -> LOT N°3 : MENUISERIES EXT PVC | AK99: ='COUT TVX'!L96 -> SECOND ŒUVRE | AL99: ='COUT TVX'!M96 -> 15995.98 | AS99: =IF(ISBLANK('COUT TVX'!Q96),"",'COUT TVX'!Q96) | AT99: =IFERROR((AM99/X99),"") | AU99: =IFERROR((AM99/AG99),"") | AV99: =IFERROR((AM99/AH99),"")
A100: ='COUT TVX'!A97 -> 812 | B100: ='COUT TVX'!B97 -> LA FRESNAYE SUR CHEDOUET RESID | E100: =IF(ISBLANK('COUT TVX'!I97),"",'COUT TVX'!I97) -> 2 | F100: ='COUT TVX'!R97 -> Z3 | H100: ='COUT TVX'!C97 -> 2010 | I100: ='COUT TVX'!D97 -> 2011 | J100: =IF('COUT TVX'!H97="IND","IND",IF('COUT TVX'!H97="COLL","COLL",IF('COUT TVX'!H97="INT","COL","MIXTE"))) -> IND | K100: =IFERROR((VLOOKUP(A100,'COUT GLOBAL'!A:L,9,FALSE)),"") -> Locatif | N100: =IF(ISBLANK(G100),"-",IF(L99<2012,"RT2005","RT2012")) -> - | X100: =IF('COUT TVX'!E97=0,"",'COUT TVX'!E97) | AE100: =IFERROR((AD100/AH100),"") | AG100: =IF('COUT TVX'!F97=0,"",'COUT TVX'!F97) | AH100: =IF('COUT TVX'!G97=0,"",'COUT TVX'!G97) | AI100: =IFERROR((AG100/AH100),"") | AJ100: ='COUT TVX'!K97 -> LOT N°4 : MEN. INTERIEURE BOIS | AK100: ='COUT TVX'!L97 -> SECOND ŒUVRE | AL100: ='COUT TVX'!M97 -> 7280.71 | AS100: =IF(ISBLANK('COUT TVX'!Q97),"",'COUT TVX'!Q97) | AT100: =IFERROR((AM100/X100),"") | AU100: =IFERROR((AM100/AG100),"") | AV100: =IFERROR((AM100/AH100),"")
A101: ='COUT TVX'!A98 -> 812 | B101: ='COUT TVX'!B98 -> LA FRESNAYE SUR CHEDOUET RESID | E101: =IF(ISBLANK('COUT TVX'!I98),"",'COUT TVX'!I98) -> 2 | F101: ='COUT TVX'!R98 -> Z3 | H101: ='COUT TVX'!C98 -> 2010 | I101: ='COUT TVX'!D98 -> 2011 | J101: =IF('COUT TVX'!H98="IND","IND",IF('COUT TVX'!H98="COLL","COLL",IF('COUT TVX'!H98="INT","COL","MIXTE"))) -> IND | K101: =IFERROR((VLOOKUP(A101,'COUT GLOBAL'!A:L,9,FALSE)),"") -> Locatif | N101: =IF(ISBLANK(G101),"-",IF(L100<2012,"RT2005","RT2012")) -> - | X101: =IF('COUT TVX'!E98=0,"",'COUT TVX'!E98) | AE101: =IFERROR((AD101/AH101),"") | AG101: =IF('COUT TVX'!F98=0,"",'COUT TVX'!F98) | AH101: =IF('COUT TVX'!G98=0,"",'COUT TVX'!G98) | AI101: =IFERROR((AG101/AH101),"") | AJ101: ='COUT TVX'!K98 -> LOT N°5:CLOISON ISOLATION | AK101: ='COUT TVX'!L98 -> SECOND ŒUVRE | AL101: ='COUT TVX'!M98 -> 25514.47 | AS101: =IF(ISBLANK('COUT TVX'!Q98),"",'COUT TVX'!Q98) | AT101: =IFERROR((AM101/X101),"") | AU101: =IFERROR((AM101/AG101),"") | AV101: =IFERROR((AM101/AH101),"")
A102: ='COUT TVX'!A99 -> 812 | B102: ='COUT TVX'!B99 -> LA FRESNAYE SUR CHEDOUET RESID | E102: =IF(ISBLANK('COUT TVX'!I99),"",'COUT TVX'!I99) -> 2 | F102: ='COUT TVX'!R99 -> Z3 | H102: ='COUT TVX'!C99 -> 2010 | I102: ='COUT TVX'!D99 -> 2011 | J102: =IF('COUT TVX'!H99="IND","IND",IF('COUT TVX'!H99="COLL","COLL",IF('COUT TVX'!H99="INT","COL","MIXTE"))) -> IND | K102: =IFERROR((VLOOKUP(A102,'COUT GLOBAL'!A:L,9,FALSE)),"") -> Locatif | N102: =IF(ISBLANK(G102),"-",IF(L101<2012,"RT2005","RT2012")) -> - | X102: =IF('COUT TVX'!E99=0,"",'COUT TVX'!E99) | AE102: =IFERROR((AD102/AH102),"") | AG102: =IF('COUT TVX'!F99=0,"",'COUT TVX'!F99) | AH102: =IF('COUT TVX'!G99=0,"",'COUT TVX'!G99) | AI102: =IFERROR((AG102/AH102),"") | AJ102: ='COUT TVX'!K99 -> LOT N°6: ELEC-CHAUFF. VMC | AK102: ='COUT TVX'!L99 -> ELECTRICITE / CHAUFFAGE/PLOMBERIE/VMC | AL102: ='COUT TVX'!M99 -> 19306.33 | AS102: =IF(ISBLANK('COUT TVX'!Q99),"",'COUT TVX'!Q99) | AT102: =IFERROR((AM102/X102),"") | AU102: =IFERROR((AM102/AG102),"") | AV102: =IFERROR((AM102/AH102),"")
A103: ='COUT TVX'!A100 -> 812 | B103: ='COUT TVX'!B100 -> LA FRESNAYE SUR CHEDOUET RESID | E103: =IF(ISBLANK('COUT TVX'!I100),"",'COUT TVX'!I100) -> 2 | F103: ='COUT TVX'!R100 -> Z3 | H103: ='COUT TVX'!C100 -> 2010 | I103: ='COUT TVX'!D100 -> 2011 | J103: =IF('COUT TVX'!H100="IND","IND",IF('COUT TVX'!H100="COLL","COLL",IF('COUT TVX'!H100="INT","COL","MIXTE"))) -> IND | K103: =IFERROR((VLOOKUP(A103,'COUT GLOBAL'!A:L,9,FALSE)),"") -> Locatif | N103: =IF(ISBLANK(G103),"-",IF(L102<2012,"RT2005","RT2012")) -> - | X103: =IF('COUT TVX'!E100=0,"",'COUT TVX'!E100) | AE103: =IFERROR((AD103/AH103),"") | AG103: =IF('COUT TVX'!F100=0,"",'COUT TVX'!F100) | AH103: =IF('COUT TVX'!G100=0,"",'COUT TVX'!G100) | AI103: =IFERROR((AG103/AH103),"") | AJ103: ='COUT TVX'!K100 -> LOT N°7 : PLOMBERIE-SANITAIRES | AK103: ='COUT TVX'!L100 -> ELECTRICITE / CHAUFFAGE/PLOMBERIE/VMC | AL103: ='COUT TVX'!M100 -> 9436.47 | AS103: =IF(ISBLANK('COUT TVX'!Q100),"",'COUT TVX'!Q100) | AT103: =IFERROR((AM103/X103),"") | AU103: =IFERROR((AM103/AG103),"") | AV103: =IFERROR((AM103/AH103),"")
...

Sheet TCD
A1: Étiquettes de lignes | B1: Nombre de Libéllé du programme
A2: 768 | B2: 14
A3: CHAMPAGNE RUE DES MARAICHERS | B3: 14
A4: 774 | B4: 17
A5: SAINT GEORGES DU BOIS | B5: 17
A6: 799 | B6: 12
A7: SAVIGNE L EVEQUE | B7: 12
A8: 800 | B8: 1
A9: SAINT GERVAIS EN BELIN | B9: 1
A10: 802 | B10: 12
A11: BAZOUGES SUR LE LOIR RUE DU RU | B11: 12
A12: 803 | B12: 11
A13: NOYEN SUR SARTHE LES JARDINS D | B13: 11
A14: 804 | B14: 10
A15: LHOMME LOT.L'AIGUILLE | B15: 10
A16: 808 | B16: 13
A17: MAYET | B17: 13
A18: 810 | B18: 11
A19: MONTBIZOT LES HOTELLERIES | B19: 11
A20: 812 | B20: 10
A21: LA FRESNAYE SUR CHEDOUET RESID | B21: 10
A22: 814 | B22: 16
A23: SAINT GEORGES DU BOIS ALLEE DE | B23: 16
A24: 819 | B24: 12
A25: CONNERRE COUR LYAUTEY | B25: 12
A26: 828 | B26: 16
A27: SARGE LES LE MANS RUE PUITS LA | B27: 16
A28: 829 | B28: 14
A29: SARGE LES LE MANS CONST 14 LOGTS | B29: 14
A30: 830 | B30: 12
A31: LA CHAPELLE SAINT AUBIN RUE DE | B31: 12
A32: 831 | B32: 12
A33: LA CHAPELLE SAINT AUBIN PLACE | B33: 12
A34: 832 | B34: 12
A35: LA CHAPELLE ST AUBIN | B35: 12
A36: 833 | B36: 12
A37: ROUILLON RUE DES VAUGEONNIERES | B37: 12
A38: 834 | B38: 12
A39: PREVAL ALLEE DU PRESBYTERE | B39: 12
A40: 835 | B40: 12
A41: PREVAL RUE DU PERCHE | B41: 12
A42: 836 | B42: 14
A43: LA FLECHE CONST 29 LOGTS | B43: 14
A44: 837 | B44: 13
A45: LA FLECHE | B45: 13
A46: 838 | B46: 16
A47: SAINT SATURNIN | B47: 16
A48: 839 | B48: 14
A49: SAINT PAVACE | B49: 14
A50: 841 | B50: 19
A51: SAINT MARS LA BRIERE ALLEE DES | B51: 19
A52: 844 | B52: 15
A53: ALLONNES 24 LOGTS (ANRU) | B53: 15
A54: 845 | B54: 15
A55: MULSANNE CONST 19 LOGTS | B55: 15
A56: 846 | B56: 12
A57: LA FERTE BERNARD 23 LOGTS | B57: 12
A58: 847 | B58: 14
A59: 0847-01 ARNAGE 6 LOGTS CONST | B59: 14
A60: 848 | B60: 17
A61: 0848-01 ARNAGE CONST. 4 LOGTS | B61: 17
A62: 849 | B62: 16
A63: ETIVAL LES LE MANS CONST. 9 LOGTS | B63: 16
A64: 850 | B64: 16
A65: ALLONNES CONST 22 LOGTS | B65: 16
A66: 851 | B66: 16
A67: ALLONNES ANRU CONST 16 LOGTS | B67: 16
A68: 856 | B68: 16
A69: MONTFORT LE GESNOIS | B69: 16
A70: 859 | B70: 13
A71: BALLON CONST 13 LOGTS | B71: 13
A72: 860 | B72: 17
A73: 0860-01 MONTFORT LE GESNOIS CONST 10 LOGTS | B73: 17
A74: 863 | B74: 19
A75: SAINT CORNEILLE-LE BOURG | B75: 19
A76: 865 | B76: 13
A77: NOGENT LE BERNARD CONST 8 LOGTS | B77: 13
A78: 866 | B78: 14
A79: FILLE SUR SARTHE CONST 9 LOGTS | B79: 14
A80: 869 | B80: 18
A81: 0869-01 LA FERTE BERNARD | B81: 18
A82: 874 | B82: 14
A83: LA CHAPELLE D ALIGNE CONST 10 LOGTS | B83: 14
A84: 875 | B84: 15
A85: 0875-01 SAINT MARS SOUS BALLON CONST 4 LOGTS | B85: 15
A86: 876 | B86: 12
A87: 0876-01 LE GRAND LUCE CONST 10 LOGTS | B87: 12
A88: 879 | B88: 13
A89: AUBIGNE RACAN CONST 8 LOGTS | B89: 13
A90: 883 | B90: 13
A91: VOIVRES LES LE MANS | B91: 13
A92: 885 | B92: 16
A93: BEAUMONT SUR SARTHE | B93: 16
A94: 886 | B94: 17
A95: SARGE LES LE MANS | B95: 17
A96: 889 | B96: 14
A97: 0889-01 YVRE L EVEQUE CONST 8 LOGTS | B97: 14
A98: 896 | B98: 13
A99: 0896-01 LA SUZE SUR SARTHE CONST 10 LOGTS | B99: 13
A100: 901 | B100: 15
...
